Workbook
Name DropTable1: Cities!$C$3:$C$343

Sheet Instructions
A1: =CONCATENATE("Version: ",'Complete This Page'!J1) -> Version: NPAC v2018.0
C2: Regional Income Tax Agency
C3: Net Profits
C4: Auto-Calculating Form 27
B6: Disclaimer
B7: This worksheet is intended as an aid for tax preparation. The form will be useful in many situations but it does not apply to all possible filing scenarios. Form restrictions are listed below. Please scroll down and review them.
B9: Under no circumstance does the use of this worksheet exempt the return from RITA audit processes nor does this form excuse any penalties and interest that may result from the underpayment of the actual taxes due.
B11: Who May Use This Form
B12: RITA Form 27 is used by corporations (including S corporations), estates, limited liability companies, partnerships, and trusts to report net profit (or loss) and to pay the tax due as a result of profits earned while conducting business in one or more RITA municipalities. Form restrictions are listed below. Please scroll down and review them.
A14: òContinueò | B14: Rounding Off to Whole Dollars
B15: When using the auto-calc all amounts must be rounded. To round, drop amounts under 50 cents and increase amounts 50 cents or greater to the next dollar.
B17: Restrictions
B18: Do not use this worksheet if any of the following apply as the auto-calc will produce incorrect results.
B19: ● | C19: The business is a disregarded entity filing for federal purposes on Schedule C or E (Form 1040).
A20: òContinueò | B20: ● | C20: The business is a regulated investment company.
B21: ● | C21: The business needs to allocate income to more than five RITA municipalities.
B22: ● | C22: The federal return reports income or loss from a like-kind exchange.
B23: ● | C23: The federal return reports income or loss from an installment sale.
B24: ● | C24: The federal return reports flow-through capital gains and/or losses from a partnership.
B25: ● | C25: The business is a partnership with more than five (5) partners.
A26: òContinueò | B26: ● | C26: The business is a non-C corporation that paid a single employee in excess of $1 million in compensation.
B27: ● | C27: The federal return reports a capital loss carryback.
B28: ● | C28: The business is claiming a municipal net operating loss generated more than five (5) tax years ago.
B29: ● | C29: The business is using an alternate method for allocating income.
B30: ● | C30: The business is a non-C corporation that could claim a deduction for charitable contributions and one or more of the following apply:
A31: òContinueò | C31: Ø The business claimed a IRC 249 deduction related to the cost of borrowing to repurchase bonds it issued.
C32: Ø If the business was a C corporation, it would have claimed a domestic production activities deduction.
B34: Do not use this worksheet if any of the following apply as the auto-calc may produce incorrect results.
B35: ● | C35: The business is filing a consolidated return. This worksheet was not designed to support consolidated returns.
A36: òContinueò | B36: ● | C36: The business is filing a return for a tax year beginning prior to January 1, 2004.
B37: ● | C37: The business is filing a return for a tax year beginning after December 31, 2018.
B38: ● | C38: The business is reporting a profit to a municipality whose rate changed during the business's tax year.
B39: ● | C39: The business is filing a short-year return.
B40: ● | C40: The business is a partnership that has made a section 754 election.
B42: How to Use This Form
B43: Preparers should enter information in the blue boxes on the "Complete This Page" tab and, if applicable, the "Form 8903" tab. When finished, print the "Print Return" worksheet, the "Print Schedules" worksheet, and if applicable, the "Form 8903" worksheet. Review the return for accuracy, have the taxpayer sign the return, and then mail the return, schedules, and a copy of the taxpayer's federal return to the address shown on page 4 of the Form 27. If payment is due, make the check or money order payable to RITA and include it with the return.
B45: The tab labeled "Form 8903" has been provided for taxpayers that are not C corporations that are claiming an domestic production activities deduction (DPAD) on Schedule X.
B47: Instructions for Form 27 and the answers to frequently asked questions regarding the net profits tax are available on-line at www.ritaohio.com.
B52: End of Instructions

Sheet Complete This Page
J1: NPAC v2018.0
B2: Company | G2: Federal EIN
B4: Street # | C4: Street Name | E4: Suite # | G4: Business Activity Code
B6: City | D6: State | E6: Zip | G6: Business Activity Description
B9: Business Type for Federal Filing Purposes | G9: Calendar | H9: Or Fiscal Tax Year
G10: Tax Year | H10: Beginning | J10: Ending
G11: 2018
G12: =IF(AND(G11="",H11=""),"You must enter a tax year.",IF((J11-H11)>372,"Fiscal year greater than 12 months.",""))
G13: =IF(G12="You must enter a tax year.","",IF(ISNA(F42),"Tax Year Not Supported",IF(OR(F42="Year not supported",F42="Needs Update",Cities!D1>2018),"Tax Year Not Supported","")))
B14: =Data!B20 -> No federal filing Business Type selected.
B15: Municipalities (You must choose at least one) | E15: Warnings: | I15: Credit Carryover
E16: =IF(Data!F262<>"",Data!F262,Data!E33) | L16: ='Tax Rate Calc'!$N7
E17: =IF(Data!F263<>"",Data!F263,Data!E34) | L17: ='Tax Rate Calc'!$N8
E18: =IF(Data!F264<>"",Data!F264,Data!E35) | I18: Estimated Tax Pymts | L18: ='Tax Rate Calc'!$N9
E19: =IF(Data!F265<>"",Data!F265,Data!E36) | L19: ='Tax Rate Calc'!$N10
E20: =IF(Data!F266<>"",Data!F266,Data!E37) | I20: =IF(Data!B22=TRUE,"Include pymts made with original return","") | L20: ='Tax Rate Calc'!$N11
B21: =IF(AND(Data!B49=TRUE,Data!A40=0),Data!E46,"")
B22: General Questions
B23: Please check the appropriate boxes and indicate the taxpayer's phone number:
G26: Taxpayer's Phone:
C29: Check this box if your federal return claimed a deduction for salaries and wages.
C31: Check this box if you are a small employer [total receipts, gains, intangible income, reimbursements, etc. < $500,000].
C32: =IF(Data!A47="","Skip this question.",Data!E45) -> Skip this question.
C34: Check if Paid Preparer | F34: Firm Name:
C35: (leave preparer info blank if not using a paid preparer) | F35: Address:
C36: Preparer's Phone Number:
B40: Municipal Income Tax Computation Worksheet
B41: Part I | C41: Information From Federal Return: All Taxpayers
B42: Income before net operating losses & special deductions | F42: =References!C258 -> No guidance available | H42: 1
B43: Interest income | F43: =References!C260 -> No guidance available | H43: =+H42+1 -> 2
B44: Dividend income | F44: =References!C261 -> No guidance available | H44: =+H43+1 -> 3
B45: Royalty income on intangible property | F45: =References!C262 -> No guidance available | H45: =+H44+1 -> 4
B46: Ordinary income/(losses) from pass-thru entities | F46: =References!C263 -> No guidance available | H46: =+H45+1 -> 5
B47: Taxes on or measured by net income | F47: =References!C270 -> No guidance available | H47: =+H46+1 -> 6
B48: Net short-term capital gain (loss) (attach Sched D) | F48: =References!C279 -> No guidance available | H48: =+H47+1 -> 7
B49: Net long-term capital gain (loss) (attach Sched D) | F49: =References!C280 -> No guidance available | H49: =+H48+1 -> 8
B50: Net section 1231 gain (loss) (attach Form 4797) | F50: =References!C281 -> No guidance available | H50: =+H49+1 -> 9
B51: =IF(AND(OR(I48<0,I49<0,I50<0),Data!F9=TRUE),"Caution: Only report the amount of Schedule D and Form 4797, Ln 7 losses that were included in calculating Form 1120, Pg 1, Ln 28.","")
B52: Part II | C52: Taxpayers Not Filing as C-Corporations | F52: =IF(AND(Data!F9=TRUE,Data!B17=1),"Skip:","") | G52: =IF(F52="Skip:","Taxpayer is filing as a C-Corporation","")
B53: Section 179 expense deduction (current year) | F53: =References!C282 -> No guidance available | H53: =+H50+1 -> 10
B54: =CONCATENATE("Carryover of disallowed section 179 deduction to ",IF(G11="",YEAR(H11)+1,G11+1)) -> Carryover of disallowed section 179 deduction to 2019 | F54: =References!C283 -> No guidance available | H54: =+H53+1 -> 11
B55: Charitable contributions | F55: =References!C284 -> No guidance available | H55: =+H54+1 -> 12
B56: Qualified self-employed retirement plan for owners | F56: =References!C285 -> No guidance available | H56: =+H55+1 -> 13
B57: Health insurance paid or accrued for owners | F57: =References!C286 -> No guidance available | H57: =+H56+1 -> 14
B58: Life insurance paid or accrued for owners | F58: =References!C287 -> No guidance available | H58: =+H57+1 -> 15
B59: Expensed pymts to partners not treated as guaranteed pymts | F59: Various | H59: =+H58+1 -> 16
B60: Depreciation allowed or allowable on §1250 property | F60: =References!C288 -> No guidance available | H60: =+H59+1 -> 17
B61: Total gain on §1250 property | F61: =References!C289 -> No guidance available | H61: =+H60+1 -> 18
B62: Enter the smaller of line 16 or 17 | H62: =+H61+1 -> 19 | I62: =IF(I60<I61,I60,I61) -> 0
B63: Gain on §1250 property treated as ordinary income | F63: =References!C291 -> No guidance available | H63: =+H62+1 -> 20
B64: Domestic Prodution Activities Deduction (attach 8903) | F64: Complete "Form 8903" Tab | H64: =+H63+1 -> 21 | I64: =IF(F52="Skip:","",IF('Form 8903'!G1<2011,'Form 8903 (pre 2011)'!H27,'Form 8903'!G33)) -> 0
B65: =IF(OR(I53<>"",I54<>"",I55<>"",I56<>"",I57<>"",I58<>"",I60<>"",I61<>"",I63<>""),IF(Data!F9=TRUE,CONCATENATE("Error: Lines ",H53," through ",H64," are not blank. These lines should be blank for C corporations."),""),"")
B66: Part III | C66: Information for Allocating Municipal Income | F66: =IF(Data!B49=TRUE,"Skip:","") | G66: =IF(F66="Skip:",CONCATENATE("100% of Income to ",Data!A47),"")
B67: Gross receipts from sales or services performed | F67: =References!C259 -> No guidance available | H67: =+H64+1 -> 22
B68: Compensation of officers | F68: =References!C264 -> No guidance available | H68: =+H67+1 -> 23
B69: Salaries and wages (less employment credits) | F69: =References!C265 -> No guidance available | H69: =+H68+1 -> 24
B70: Cost of labor included in cost of goods sold | F70: =References!C266 -> No guidance available | H70: =+H69+1 -> 25
B71: Other compensation paid to employees | F71: =References!C267 -> No guidance available | H71: =+H70+1 -> 26
B72: Rent expense on real property not included in COGS | F72: =References!C268 -> No guidance available | H72: =+H71+1 -> 27
B73: Rent expense on real property included in COGS | F73: =References!C269 -> No guidance available | H73: =+H72+1 -> 28
B74: Inventories (beginning) | F74: =References!C271 -> No guidance available | H74: =+H73+1 -> 29
B75: Inventories (ending) | F75: =References!C272 -> No guidance available | H75: =+H74+1 -> 30
B76: Buildings & other depreciable assets (beginning) | F76: =References!C273 -> No guidance available | H76: =+H75+1 -> 31
B77: Buildings & other depreciable assets (ending) | F77: =References!C274 -> No guidance available | H77: =+H76+1 -> 32
B78: Depletable assets (original cost-beginning) | F78: =References!C275 -> No guidance available | H78: =+H77+1 -> 33
B79: Depletable assets (original cost-ending) | F79: =References!C276 -> No guidance available | H79: =+H78+1 -> 34
B80: Land (original cost-beginning) | F80: =References!C277 -> No guidance available | H80: =+H79+1 -> 35
B81: Land (original cost-ending) | F81: =References!C278 -> No guidance available | H81: =+H80+1 -> 36
B83: Located In RITA Municipalities | D83: =IF(Data!$A$40<>0,Data!$A$40,"") | E83: =IF(Data!$A$41<>0,Data!$A$41,"") | F83: =IF(Data!$A$42<>0,Data!$A$42,"") | G83: =IF(Data!$A$43<>0,Data!$A$43,"") | H83: =IF(Data!$A$44<>0,Data!$A$44,"") | J83: Total
B84: Average original cost of real and tangible personal property | J84: =SUM(D84:I84) -> 0
B85: Annual rental or lease amount multiplied by 8 | J85: =SUM(D85:I85) -> 0
B86: Combine the two lines above | D86: =SUM(D84:D85) -> 0 | E86: =SUM(E84:E85) -> 0 | F86: =SUM(F84:F85) -> 0 | G86: =SUM(G84:G85) -> 0 | H86: =SUM(H84:I85) -> 0 | J86: =SUM(D86:I86) -> 0
B87: Wages, salaries, and other compensation paid to employees for services perform in the municipality | J87: =SUM(D87:I87) -> 0
B88: Gross receipts of the business or profession from sales made or service performed in the municipality | J88: =SUM(D88:I88) -> 0
B89: Computed Property Factor | D89: =IF('Print Return'!$L$197=0,"n/a",'Print Return'!$H$210) -> n/a | E89: =IF('Print Return'!$L$197=0,"n/a",'Print Return'!$H$211) -> n/a | F89: =IF('Print Return'!$L$197=0,"n/a",'Print Return'!$H$212) -> n/a | G89: =IF('Print Return'!$L$197=0,"n/a",'Print Return'!$H$213) -> n/a | H89: =IF('Print Return'!$L$197=0,"n/a",'Print Return'!$H$214) -> n/a | J89: =SUM(D89:I89) -> 0
B90: Computed Wage Factor | D90: =IF('Print Return'!$L$198=0,"n/a",'Print Return'!$J$210) -> n/a | E90: =IF('Print Return'!$L$198=0,"n/a",'Print Return'!$J$211) -> n/a | F90: =IF('Print Return'!$L$198=0,"n/a",'Print Return'!$J$212) -> n/a | G90: =IF('Print Return'!$L$198=0,"n/a",'Print Return'!$J$213) -> n/a | H90: =IF('Print Return'!$L$198=0,"n/a",'Print Return'!$J$214) -> n/a | J90: =SUM(D90:I90) -> 0
B91: Computed Receipts Factor | D91: =IF('Print Return'!$L$199=0,"n/a",'Print Return'!$M$210) -> n/a | E91: =IF('Print Return'!$L$199=0,"n/a",'Print Return'!$M$211) -> n/a | F91: =IF('Print Return'!$L$199=0,"n/a",'Print Return'!$M$212) -> n/a | G91: =IF('Print Return'!$L$199=0,"n/a",'Print Return'!$M$213) -> n/a | H91: =IF('Print Return'!$L$199=0,"n/a",'Print Return'!$M$214) -> n/a | J91: =SUM(D91:I91) -> 0
B92: Average Allocation Percentages | D92: =IF(Data!$B$54>0,ROUND(SUM('Complete This Page'!D89:D91)/Data!$B$54,6),"n/a") -> n/a | E92: =IF(Data!$B$54>0,ROUND(SUM('Complete This Page'!E89:E91)/Data!$B$54,6),"n/a") -> n/a | F92: =IF(Data!$B$54>0,ROUND(SUM('Complete This Page'!F89:F91)/Data!$B$54,6),"n/a") -> n/a | G92: =IF(Data!$B$54>0,ROUND(SUM('Complete This Page'!G89:G91)/Data!$B$54,6),"n/a") -> n/a | H92: =IF(Data!$B$54>0,ROUND(SUM('Complete This Page'!H89:H91)/Data!$B$54,6),"n/a") -> n/a | J92: =SUM(D92:I92) -> 0
B93: =+Data!E252
B94: POST APPORTIONED LOSSES FOR TYs BEGINNING PRIOR TO 1/1/17
B95: Municipal net operating loss carryovers are calculated based on your adjusted federal taxable income (municipal taxable income), and must be tracked by municipality. A net operating loss generated in one year in one municipality may not be used to reduce the taxable income of a different municipality in a subsequent year. | J95: Utilize NOL incurred prior to 1/1/17 first
B96: =CONCATENATE(Data!$H262,Data!$H263,Data!$H264,Data!$H265,Data!$H266,IF(Data!F44="","",CONCATENATE("Cities that prohibit NOL's prior to 1/1/17: ",Data!F44,". ")),IF(Data!G44="","",CONCATENATE("NOL's restricted to 3 yrs prior to 1/1/17: ",Data!G44,". ")),IF(Data!H44="","",CONCATENATE("NOL's restricted to 1 yr prior to 1/1/17: ",Data!H44,".")))
B97: Municipal | D97: Year Unused Municipal NOL Generated | J97: Utilized on this return
B98: Net Operating Loss Carryovers | D98: =IF(AND(G11="",J11=""),"",IF($G$11<>"",$G$11-5,YEAR($J$11)-6)) -> 2013 | E98: =IF(AND(G11="",J11=""),"",IF($G$11<>"",$G$11-4,YEAR($J$11)-5)) -> 2014 | F98: =IF(AND(G11="",J11=""),"",IF($G$11<>"",$G$11-3,YEAR($J$11)-4)) -> 2015 | G98: =IF(AND(G11="",J11=""),"",IF($G$11<>"",$G$11-2,YEAR($J$11)-3)) -> 2016 | H98: =IF(AND(G11="",J11=""),"",IF($G$11<>"",$G$11-1,YEAR($J$11)-2)) -> 2017
B99: =IF(Data!$A$40<>0,Data!$A$40,"") | L99: =IF(Data!D$33=FALSE,SUM(IF(D98>=2017,D99,0),IF(E98>=2017,E99,0),IF(F98>=2017,F99,0),IF(G98>=2017,G99,0),IF(H98>=2017,H99,0)),0) -> 0 | M99: =IF(Data!C33=0,0,IF(Data!C33=3,SUM(IF(F98<2017,F99,0),IF(G98<2017,G99,0),IF(H98<2017,H99,0)),IF(Data!C33=1,IF(H98<2017,H99,0),SUM(IF(D98<2017,D99,0),IF(E98<2017,E99,0),IF(F98<2017,F99,0),IF(G98<2017,G99,0),IF(H98<2017,H99,0))))) - J99 -> 0
B100: =IF(Data!A$41<>0,Data!A$41,"") | L100: =IF(Data!D$34=FALSE,SUM(IF(D98>=2017,D100,0),IF(E98>=2017,E100,0),IF(F98>=2017,F100,0),IF(G98>=2017,G100,0),IF(H98>=2017,H100,0)),0) -> 0 | M100: =IF(Data!C34=0,0,IF(Data!C34=3,SUM(IF(F98<2017,F100,0),IF(G98<2017,G100,0),IF(H98<2017,H100,0)),IF(Data!C34=1,IF(H98<2017,H100,0),SUM(IF(D98<2017,D100,0),IF(E98<2017,E100,0),IF(F98<2017,F100,0),IF(G98<2017,G100,0),IF(H98<2017,H100,0))))) - J100 -> 0
B101: =IF(Data!A$42<>0,Data!A$42,"") | L101: =IF(Data!D$35=FALSE,SUM(IF(D98>=2017,D101,0),IF(E98>=2017,E101,0),IF(F98>=2017,F101,0),IF(G98>=2017,G101,0),IF(H98>=2017,H101,0)),0) -> 0 | M101: =IF(Data!C35=0,0,IF(Data!C35=3,SUM(IF(F98<2017,F101,0),IF(G98<2017,G101,0),IF(H98<2017,H101,0)),IF(Data!C35=1,IF(H98<2017,H101,0),SUM(IF(D98<2017,D101,0),IF(E98<2017,E101,0),IF(F98<2017,F101,0),IF(G98<2017,G101,0),IF(H98<2017,H101,0))))) - J101 -> 0
B102: =IF(Data!A$43<>0,Data!A$43,"") | L102: =IF(Data!D$36=FALSE,SUM(IF(D98>=2017,D102,0),IF(E98>=2017,E102,0),IF(F98>=2017,F102,0),IF(G98>=2017,G102,0),IF(H98>=2017,H102,0)),0) -> 0 | M102: =IF(Data!C36=0,0,IF(Data!C36=3,SUM(IF(F98<2017,F102,0),IF(G98<2017,G102,0),IF(H98<2017,H102,0)),IF(Data!C36=1,IF(H98<2017,H102,0),SUM(IF(D98<2017,D102,0),IF(E98<2017,E102,0),IF(F98<2017,F102,0),IF(G98<2017,G102,0),IF(H98<2017,H102,0))))) - J102 -> 0
B103: =IF(Data!A$44<>0,Data!A$44,"") | L103: =IF(Data!D$37=FALSE,SUM(IF(D98>=2017,D103,0),IF(E98>=2017,E103,0),IF(F98>=2017,F103,0),IF(G98>=2017,G103,0),IF(H98>=2017,H103,0)),0) -> 0 | M103: =IF(Data!C37=0,0,IF(Data!C37=3,SUM(IF(F98<2017,F102,0),IF(G98<2017,G103,0),IF(H98<2017,H103,0)),IF(Data!C37=1,IF(H98<2017,H103,0),SUM(IF(D98<2017,D103,0),IF(E98<2017,E103,0),IF(F98<2017,F103,0),IF(G98<2017,G103,0),IF(H98<2017,H103,0))))) - J103 -> 0
B104: =IF(OR(M99<0, M100<0, M101<0, M102<0, M103<0)=TRUE,"NOL utilized on this return exceeds unused NOL for some municipalities; ","")
B105: =IF(OR(D99<0,D100<0,D101<0,D102<0,D103<0,E99<0,E100<0,E101<0,E102<0,E103<0,F99<0,F100<0,F101<0,F102<0,F103<0,G99<0,G100<0,G101<0,G102<0,G103<0,H99<0,H100<0,H101<0,H102<0,H103<0),"Do not enter net operating losses as negative numbers.","")
B106: PRE-APPORTIONED LOSSES FROM TYs BEGINNING ON OR AFTER 1/1/17
B107: Net Operating Loss Carryovers (Pre-Apportioned) | D107: =IF(AND(G11="",J11=""),"",IF($G$11<>"",$G$11-5,YEAR($J$11)-6)) -> 2013 | E107: =IF(AND(G11="",J11=""),"",IF($G$11<>"",$G$11-4,YEAR($J$11)-5)) -> 2014 | F107: =IF(AND(G11="",121=""),"",IF($G$11<>"",$G$11-3,YEAR($J$11)-4)) -> 2015 | G107: =IF(AND(G11="",J11=""),"",IF($G$11<>"",$G$11-2,YEAR($J$11)-3)) -> 2016 | H107: =IF(AND(G11="",J11=""),"",IF($G$11<>"",$G$11-1,YEAR($J$11)-2)) -> 2017 | J107: Total Unutilized NOL | K107: Utilized on this return
J108: =IF(Overflow!F112>0,Overflow!F112,SUM(D108:I108)) -> 0 | L108: =IF(Data!D$33=FALSE,SUM(IF(D107>=2017,D108,0),IF(E107>=2017,E108,0),IF(F107>=2017,F108,0),IF(G107>=2017,G108,0),IF(H107>=2017,H108,0)),0) -> 0
B109: =CONCATENATE(IF(Overflow!F112>0,"Total Unutilized NOL from Overflow tab, Line 112. ",""),IF(B110=TRUE,CONCATENATE("The maximum value for NOL 'Utilized on this return' that can be entered in cell K108 cannot exceed ",TEXT(K110, "$#,##0"),"."),CONCATENATE("The maximum amount of NOL ",TEXT(K110, "$#,##0"), " was automatically applied. If you wish to enter a smaller NOL value, please type it in the cell K108 to overwrite."))) -> The maximum amount of NOL $0 was automatically applied. If you wish to enter a smaller NOL value, please type it in the cell K108 to overwrite.
B110: =IF(ISNUMBER(K108)=TRUE,IF(OR(AND(Data!$D$33=FALSE,OR(K108>J108*0.5,K108>'Print Return'!L37*0.5)),AND(Data!$D$33=TRUE,K108>='Print NOL Worksheet'!J24+1))=TRUE,TRUE,FALSE),FALSE) -> FALSE | K110: =MAX(0,IF(Data!$D$33=TRUE,ROUND(MIN(J108,'Print NOL Worksheet'!I24),0),ROUND(MIN((J108-1)*0.5,('Print Return'!L37-1)*0.5),0))) -> 0
B111: Federal Carryover Information from Your Records | J111: =IF(Data!F9=TRUE,"Skip: C-Corp","")
B112: The following schedule is used only by taxpayers who are not C corporations. The Ohio Revised Code §718.01(A)(1)(g) requires that these taxpayers calculate their adjusted federal income as if they were C corporations. Thus, non-C corporations must track the C corporation carryovers listed below for municipal tax purposes. The amounts entered below by non-C corporations should match what would have been claimed for federal tax purposes if the taxpayer was a C corporation. C corporations should attach copies of their federal carryover schedules to their municipal tax return.
B113: Charitiable contribution carryovers and capital loss carryovers are calculated based on your federal taxable income and are not tracked by municipality. These amounts are used to calculated the allowable charitable contribtuion deduction and the allowable capital loss deduction.
B114: Unrecaptured §1231 losses and the federal net operating loss are calculated based on your federal taxable income. The §1231 losses are used to determine the allowable capital losses and the federal net operating loss is used in determining the allowable charitable contribution deduction.
...

Sheet Print Return
K1: Contact us toll free at:
A2: Form 27 | K2: Cleveland | M2: 800.860.7482
D3: Regional Income Tax Agency | K3: Columbus | M3: 866.721.7482
K4: Youngstown | M4: 866.750.7482
D5: RITA Net Profits Tax Return | K5: TDD | M5: 440.526.5332
I6: =+'Complete This Page'!J1 -> NPAC v2018.0 | K6: Fax | M6: 440.922.3536
A8: FOR CALENDAR YEAR | E8: =IF('Complete This Page'!G11<>0,'Complete This Page'!G11,"") -> 2018 | F8: OR FISCAL YEAR BEGINNING | I8: =IF('Complete This Page'!H11<>"",'Complete This Page'!H11,"") | K8: AND ENDING | M8: =IF('Complete This Page'!J11<>"",'Complete This Page'!J11,"")
A9: The federal return MUST be attached to be considered a complete tax return. Please also attach all applicable schedules and 1099-MISC to avoid delays.
A11: Check if: | J11: =IF(Data!B168=TRUE,Data!C168,"")
J13: =IF(Data!B166=TRUE,Data!C166,"")
A16: BUSINESS TYPE: | I16: Federal Business Activity Code #: | M16: =IF('Complete This Page'!G5<>"",'Complete This Page'!G5,"")
I17: Business Activity: | K17: =IF('Complete This Page'!G7<>"",'Complete This Page'!G7,"")
A21: Company Name | I21: Federal Idenification Number
A22: =IF('Complete This Page'!B3<>"",'Complete This Page'!B3,"Error: No Company Name Entered") -> Error: No Company Name Entered | I22: =IF('Complete This Page'!G3<>"",'Complete This Page'!G3,"Error: No EIN Entered") -> Error: No EIN Entered
A23: Address # | D23: Street Name | I23: Suite No.
A24: =IF('Complete This Page'!B5<>"",'Complete This Page'!B5,"") | D24: =IF('Complete This Page'!C5<>"",'Complete This Page'!C5,"Error: No Street Name Entered") -> Error: No Street Name Entered | I24: =IF('Complete This Page'!E5<>"",CONCATENATE("Ste ",'Complete This Page'!E5),"")
A25: City | I25: State | J25: Zip Code
A26: =IF('Complete This Page'!B7<>"",'Complete This Page'!B7,"Error: No City Name Entered") -> Error: No City Name Entered | I26: =IF('Complete This Page'!D7<>"",'Complete This Page'!D7,"") | J26: =IF('Complete This Page'!E7<>"",'Complete This Page'!E7,"")
A29: 1 | B29: INCOME PER ATTACHED FEDERAL RETURN | K29: =+A29 -> 1 | L29: =+L185 -> 0
B30: =CONCATENATE("(per attached ",References!C258,")") -> (per attached No guidance available)
A31: 2 | B31: A. | C31: ITEMS NOT DEDUCTIBLE (From Page 3, Schedule X, Line G) | J31: Add 2A | L31: =L153 -> 0
B33: B. | C33: ITEMS NOT TAXABLE (From Page 3, Schedule X, Line Q) | I33: Deduct 2B | L33: =L168 -> 0
B35: C. | C35: ENTER EXCESS OF LINE 2A or 2B | K35: 2C | L35: =IF(L31>L33,L31-L33,L33-L31) -> 0
A37: 3 | B37: A. | C37: ADJUSTED FEDERAL TAXABLE INCOME | K37: 3A | L37: =+L29+L31-L33 -> 0
C38: (Line 1 plus or minus line 2C) if Schedule X is used
B39: B | C39: PRE-APPORTIONED LOSSES FOR TAX YEARS BEGINNING ON OR AFTER 1/1/17
C40: (subject to 50%). Check this box if utilizing a NOL prior to 1/1/17 first. See instructions | J40: u | O40: =Data!D33 -> FALSE
C41: i. | D41: TOTAL UNUTILIZED PRE-APPORTIONED LOSSES | J41: u | K41: 3B(i) | L41: =IF(ISNUMBER('Complete This Page'!J108),'Complete This Page'!J108,0) -> 0 | O41: =OR(Data!D33:D37,Overflow!P60:P110,'Overflow (2)'!P66:P110,'Overflow (3)'!P66:P110) -> FALSE
D42: FROM TAX YEARS BEGINNING ON OR AFTER 1/1/17
C43: ii. | D43: PRE-APPORTIONED LOSSES | J43: u | K43: 3B(ii) | L43: =IF(ISNUMBER('Complete This Page'!K108),'Complete This Page'!K108,'Complete This Page'!K110) -> 0
D44: FROM TAX YEARS BEGINNING ON OR AFTER 1/1/17 UTILIZED IN | H44: =IF('Complete This Page'!G11 > 2017,'Complete This Page'!G11,"") -> 2018
C45: iii. | D45: INCOME/LOSS SUBJECT TO APPORTIONMENT | J45: u | K45: 3B(iii) | L45: =IF(Data!D33=FALSE,L37-L43,'Print NOL Worksheet'!K24) -> 0
B47: C. | C47: AMOUNT ALLOCABLE TO RITA | K47: 3C | L47: =IF(ISNUMBER(F48)=TRUE,F48*IF(Data!D33=TRUE,L37,L45),L37) -> 0
C48: If Schedule Y, Page 4 is used | F48: =IF(Data!B49=TRUE,1,IF(ISNUMBER(Data!C279)=TRUE,Data!C279,"")) -> 0 | G48: =IF(Data!D33=FALSE,"of Line 3B(iii)","of Line 3A") -> of Line 3B(iii) | L48: =IF(Overflow!D66>0,"",IF(Data!B49=TRUE,"",Data!C60))
B49: D. | C49: POST APPORTIONED LOSSES FOR TYs BEGINNING BEFORE 1/1/17 | J49: u | K49: 3D | L49: =Data!E279 -> 0
C50: Per Previous municipal Income Tax Returns (schedule must be submitted). See instructions
A51: 4 | B51: AMOUNT SUBJECT TO MUNICIPAL INCOME TAX | J51: u | K51: 4 | L51: =IF(O40=TRUE,Data!K279,Data!T279) -> 0
B52: (Calculated)
A53: 5 | B53: MUNICIPAL TAX DUE (See Instructions) | J53: u | K53: 5 | L53: =SUM(L79:N87) -> 0
B54: NOTE: Must complete Schedule B on Page 2
A55: 6 | B55: A. | C55: =CONCATENATE("ESTIMATED MUNICIPAL TAX PAYMENTS FOR THE YEAR ",E8) -> ESTIMATED MUNICIPAL TAX PAYMENTS FOR THE YEAR 2018 | K55: 6A | L55: ='Complete This Page'!I19 -> 0
B57: B. | C57: AMOUNT OF PREVIOUS YEAR CREDITS | K57: 6B | L57: ='Complete This Page'!I16 -> 0
B59: C. | C59: TOTAL CREDITS ALLOWABLE (Line 6A + 6B) | J59: u | K59: 6C | L59: =+L55+L57 -> 0
A61: 7 | B61: A. | C61: BALANCE DUE (Line 5 less Line 6C) | J61: u | K61: 7A | L61: =IF(L53<L59,0,L53-L59) -> 0
C62: REMITTANCE PAYABLE TO RITA MUST ACCOMPANY THIS FORM
C63: CHECK #: ___________________
B64: B. | C64: OVERPAYMENT CLAIMED | K64: 7B | L64: =IF(L59>L53,L59-L53,0) -> 0
C65: (If Line 6C exceeds Line 5 enter the diffeence here and check the desired box)
C66: Refund………….
C67: (Overpayments cannot be split between refund and credit) | N67: Page
C68: Credit…………… | N68: 1
N69: 27F18
F70: FORM 27 | J70: =A22 -> Error: No Company Name Entered
M71: =I22 -> Error: No EIN Entered
A73: SCHEDULE B - DISTRIBUTION OF TAX WITHHIN RITA MUNICIPALITIES
A74: TOTAL TAX DISTRIBUTED BELOW MUST EQUAL AMOUNT FROM PAGE 1, LINE 5
A75: (if more space is needed, attach additional schedule)
D76: Note: For each separate municipality listed below, if Tax Due is $10 or less, enter -0-
A77: Municipality Name | F77: Taxable Income | I77: Tax Rate | L77: Tax Due
A79: =IF(Overflow!D66>0,"See Schedule",IF(Data!$A$40<>0,Data!$A$40,"")) | F79: =IF(O40=TRUE,Data!K273,Data!T273) -> 0 | I79: =Data!C262 -> 0 | L79: =IF(A79="See Schedule",IF(Data!D33=TRUE,Data!M279,Data!V279),ROUND(F79*I79,0)) -> 0
A81: =IF(Data!$A$41<>0,Data!$A$41,"") | F81: =IF(O40=TRUE,Data!K274,Data!T274) -> 0 | I81: =Data!C263 -> 0 | L81: =IF(I81=0,0,IF(AND(F81>0,OR(F81*I81>10,$E$8<2016)),ROUND(F81*I81,0),0)) -> 0
A83: =IF(Data!$A$42<>0,Data!$A$42,"") | F83: =IF(O40=TRUE,Data!K275,Data!T275) -> 0 | I83: =Data!C264 -> 0 | L83: =IF(I83=0,0,IF(AND(F83>0,OR(F83*I83>10, $E$8<2016)),ROUND(F83*I83,0),0)) -> 0
A85: =IF(Data!$A$43<>0,Data!$A$43,"") | F85: =IF(O40=TRUE,Data!K276,Data!T276) -> 0 | I85: =Data!C265 -> 0 | L85: =IF(I85=0,0,IF(AND(F85>0,OR(F85*I85>10, $E$8<2016)),ROUND(F85*I85,0),0)) -> 0
A87: =IF(Data!$A$44<>0,Data!$A$44,"") | F87: =IF(O40=TRUE,Data!K277,Data!T277) -> 0 | I87: =Data!C266 -> 0 | L87: =IF(I87=0,0,IF(AND(F87>0, OR(F87*I87>10, $E$8<2016)),ROUND(F87*I87,0),0)) -> 0
A89: COMPUTATION OF ESTIMATED TAX
A91: Estimated Tax Allocation/Distribution From Line 8A
A93: Municipality Name | F93: Taxable Income | I93: Tax Rate | L93: Tax Due
A95: =IF(Data!$A$40<>0,Data!$A$40,"") | F95: =IF(I95=0,0,ROUND(Data!E78/'Print Return'!I95,0)) -> 0 | I95: =LOOKUP(Data!$B$33,Cities!$A$3:$A$356,Cities!$E$3:$E$356) -> 0 | L95: =IF(AND(F95>0, F95*I95>200),ROUND(F95*I95,0),0) -> 0
A97: =IF(Data!$A$41<>0,Data!$A$41,"") | F97: =IF(I97=0,0,ROUND(Data!E79/'Print Return'!I97,0)) -> 0 | I97: =LOOKUP(Data!$B$34,Cities!$A$3:$A$356,Cities!$E$3:$E$356) -> 0 | L97: =IF(AND(F97>0, F97*I97> 200),ROUND(F97*I97,0),0) -> 0
A99: =IF(Data!$A$42<>0,Data!$A$42,"") | F99: =IF(I99=0,0,ROUND(Data!E80/'Print Return'!I99,0)) -> 0 | I99: =LOOKUP(Data!$B$35,Cities!$A$3:$A$356,Cities!$E$3:$E$356) -> 0 | L99: =IF(AND(F99>0, F99*I99>200),ROUND(F99*I99,0),0) -> 0
A101: =IF(Data!$A$43<>0,Data!$A$43,"") | F101: =IF(I101=0,0,ROUND(Data!E81/'Print Return'!I101,0)) -> 0 | I101: =LOOKUP(Data!$B$36,Cities!$A$3:$A$356,Cities!$E$3:$E$356) -> 0 | L101: =IF(AND(F101>0, F101*I101>200),ROUND(F101*I101,0),0) -> 0
A103: =IF(Data!$A$44<>0,Data!$A$44,"") | F103: =IF(I103=0,0,ROUND(Data!E82/'Print Return'!I103,0)) -> 0 | I103: =LOOKUP(Data!$B$37,Cities!$A$3:$A$356,Cities!$E$3:$E$356) -> 0 | L103: =IF(AND(F103>0, F103*I103>200),ROUND(F103*I103,0),0) -> 0
B105: 8 | C105: A. | D105: Estimated Tax (from allocation/distribution above) | J105: u | K105: 8A | L105: =SUM(L95:N103) -> 0
C107: B. | D107: Credit (if any) From Prior Year (Page 1, Line 7B) | K107: 8B | L107: =IF(Data!B25=TRUE,L64,0) -> 0
C109: C. | D109: Subtract Line 8B from Line 8A | K109: 8C | L109: =+L105-L107 -> 0
C111: D. | D111: Amount paid (not less than 1/4 of estimated tax) | K111: 8D | L111: =IF('Complete This Page'!I173="",Data!C74,'Complete This Page'!I173) -> 0
D112: (IF LINE 8A IS LEFT BLANK, AN ESTIMATE WILL BE CREATED FOR YOU BASED ON YOUR PRIOR YEAR'S TAX LIABILITY AND MUNICIPAL ALLOCATION)
B113: 9 | C113: TOTAL AMOUNT DUE (COMBINE LINES 7A & 8D) | K113: 9 | L113: =L61+L111 -> 0
A115: MAKE CHECKS PAYABLE TO RITA
A116: The federal return with applicable schedules and 1099's MUST be attached to be considered a complete tax return.
A118: I CERTIFY I HAVE EXAMINED THIS RETURN, INCLUDING ACCOMPANYING SCHEDULES AND STATEMENTS, AND TO THE BEST OF MY KNOWLEDGE AND BELIEF IT IS TRUE, CORRECT AND COMPLETE, AND THAT THE FIGURES USED HEREIN ARE THE SAME AS USED FOR FEDERAL INCOME TAX PURPOSES.
A120: SIGNATURE OF OFFICER OR PARTNER | H120: PREPARER'S SIGNATURE
H122: =IF('Complete This Page'!G35="","",CONCATENATE('Complete This Page'!G35,", ",'Complete This Page'!G36))
A123: PRINT NAME | H123: PREPARER'S ADDRESS
D124: =+'Complete This Page'!I26 -> 0 | H124: =+'Complete This Page'!D36 -> 0 | K124: =IF('Complete This Page'!G34="","",'Complete This Page'!G34)
A125: TITLE | D125: PHONE | F125: DATE | H125: PREPARER'S PHONE | K125: FIRM NAME
A126: May RITA discuss this return with the preparer shown above?
A127: Without Payment | F127: With Payment | I127: With Refund | N127: Page 2
A128: REGIONAL INCOME TAX AGENCY | F128: REGIONAL INCOME TAX AGENCY | I128: REGIONAL INCOME TAX AGENCY
A129: PO BOX 89475 | F129: PO BOX 94582 | I129: PO BOX 94652
A130: CLEVELAND OH 44101-6475 | F130: CLEVELAND OH 44101-6475 | I130: CLEVELAND OH 44101-4652 | N130: =+N69 -> 27F18
F132: FORM 27 | J132: =A22 -> Error: No Company Name Entered
M133: =I22 -> Error: No EIN Entered
A135: Schedule X – ADJUSTMENT TO FEDERAL INCOME TAX RETURN
B137: ITEMS NOT DEDUCTIBLE
A139: A. | B139: LOSSES DIRECTLY RELATED TO THE SALE, EXCHANGE, OR OTHER DISPOSITION OF AN ASSET DESCRIBED IN §1221 OR §1231 OF THE INTERNAL REVENUE CODE | H139: §1221 S-T | I139: =IF(Data!C92=0,"",-Data!C92)
H140: §1221 L-T | I140: =IF(Data!C93=0,"",-Data!C93)
H141: §1231 | I141: =IF(Data!C94=0,"",-Data!C94) | K141: A | L141: =-Data!C95 -> 0
A143: B. | B143: TAXES BASED ON INCOME | K143: B | L143: ='Complete This Page'!I47 -> 0
A145: C. | B145: 5% OF THE AMOUNT DEDUCTED AS INTANGIBLE INCOME NOT DIRECTLY RELATED TO THE SALE, EXCHANGE OR OTHER DISPOSITION OF IRC §1221 INTANGIBLE PROPERTY (Multiply Schedule X, Line O below by 0.05) | K145: C | L145: =ROUND(L164*0.05,0) -> 0
...

Sheet Print Schedules
A1: Attachment to Form | C1: 27 | D1: Supporting Schedules | K1: =IF('Complete This Page'!G11="",YEAR('Complete This Page'!H11),'Complete This Page'!G11) -> 2018
A2: Regional Income Tax Agency | K2: =+'Complete This Page'!J1 -> NPAC v2018.0
A3: Name shown on return | J3: Identifying Number
B4: =+'Complete This Page'!B3 -> 0 | J4: ='Complete This Page'!G3 -> 0
A6: Part I | C6: Municipal Net Operating Loss Carryovers
A8: =+'Complete This Page'!B96
A10: Municipal NOLs | D10: Year Unused NOL Generated | L10: Available
A11: Beginning of Year | D11: =+'Complete This Page'!D98 -> 2013 | E11: =+'Complete This Page'!E98 -> 2014 | F11: =+'Complete This Page'!F98 -> 2015 | G11: =+'Complete This Page'!G98 -> 2016 | I11: =+'Complete This Page'!H98 -> 2017 | J11: Current
A12: =+'Complete This Page'!B99 | D12: =IF('Complete This Page'!D99="",0,'Complete This Page'!D99) -> 0 | E12: =IF('Complete This Page'!E99="",0,'Complete This Page'!E99) -> 0 | F12: =IF('Complete This Page'!F99="",0,'Complete This Page'!F99) -> 0 | G12: =IF('Complete This Page'!G99="",0,'Complete This Page'!G99) -> 0 | I12: =IF('Complete This Page'!H99="",0,'Complete This Page'!H99) -> 0 | J12: =0 -> 0 | L12: =IF(Data!C33=0,0,IF(Data!C33=3,SUM(F12:K12),IF(Data!C33=1,I12,SUM(D12:K12)))) -> 0
A13: =+'Complete This Page'!B100 | D13: =IF('Complete This Page'!D100="",0,'Complete This Page'!D100) -> 0 | E13: =IF('Complete This Page'!E100="",0,'Complete This Page'!E100) -> 0 | F13: =IF('Complete This Page'!F100="",0,'Complete This Page'!F100) -> 0 | G13: =IF('Complete This Page'!G100="",0,'Complete This Page'!G100) -> 0 | I13: =IF('Complete This Page'!H100="",0,'Complete This Page'!H100) -> 0 | J13: =0 -> 0 | L13: =IF(Data!C34=0,0,IF(Data!C34=3,SUM(F13:K13),IF(Data!C34=1,I13,SUM(D13:K13)))) -> 0
A14: =+'Complete This Page'!B101 | D14: =IF('Complete This Page'!D101="",0,'Complete This Page'!D101) -> 0 | E14: =IF('Complete This Page'!E101="",0,'Complete This Page'!E101) -> 0 | F14: =IF('Complete This Page'!F101="",0,'Complete This Page'!F101) -> 0 | G14: =IF('Complete This Page'!G101="",0,'Complete This Page'!G101) -> 0 | I14: =IF('Complete This Page'!H101="",0,'Complete This Page'!H101) -> 0 | J14: =0 -> 0 | L14: =IF(Data!C35=0,0,IF(Data!C35=3,SUM(F14:K14),IF(Data!C35=1,I14,SUM(D14:K14)))) -> 0
A15: =+'Complete This Page'!B102 | D15: =IF('Complete This Page'!D102="",0,'Complete This Page'!D102) -> 0 | E15: =IF('Complete This Page'!E102="",0,'Complete This Page'!E102) -> 0 | F15: =IF('Complete This Page'!F102="",0,'Complete This Page'!F102) -> 0 | G15: =IF('Complete This Page'!G102="",0,'Complete This Page'!G102) -> 0 | I15: =IF('Complete This Page'!H102="",0,'Complete This Page'!H102) -> 0 | J15: =0 -> 0 | L15: =IF(Data!C36=0,0,IF(Data!C36=3,SUM(F15:K15),IF(Data!C36=1,I15,SUM(D15:K15)))) -> 0
A16: =+'Complete This Page'!B103 | D16: =IF('Complete This Page'!D103="",0,'Complete This Page'!D103) -> 0 | E16: =IF('Complete This Page'!E103="",0,'Complete This Page'!E103) -> 0 | F16: =IF('Complete This Page'!F103="",0,'Complete This Page'!F103) -> 0 | G16: =IF('Complete This Page'!G103="",0,'Complete This Page'!G103) -> 0 | I16: =IF('Complete This Page'!H103="",0,'Complete This Page'!H103) -> 0 | J16: =0 -> 0 | L16: =IF(Data!C37=0,0,IF(Data!C37=3,SUM(F16:K16),IF(Data!C37=1,I16,SUM(D16:K16)))) -> 0
A17: Pre-apportioned NOL | D17: =IF('Complete This Page'!D108="",0,'Complete This Page'!D108) -> 0 | E17: =IF('Complete This Page'!E108="",0,'Complete This Page'!E108) -> 0 | F17: =IF('Complete This Page'!F108="",0,'Complete This Page'!F108) -> 0 | G17: =IF('Complete This Page'!G108="",0,'Complete This Page'!G108) -> 0 | I17: =IF('Complete This Page'!H108="",0,'Complete This Page'!H108) -> 0 | L17: ='Complete This Page'!J108 -> 0
A19: =CONCATENATE("Municipal Net Operating Losses Used in Tax Year ",K1) -> Municipal Net Operating Losses Used in Tax Year 2018 | E19: =+A12 | F19: =+A13 | G19: =+A14 | I19: =+A15 | J19: =+A16 | L19: Total
A20: Post-apportioned NOL applied | E20: =+Data!E273 -> 0 | F20: =+Data!E274 -> 0 | G20: =+Data!E275 -> 0 | I20: =+Data!E276 -> 0 | J20: =+Data!E277 -> 0 | L20: =SUM(E20:K20) -> 0
A21: =CONCATENATE("Pre-apportioned NOL used in ", K1) -> Pre-apportioned NOL used in 2018 | L21: ='Complete This Page'!K108 -> 0
A23: Municipal NOLs | D23: Year Unused NOL Generated | L23: Available
A24: End of Year | D24: =+D11 -> 2013 | E24: =+E11 -> 2014 | F24: =+F11 -> 2015 | G24: =+G11 -> 2016 | I24: =+I11 -> 2017 | J24: Current
A25: =+'Complete This Page'!B99 | D25: =IF($L25-SUM(E25:$K25)=0,0,IF(D12<$L25-SUM(E25:$K25),D12,$L25-SUM(E25:$K25))) -> 0 | E25: =IF($L25-SUM(F25:$K25)=0,0,IF(E12<$L25-SUM(F25:$K25),E12,$L25-SUM(F25:$K25))) -> 0 | F25: =IF($L25-SUM(G25:$K25)=0,0,IF(F12<$L25-SUM(G25:$K25),F12,$L25-SUM(G25:$K25))) -> 0 | G25: =IF($L25-SUM(I25:$K25)=0,0,IF(G12<$L25-SUM(I25:$K25),G12,$L25-SUM(I25:$K25))) -> 0 | H25: =IF($L25-SUM(I25:$K25)=0,0,IF(H12<$L25-SUM(I25:$K25),H12,$L25-SUM(I25:$K25))) -> 0 | I25: =IF($L25-SUM(J25:$K25)=0,0,IF(I12<$L25-SUM(J25:$K25),I12,$L25-SUM(J25:$K25))) -> 0 | J25: =IF(J12<L25,J12,L25) -> 0 | L25: =+L12-E20 -> 0
A26: =+'Complete This Page'!B100 | D26: =IF($L26-SUM(E26:$K26)=0,0,IF(D13<$L26-SUM(E26:$K26),D13,$L26-SUM(E26:$K26))) -> 0 | E26: =IF($L26-SUM(F26:$K26)=0,0,IF(E13<$L26-SUM(F26:$K26),E13,$L26-SUM(F26:$K26))) -> 0 | F26: =IF($L26-SUM(G26:$K26)=0,0,IF(F13<$L26-SUM(G26:$K26),F13,$L26-SUM(G26:$K26))) -> 0 | G26: =IF($L26-SUM(I26:$K26)=0,0,IF(G13<$L26-SUM(I26:$K26),G13,$L26-SUM(I26:$K26))) -> 0 | H26: =IF($L26-SUM(I26:$K26)=0,0,IF(H13<$L26-SUM(I26:$K26),H13,$L26-SUM(I26:$K26))) -> 0 | I26: =IF($L26-SUM(J26:$K26)=0,0,IF(I13<$L26-SUM(J26:$K26),I13,$L26-SUM(J26:$K26))) -> 0 | J26: =IF(J13<L26,J13,L26) -> 0 | L26: =+L13-F20 -> 0
A27: =+'Complete This Page'!B101 | D27: =IF($L27-SUM(E27:$K27)=0,0,IF(D14<$L27-SUM(E27:$K27),D14,$L27-SUM(E27:$K27))) -> 0 | E27: =IF($L27-SUM(F27:$K27)=0,0,IF(E14<$L27-SUM(F27:$K27),E14,$L27-SUM(F27:$K27))) -> 0 | F27: =IF($L27-SUM(G27:$K27)=0,0,IF(F14<$L27-SUM(G27:$K27),F14,$L27-SUM(G27:$K27))) -> 0 | G27: =IF($L27-SUM(I27:$K27)=0,0,IF(G14<$L27-SUM(I27:$K27),G14,$L27-SUM(I27:$K27))) -> 0 | H27: =IF($L27-SUM(I27:$K27)=0,0,IF(H14<$L27-SUM(I27:$K27),H14,$L27-SUM(I27:$K27))) -> 0 | I27: =IF($L27-SUM(J27:$K27)=0,0,IF(I14<$L27-SUM(J27:$K27),I14,$L27-SUM(J27:$K27))) -> 0 | J27: =IF(J14<L27,J14,L27) -> 0 | L27: =+L14-G20 -> 0
A28: =+'Complete This Page'!B102 | D28: =IF($L28-SUM(E28:$K28)=0,0,IF(D15<$L28-SUM(E28:$K28),D15,$L28-SUM(E28:$K28))) -> 0 | E28: =IF($L28-SUM(F28:$K28)=0,0,IF(E15<$L28-SUM(F28:$K28),E15,$L28-SUM(F28:$K28))) -> 0 | F28: =IF($L28-SUM(G28:$K28)=0,0,IF(F15<$L28-SUM(G28:$K28),F15,$L28-SUM(G28:$K28))) -> 0 | G28: =IF($L28-SUM(I28:$K28)=0,0,IF(G15<$L28-SUM(I28:$K28),G15,$L28-SUM(I28:$K28))) -> 0 | H28: =IF($L28-SUM(I28:$K28)=0,0,IF(H15<$L28-SUM(I28:$K28),H15,$L28-SUM(I28:$K28))) -> 0 | I28: =IF($L28-SUM(J28:$K28)=0,0,IF(I15<$L28-SUM(J28:$K28),I15,$L28-SUM(J28:$K28))) -> 0 | J28: =IF(J15<L28,J15,L28) -> 0 | L28: =+L15-I20 -> 0
A29: =+'Complete This Page'!B103 | D29: =IF($L29-SUM(E29:$K29)=0,0,IF(D16<$L29-SUM(E29:$K29),D16,$L29-SUM(E29:$K29))) -> 0 | E29: =IF($L29-SUM(F29:$K29)=0,0,IF(E16<$L29-SUM(F29:$K29),E16,$L29-SUM(F29:$K29))) -> 0 | F29: =IF($L29-SUM(G29:$K29)=0,0,IF(F16<$L29-SUM(G29:$K29),F16,$L29-SUM(G29:$K29))) -> 0 | G29: =IF($L29-SUM(I29:$K29)=0,0,IF(G16<$L29-SUM(I29:$K29),G16,$L29-SUM(I29:$K29))) -> 0 | H29: =IF($L29-SUM(I29:$K29)=0,0,IF(H16<$L29-SUM(I29:$K29),H16,$L29-SUM(I29:$K29))) -> 0 | I29: =IF($L29-SUM(J29:$K29)=0,0,IF(I16<$L29-SUM(J29:$K29),I16,$L29-SUM(J29:$K29))) -> 0 | J29: =IF(J16<L29,J16,L29) -> 0 | L29: =+L16-J20 -> 0
A30: Total Unused Post-apportioned NOL | L30: =SUM(L25:L29) -> 0
A31: Total Unused Pre-apportioned NOL | L31: =IF(L17-L21>0,L17-L21,0) -> 0
A33: Part II | C33: Federal Carryover Information | L33: =IF(Data!F9=TRUE,"C Corp","")
A35: For use by taxpayers that are not C corporations. C corporations should attach copies of their federal schedules for charitable contribution carryovers, captial loss carryovers, and unrecovered 1231 loss carryovers to their RITA returns.
A37: Federal Carryovers | D37: Year Carryover Generated | L37: Available
A38: Beginning of Year | D38: =+D11 -> 2013 | E38: =+E11 -> 2014 | F38: =+F11 -> 2015 | G38: =+G11 -> 2016 | I38: =+I11 -> 2017 | J38: Current
A39: =+'Fed Carryovers'!A7 -> Charitable Contributions | D39: =+'Fed Carryovers'!C7 -> 0 | E39: =+'Fed Carryovers'!D7 -> 0 | F39: =+'Fed Carryovers'!E7 -> 0 | G39: =+'Fed Carryovers'!F7 -> 0 | I39: =+'Fed Carryovers'!G7 -> 0 | J39: =+'Fed Carryovers'!H7 -> 0 | L39: =SUM(D39:K39) -> 0
A40: =+'Fed Carryovers'!A8 -> Capital Loss Carryovers | D40: =+'Fed Carryovers'!C8 -> 0 | E40: =+'Fed Carryovers'!D8 -> 0 | F40: =+'Fed Carryovers'!E8 -> 0 | G40: =+'Fed Carryovers'!F8 -> 0 | I40: =+'Fed Carryovers'!G8 -> 0 | J40: =+K69 -> 0 | L40: =SUM(D40:K40) -> 0
A41: =+'Fed Carryovers'!A9 -> Unrecovered §1231 Losses | D41: =+'Fed Carryovers'!C9 -> 0 | E41: =+'Fed Carryovers'!D9 -> 0 | F41: =+'Fed Carryovers'!E9 -> 0 | G41: =+'Fed Carryovers'!F9 -> 0 | I41: =+'Fed Carryovers'!G9 -> 0 | J41: =IF('Complete This Page'!I50<0,-'Complete This Page'!I50,0) -> 0 | L41: =SUM(D41:K41) -> 0
A42: =+'Fed Carryovers'!A10 -> Federal Net Operating Losses | D42: =+'Fed Carryovers'!C10 -> 0 | E42: =+'Fed Carryovers'!D10 -> 0 | F42: =+'Fed Carryovers'!E10 -> 0 | G42: =+'Fed Carryovers'!F10 -> 0 | I42: =+'Fed Carryovers'!G10 -> 0 | J42: =IF(K90<0,-K90,0) -> 0 | L42: =SUM(D42:K42) -> 0
A43: =+'Fed Carryovers'!A11 -> Section 179 | D43: =+'Fed Carryovers'!C11 -> 0 | E43: =+'Fed Carryovers'!D11 -> 0 | F43: =+'Fed Carryovers'!E11 -> 0 | G43: =+'Fed Carryovers'!F11 -> 0 | I43: =+'Fed Carryovers'!G11 -> 0 | J43: =+H71-K77 -> 0 | L43: =SUM(D43:K43) -> 0
A45: Federal Carryovers | D45: Year Carryover Generated | L45: Available
A46: End of Year | D46: =+D11 -> 2013 | E46: =+E11 -> 2014 | F46: =+F11 -> 2015 | G46: =+G11 -> 2016 | I46: =+I11 -> 2017 | J46: Current
A47: =+A39 -> Charitable Contributions | D47: =IF($L47-SUM(E47:$K47)=0,0,IF(D39<$L47-SUM(E47:$K47),D39,$L47-SUM(E47:$K47))) -> 0 | E47: =IF($L47-SUM(F47:$K47)=0,0,IF(E39<$L47-SUM(F47:$K47),E39,$L47-SUM(F47:$K47))) -> 0 | F47: =IF($L47-SUM(G47:$K47)=0,0,IF(F39<$L47-SUM(G47:$K47),F39,$L47-SUM(G47:$K47))) -> 0 | G47: =IF($L47-SUM(I47:$K47)=0,0,IF(G39<$L47-SUM(I47:$K47),G39,L47-SUM(I47:$K47))) -> 0 | I47: =IF($L47-SUM(J47:$K47)=0,0,IF(I39<$L47-SUM(J47:$K47),I39,L47-SUM(J47:$K47))) -> 0 | J47: =IF(J39<L47,J39,L47) -> 0 | L47: =+L39-K89 -> 0
A48: =+A40 -> Capital Loss Carryovers | D48: =IF($L48-SUM(E48:$K48)=0,0,IF(D40<$L48-SUM(E48:$K48),D40,$L48-SUM(E48:$K48))) -> 0 | E48: =IF($L48-SUM(F48:$K48)=0,0,IF(E40<$L48-SUM(F48:$K48),E40,$L48-SUM(F48:$K48))) -> 0 | F48: =IF($L48-SUM(G48:$K48)=0,0,IF(F40<$L48-SUM(G48:$K48),F40,$L48-SUM(G48:$K48))) -> 0 | G48: =IF($L48-SUM(I48:$K48)=0,0,IF(G40<$L48-SUM(I48:$K48),G40,L48-SUM(I48:$K48))) -> 0 | I48: =IF($L48-SUM(J48:$K48)=0,0,IF(I40<$L48-SUM(J48:$K48),I40,L48-SUM(J48:$K48))) -> 0 | J48: =IF(J40<L48,J40,L48) -> 0 | L48: =+L40-K106 -> 0
A49: =+A41 -> Unrecovered §1231 Losses | D49: =IF($L49-SUM(E49:$K49)=0,0,IF(D41<$L49-SUM(E49:$K49),D41,$L49-SUM(E49:$K49))) -> 0 | E49: =IF($L49-SUM(F49:$K49)=0,0,IF(E41<$L49-SUM(F49:$K49),E41,$L49-SUM(F49:$K49))) -> 0 | F49: =IF($L49-SUM(G49:$K49)=0,0,IF(F41<$L49-SUM(G49:$K49),F41,$L49-SUM(G49:$K49))) -> 0 | G49: =IF($L49-SUM(I49:$K49)=0,0,IF(G41<$L49-SUM(I49:$K49),G41,L49-SUM(I49:$K49))) -> 0 | I49: =IF($L49-SUM(J49:$K49)=0,0,IF(I41<$L49-SUM(J49:$K49),I41,L49-SUM(J49:$K49))) -> 0 | J49: =IF(J41<L49,J41,L49) -> 0 | L49: =+L41-H98 -> 0
A50: =+A42 -> Federal Net Operating Losses | D50: =IF($L50-SUM(E50:$K50)=0,0,IF(D42<$L50-SUM(E50:$K50),D42,$L50-SUM(E50:$K50))) -> 0 | E50: =IF($L50-SUM(F50:$K50)=0,0,IF(E42<$L50-SUM(F50:$K50),E42,$L50-SUM(F50:$K50))) -> 0 | F50: =IF($L50-SUM(G50:$K50)=0,0,IF(F42<$L50-SUM(G50:$K50),F42,$L50-SUM(G50:$K50))) -> 0 | G50: =IF($L50-SUM(I50:$K50)=0,0,IF(G42<$L50-SUM(I50:$K50),G42,L50-SUM(I50:$K50))) -> 0 | I50: =IF($L50-SUM(J50:$K50)=0,0,IF(I42<$L50-SUM(J50:$K50),I42,L50-SUM(J50:$K50))) -> 0 | J50: =+J42 -> 0 | L50: =+L42-K84 -> 0
A51: =+A43 -> Section 179 | D51: =IF($L51-SUM(E51:$K51)=0,0,IF(D43<$L51-SUM(E51:$K51),D43,$L51-SUM(E51:$K51))) -> 0 | E51: =IF($L51-SUM(F51:$K51)=0,0,IF(E43<$L51-SUM(F51:$K51),E43,$L51-SUM(F51:$K51))) -> 0 | F51: =IF($L51-SUM(G51:$K51)=0,0,IF(F43<$L51-SUM(G51:$K51),F43,$L51-SUM(G51:$K51))) -> 0 | G51: =IF($L51-SUM(I51:$K51)=0,0,IF(G43<$L51-SUM(I51:$K51),G43,L51-SUM(I51:$K51))) -> 0 | I51: =IF($L51-SUM(J51:$K51)=0,0,IF(I43<$L51-SUM(J51:$K51),I43,L51-SUM(J51:$K51))) -> 0 | J51: =+J43 -> 0 | L51: =+L43-K80 -> 0
A54: Attachment to Form | C54: 27 | D54: Supporting Schedules | K54: =+K1 -> 2018
A55: Regional Income Tax Agency | K55: =+'Complete This Page'!J1 -> NPAC v2018.0
A56: Name shown on return | J56: Identifying Number
B57: =+B4 -> 0 | J57: =+J4 -> 0
A58: Part III | C58: Adjusted Federal Taxable Income Calculation
A59: For use by taxpayers that are not C Corporations
A60: Part A: Federal Taxable Income as if a C Corporation
A61: 1 | B61: Income before net operating losses and special deductions | J61: =+A61 -> 1 | K61: =+'Fed Carryovers'!H21 -> 0
A62: =+A61+1 -> 2 | B62: Qualified self-employed retirement plan for owners | G62: =+A62 -> 2 | H62: =+'Fed Carryovers'!F22 -> 0
A63: =+A62+1 -> 3 | B63: Health insurance paid or accrued for owners | G63: =+A63 -> 3 | H63: =+'Fed Carryovers'!F23 -> 0
A64: =+A63+1 -> 4 | B64: Life insurance paid or accrued for owners | G64: =+A64 -> 4 | H64: =+'Fed Carryovers'!F24 -> 0
A65: =+A64+1 -> 5 | B65: =CONCATENATE("Deductions not permitted by §718.01(A)(1)(g). Combine lines ",A62," - ",A64) -> Deductions not permitted by §718.01(A)(1)(g). Combine lines 2 - 4 | K65: =SUM(H62:I64) -> 0
A66: =+A65+1 -> 6 | B66: =CONCATENATE("Combine lines ",A61," and ",A65) -> Combine lines 1 and 5 | J66: =+A66 -> 6 | K66: =+K61+K65 -> 0
A67: =+A66+1 -> 7 | B67: =CONCATENATE("Allowable prior year capital losses. Enter the amount from line ",A106) -> Allowable prior year capital losses. Enter the amount from line 38 | J67: =+A67 -> 7 | K67: =+K106 -> 0
A68: =+A67+1 -> 8 | B68: =CONCATENATE("Subtract line ",A67," from ",A66) -> Subtract line 7 from 6 | J68: =+A68 -> 8 | K68: =+K66-K67 -> 0
A69: =+A68+1 -> 9 | B69: =CONCATENATE("Capital losses in excess of capital gains. Enter the amount from line ",A109) -> Capital losses in excess of capital gains. Enter the amount from line 40 | J69: =+A69 -> 9 | K69: =+K109 -> 0
A70: =+A69+1 -> 10 | B70: =CONCATENATE("Add line ",A69," from ",A68) -> Add line 9 from 8 | J70: =+A70 -> 10 | K70: =+K68+K69 -> 0
A71: =+A70+1 -> 11 | B71: Section 179 deduction in the current year | G71: =+A71 -> 11 | H71: =+'Fed Carryovers'!F31 -> 0
A72: =+A71+1 -> 12 | B72: Charitable contributions deducted in the current year | G72: =+A72 -> 12 | H72: =+'Fed Carryovers'!F32 -> 0
A73: =+A72+1 -> 13 | B73: =CONCATENATE("Combine lines ",A71," and ",A72) -> Combine lines 11 and 12 | J73: =+A73 -> 13 | K73: =SUM(H71:I72) -> 0
A74: =+A73+1 -> 14 | B74: =CONCATENATE("'C-Corp' Income before contributions, §179, and NOL. Add lines ",A70," and ",A73) -> 'C-Corp' Income before contributions, §179, and NOL. Add lines 10 and 13 | J74: =+A74 -> 14 | K74: =+K70+K73 -> 0
A76: =+A74+1 -> 15 | B76: =CONCATENATE("Enter the amount on line ",A74,". If line ",A74," is less than zero, enter zero") -> Enter the amount on line 14. If line 14 is less than zero, enter zero | J76: =+A76 -> 15 | K76: =IF(K74<0,0,K74) -> 0
A77: =+A76+1 -> 16 | B77: =CONCATENATE("Allowable current year §179 deduction. Enter the lesser of line ",A71," or line ",A76) -> Allowable current year §179 deduction. Enter the lesser of line 11 or line 15 | J77: =+A77 -> 16 | K77: =IF(H71<K76,H71,K76) -> 0
A78: =+A77+1 -> 17 | B78: =CONCATENATE("Subtract line ",A77," from line ",A74) -> Subtract line 16 from line 14 | J78: =+A78 -> 17 | K78: =+K74-K77 -> 0
A79: =+A78+1 -> 18 | B79: =CONCATENATE("Enter the amount on line ",A78,". If line ",A78," is less than zero, enter zero") -> Enter the amount on line 17. If line 17 is less than zero, enter zero | J79: =+A79 -> 18 | K79: =IF(K78<0,0,K78) -> 0
A80: =+A79+1 -> 19 | B80: =CONCATENATE("Enter the lesser of line ",A79," or the unused §179 carryover") -> Enter the lesser of line 18 or the unused §179 carryover | J80: =+A80 -> 19 | K80: =+'Fed Carryovers'!H40 -> 0
A81: =+A80+1 -> 20 | B81: =CONCATENATE("Federal 'C-Corp' income before contribution deduction and NOL. Subtract line ",A80," from ",A78) -> Federal 'C-Corp' income before contribution deduction and NOL. Subtract line 19 from 17 | J81: =+A81 -> 20 | K81: =+K78-K80 -> 0
A83: =+A81+1 -> 21 | B83: =CONCATENATE("Enter the amount on line ",A81,". If line ",A81," is less than zero, enter zero") -> Enter the amount on line 20. If line 20 is less than zero, enter zero | J83: =+A83 -> 21 | K83: =IF(K81<0,0,K81) -> 0
A84: =+A83+1 -> 22 | B84: =CONCATENATE("Enter the lesser of line ",A83," or the federal net operating loss carryover") -> Enter the lesser of line 21 or the federal net operating loss carryover | J84: =+A84 -> 22 | K84: =+'Fed Carryovers'!H44 -> 0
A85: =+A84+1 -> 23 | B85: =CONCATENATE("Federal 'C-Corp' income before contribution deduction. Subtract line ",A84," from ",A81) -> Federal 'C-Corp' income before contribution deduction. Subtract line 22 from 20 | J85: =+A85 -> 23 | K85: =+K81-K84 -> 0
A87: =+A85+1 -> 24 | B87: =CONCATENATE("Enter the amount on line ",A85,". If line ",A85," is less than zero, enter zero") -> Enter the amount on line 23. If line 23 is less than zero, enter zero | J87: =+A87 -> 24 | K87: =IF(K85<0,0,K85) -> 0
A88: =+A87+1 -> 25 | B88: =CONCATENATE("Multiply line ",A87," by 0.10") -> Multiply line 24 by 0.10 | J88: =+A88 -> 25 | K88: =ROUND(K87*0.1,0) -> 0
A89: =+A88+1 -> 26 | B89: =CONCATENATE("Enter the lesser of line ",A88," or the available contribution deduction and carryovers") -> Enter the lesser of line 25 or the available contribution deduction and carryovers | J89: =+A89 -> 26 | K89: =+'Fed Carryovers'!H49 -> 0
A90: =+A89+1 -> 27 | B90: =CONCATENATE("Federal income as if taxpayer was an 'C-Corp'. Subtract line ",A89," from ",A85) -> Federal income as if taxpayer was an 'C-Corp'. Subtract line 26 from 23 | J90: =+A90 -> 27 | K90: =+K85-K89 -> 0
A92: =+A90+1 -> 28 | B92: =CONCATENATE("Federal income before net operating losses as if taxpayer was a 'C-Corp'. Add lines ",A84," and ",A90) -> Federal income before net operating losses as if taxpayer was a 'C-Corp'. Add lines 22 and 27 | J92: =+A92 -> 28 | K92: =+K84+K90 -> 0
A94: =+A92+1 -> 29 | B94: =CONCATENATE("Income before NOL's & Schedule X adjustments. Subtract lines ",A65," & ",A69," from the total of lines ",A92," & ",A67) -> Income before NOL's & Schedule X adjustments. Subtract lines 5 & 9 from the total of lines 28 & 7 | J94: =+A94 -> 29 | K94: =+K92-K65-K69+K67 -> 0
A96: Part B: Capital Losses
A97: =+A94+1 -> 30 | B97: Net section 1231 gain (attach Form 4797) | G97: =+A97 -> 30 | H97: =+'Fed Carryovers'!F53 -> 0
A98: =+A97+1 -> 31 | B98: =CONCATENATE("Enter the lesser of line ",A97," or the nonrecaptured 1231 losses") -> Enter the lesser of line 30 or the nonrecaptured 1231 losses | G98: =+A98 -> 31 | H98: =+'Fed Carryovers'!F54 -> 0
A99: =+A98+1 -> 32 | B99: =CONCATENATE("'C Corp' 1231 capital gain. Subtract line ",A98," from line ",G97) -> 'C Corp' 1231 capital gain. Subtract line 31 from line 30 | J99: =+A99 -> 32 | K99: =+H97-H98 -> 0
A100: =+A99+1 -> 33 | B100: Net short-term capital gain (loss) (attach Sched D) | G100: =+A100 -> 33 | H100: =+'Fed Carryovers'!F56 -> 0
A101: =+A100+1 -> 34 | B101: Net long-term capital gain (loss) (attach Sched D) | G101: =+A101 -> 34 | H101: =+'Fed Carryovers'!F57 -> 0
A102: =+A101+1 -> 35 | B102: =CONCATENATE("Schedule D capital gain (loss). Combine lines ",A100," and ",A101) -> Schedule D capital gain (loss). Combine lines 33 and 34 | J102: =+A102 -> 35 | K102: =SUM(H100:I101) -> 0
A103: =+A102+1 -> 36 | B103: =CONCATENATE("Current year capital gain (loss). Combine lines ",A99," and ",A102) -> Current year capital gain (loss). Combine lines 32 and 35 | K103: =+K99+K102 -> 0
A105: =+A103+1 -> 37 | B105: =CONCATENATE("If the amount on line ",A103," is a gain, enter the gain here") -> If the amount on line 36 is a gain, enter the gain here | J105: =+A105 -> 37 | K105: =IF(K103>0,K103,0) -> 0
A106: =+A105+1 -> 38 | B106: =CONCATENATE("Enter the lesser of line ",A105," or the capital loss carryover") -> Enter the lesser of line 37 or the capital loss carryover | J106: =+A106 -> 38 | K106: =+'Fed Carryovers'!H62 -> 0
A107: =+A106+1 -> 39 | B107: =CONCATENATE("'C Corp' net capital gains & losses. Subtract line ",A106," from ",A105) -> 'C Corp' net capital gains & losses. Subtract line 38 from 37 | J107: =+A107 -> 39 | K107: =+K105-K106 -> 0
A109: =+A107+1 -> 40 | B109: =CONCATENATE("Capital losses in excess of capital gains. If line ",A103," is a loss, enter the loss here") -> Capital losses in excess of capital gains. If line 36 is a loss, enter the loss here | J109: =+A109 -> 40 | K109: =IF(K103<0,-K103,0) -> 0
A110: Attachment to Form | C110: 27 | D110: Supporting Schedules | K110: =+K1 -> 2018
A111: Regional Income Tax Agency | K111: =+'Complete This Page'!J1 -> NPAC v2018.0
A112: Name shown on return | J112: Identifying Number
B113: =+B4 -> 0 | J113: =+J4 -> 0
A114: For use by taxpayers that are not C Corporations
A116: Schedule Z | D116: Pass-Through Distributive Shares of Net Income
A117: (From federal Schedule K for federal Form 1065 or 1120S. Attach additional schedules if more space is needed.)
A118: Partner/Shareholder | D118: SSN/EIN | F118: Ownership Percentage | G118: Federal Pass-Through Income (Loss) | I118: Guaranteed Pymts | J118: RITA Pass-Through Income (Loss) | L118: Share of RITA Tax Paid
A119: =IF(AND(Data!$B$11=TRUE,'Complete This Page'!$B$129<>""),'Complete This Page'!$B$129,"") | D119: =IF(AND(Data!$B$11=TRUE,'Complete This Page'!$B$129<>""),'Complete This Page'!$F$129,"") | F119: =IF(AND(Data!$B$11=TRUE,'Complete This Page'!$B$129<>""),'Complete This Page'!$G$129,"") | G119: =IF(AND(Data!$B$11=TRUE,'Complete This Page'!$B$129<>""),'Complete This Page'!$H$129,"") | I119: =IF(AND(Data!$B$11=TRUE,'Complete This Page'!$B$129<>""),'Complete This Page'!$J$129,"") | J119: =IF(AND(Data!$B$11=TRUE,'Complete This Page'!$B129<>""),ROUND('Print Return'!$L$51*$F119,0),"") | L119: =IF(AND(Data!$B$11=TRUE,'Complete This Page'!$B129<>""),ROUND('Print Return'!$L$53*$F119,0),"")
A120: =IF(AND(Data!$B$11=TRUE,'Complete This Page'!$B$130<>""),'Complete This Page'!$B$130,"") | D120: =IF(AND(Data!$B$11=TRUE,'Complete This Page'!$B$130<>""),'Complete This Page'!$F$130,"") | F120: =IF(AND(Data!$B$11=TRUE,'Complete This Page'!$B$130<>""),'Complete This Page'!$G$130,"") | G120: =IF(AND(Data!$B$11=TRUE,'Complete This Page'!$B$130<>""),'Complete This Page'!$H$130,"") | I120: =IF(AND(Data!$B$11=TRUE,'Complete This Page'!$B$130<>""),'Complete This Page'!$J$130,"") | J120: =IF(AND(Data!$B$11=TRUE,'Complete This Page'!$B130<>""),ROUND('Print Return'!$L$51*$F120,0),"") | L120: =IF(AND(Data!$B$11=TRUE,'Complete This Page'!$B130<>""),ROUND('Print Return'!$L$53*$F120,0),"")
...

Sheet Print NOL Worksheet
A3: NOTE: Municipal Carryover calculations below apply to post apportioned losses for TYs beginning prior to 1/1/17
A4: Municipal Carryover Information from Your Records
A5: =IF(Data!F44="","",CONCATENATE("Cities that prohibit NOL carryovers: ",Data!F44))
A6: Municipal | C6: Year Unused NOL Generated | I6: Yrs
A7: NOL Carryovers | C7: ='Complete This Page'!D98 -> 2013 | D7: ='Complete This Page'!E98 -> 2014 | E7: ='Complete This Page'!F98 -> 2015 | F7: ='Complete This Page'!G98 -> 2016 | G7: ='Complete This Page'!H98 -> 2017 | H7: Utilized
A8: ='Complete This Page'!B99 | C8: ='Complete This Page'!D99 -> 0 | D8: ='Complete This Page'!E99 -> 0 | E8: ='Complete This Page'!F99 -> 0 | F8: ='Complete This Page'!G99 -> 0 | G8: ='Complete This Page'!H99 -> 0 | H8: ='Complete This Page'!J99 -> 0 | I8: =+Data!C33 -> 0
A9: ='Complete This Page'!B100 | C9: ='Complete This Page'!D100 -> 0 | D9: ='Complete This Page'!E100 -> 0 | E9: ='Complete This Page'!F100 -> 0 | F9: ='Complete This Page'!G100 -> 0 | G9: ='Complete This Page'!H100 -> 0 | H9: ='Complete This Page'!J100 -> 0 | I9: =+Data!C34 -> 0
A10: ='Complete This Page'!B101 | C10: ='Complete This Page'!D101 -> 0 | D10: ='Complete This Page'!E101 -> 0 | E10: ='Complete This Page'!F101 -> 0 | F10: ='Complete This Page'!G101 -> 0 | G10: ='Complete This Page'!H101 -> 0 | H10: ='Complete This Page'!J101 -> 0 | I10: =+Data!C35 -> 0
A11: ='Complete This Page'!B102 | C11: ='Complete This Page'!D102 -> 0 | D11: ='Complete This Page'!E102 -> 0 | E11: ='Complete This Page'!F102 -> 0 | F11: ='Complete This Page'!G102 -> 0 | G11: ='Complete This Page'!H102 -> 0 | H11: ='Complete This Page'!J102 -> 0 | I11: =+Data!C36 -> 0
A12: ='Complete This Page'!B103 | C12: ='Complete This Page'!D103 -> 0 | D12: ='Complete This Page'!E103 -> 0 | E12: ='Complete This Page'!F103 -> 0 | F12: ='Complete This Page'!G103 -> 0 | G12: ='Complete This Page'!H103 -> 0 | H12: ='Complete This Page'!J103 -> 0 | I12: =+Data!C37 -> 0
A13: Pre-apportioned NOL | C13: ='Complete This Page'!D108 -> 0 | D13: ='Complete This Page'!E108 -> 0 | E13: ='Complete This Page'!F108 -> 0 | F13: ='Complete This Page'!G108 -> 0 | G13: ='Complete This Page'!H108 -> 0 | H13: ='Complete This Page'!K108 -> 0
A14: ='Complete This Page'!B109 -> The maximum amount of NOL $0 was automatically applied. If you wish to enter a smaller NOL value, please type it in the cell K108 to overwrite.
A16: =IF(Data!D33=TRUE,"Local Tax Calc Worksheet","Local Tax Calc Worksheet is applicable if ""Utilizing NOL incurred prior to 1/1/17 first"" is checked") -> Local Tax Calc Worksheet is applicable if "Utilizing NOL incurred prior to 1/1/17 first" is checked
A17: City Name | B17: 1) AFTI (Form 27, Line 3A) | C17: 2) AFTI Allocation % (From Schedule Y, Part II, Column J) | D17: 3) Col 1 Multiplied by Col 2 | E17: 4) Post Apportioned Loss Utilized (from table above) | F17: 5) Col 3 minus Col 4 | G17: 6) Divide Col 5 by Col 2 | H17: 7) Pre-apportioned NOL from Form 27, Line 3B(i) | I17: 8) 50% of the lesser of Col 6 and Col 7 NOTE: Do not enter amounts from a RITA Municipality on the NOL-Phase-In exceptions list | J17: 9) Col 6 minus Col 8 (cannot be less then 0). If Row 8 is blank, enter the difference of Row 6 less Row 7 | K17: 10) Col 9 multiplied by Col 2 | L17: 11) Municipal Tax Rate | M17: 12) Col 10 multiplied by Col 11 (if $10 or less enter 0 on Sched B)
A18: =Data!A273 -> 0 | B18: ='Print Return'!L$37 -> 0 | C18: =IF(Data!B49=TRUE,1,Data!C273) | D18: =B18*IF(ISNUMBER(C18)=TRUE,C18,0) -> 0 | E18: =Data!E273 -> 0 | F18: =D18-E18 -> 0 | G18: =IF(AND(ISNUMBER(C18)=TRUE, C18>0),F18 / C18,0) -> 0 | H18: ='Print Return'!L$41 -> 0 | I18: =IF(Data!B40<2015,MIN(G18,H18)/2,0) -> 0 | J18: =IF(Data!B40<2015,G18-I18,IF(G18-H18>0,G18-H18,0)) -> 0 | K18: =J18*IF(ISNUMBER(C18)=TRUE,C18,0) -> 0 | L18: =LOOKUP(Data!$B$33,Cities!$A$3:$A$356,Cities!$D$3:$D$356) -> 0 | M18: =ROUND(K18*L18,0) -> 0
A19: =Data!A274 -> 0 | B19: ='Print Return'!L$37 -> 0 | C19: =Data!C274 | D19: =B19*IF(ISNUMBER(C19)=TRUE,C19,0) -> 0 | E19: =Data!E274 -> 0 | F19: =D19-E19 -> 0 | G19: =IF(AND(ISNUMBER(C19)=TRUE, C19>0),F19 / C19,0) -> 0 | H19: ='Print Return'!L$41 -> 0 | I19: =IF(Data!B41<2015,MIN(G19,H19)/2,0) -> 0 | J19: =IF(Data!B41<2015,G19-I19,IF(G19-H19>0,G19-H19,0)) -> 0 | K19: =J19*IF(ISNUMBER(C19)=TRUE,C19,0) -> 0 | L19: =LOOKUP(Data!$B$34,Cities!$A$3:$A$356,Cities!$D$3:$D$356) -> 0 | M19: =ROUND(K19*L19,0) -> 0
A20: =Data!A275 -> 0 | B20: ='Print Return'!L$37 -> 0 | C20: =Data!C275 | D20: =B20*IF(ISNUMBER(C20)=TRUE,C20,0) -> 0 | E20: =Data!E275 -> 0 | F20: =D20-E20 -> 0 | G20: =IF(AND(ISNUMBER(C20)=TRUE, C20>0),F20 / C20,0) -> 0 | H20: ='Print Return'!L$41 -> 0 | I20: =IF(Data!B42<2015,MIN(G20,H20)/2,0) -> 0 | J20: =IF(Data!B42<2015,G20-I20,IF(G20-H20>0,G20-H20,0)) -> 0 | K20: =J20*IF(ISNUMBER(C20)=TRUE,C20,0) -> 0 | L20: =LOOKUP(Data!$B$35,Cities!$A$3:$A$356,Cities!$D$3:$D$356) -> 0 | M20: =ROUND(K20*L20,0) -> 0
A21: =Data!A276 -> 0 | B21: ='Print Return'!L$37 -> 0 | C21: =Data!C276 | D21: =B21*IF(ISNUMBER(C21)=TRUE,C21,0) -> 0 | E21: =Data!E276 -> 0 | F21: =D21-E21 -> 0 | G21: =IF(AND(ISNUMBER(C21)=TRUE, C21>0),F21 / C21,0) -> 0 | H21: ='Print Return'!L$41 -> 0 | I21: =IF(Data!B43<2015,MIN(G21,H21)/2,0) -> 0 | J21: =IF(Data!B43<2015,G21-I21,IF(G21-H21>0,G21-H21,0)) -> 0 | K21: =J21*IF(ISNUMBER(C21)=TRUE,C21,0) -> 0 | L21: =LOOKUP(Data!$B$36,Cities!$A$3:$A$356,Cities!$D$3:$D$356) -> 0 | M21: =ROUND(K21*L21,0) -> 0
A22: =Data!A277 -> 0 | B22: ='Print Return'!L$37 -> 0 | C22: =Data!C277 | D22: =B22*IF(ISNUMBER(C22)=TRUE,C22,0) -> 0 | E22: =Data!E277 -> 0 | F22: =D22-E22 -> 0 | G22: =IF(AND(ISNUMBER(C22)=TRUE, C22>0),F22 / C22,0) -> 0 | H22: ='Print Return'!L$41 -> 0 | I22: =IF(Data!B44<2015,MIN(G22,H22)/2,0) -> 0 | J22: =IF(Data!B44<2015,G22-I22,IF(G22-H22>0,G22-H22,0)) -> 0 | K22: =J22*IF(ISNUMBER(C22)=TRUE,C22,0) -> 0 | L22: =LOOKUP(Data!$B$37,Cities!$A$3:$A$356,Cities!$D$3:$D$356) -> 0 | M22: =ROUND(K22*L22,0) -> 0
A23: Totals | C23: Total Allocation % | E23: Total Utilized Post-Apportioned NOL | K23: Total Amt Allocatable to RITA | M23: Total Tax
C24: =SUM(C18:C22) -> 0 | E24: =SUM(E18:E22) -> 0 | H24: =IF(Overflow!F112>0,Overflow!F112, MAX(J18:J22)) -> 0 | I24: =IF('Overflows Worksheet'!J400>0,'Overflows Worksheet'!J400, FLOOR(MAX(I18:I22),1)) -> 0 | J24: =IF('Overflows Worksheet'!J400>0,'Overflows Worksheet'!J400, MAX(J18:J22)) -> 0 | K24: =IF(Overflow!F113>0,Overflow!F113,SUM(J18:J22)) -> 0 | M24: =SUM(M18:M22) -> 0

Sheet Muni Carryovers
A3: NOTE: Municipal Carryover calculations below apply to post apportioned losses for TYs beginning prior to 1/1/17
A4: Municipal Carryover Information from Your Records
A5: =IF(Data!F44="","",CONCATENATE("Cities that prohibit NOL carryovers: ",Data!F44))
A6: Municipal | C6: Year Unused NOL Generated | I6: Yrs
A7: NOL Carryovers | C7: ='Complete This Page'!D98 -> 2013 | D7: ='Complete This Page'!E98 -> 2014 | E7: ='Complete This Page'!F98 -> 2015 | F7: ='Complete This Page'!G98 -> 2016 | G7: ='Complete This Page'!H98 -> 2017 | H7: Utilized
A8: ='Complete This Page'!B99 | C8: ='Complete This Page'!D99 -> 0 | D8: ='Complete This Page'!E99 -> 0 | E8: ='Complete This Page'!F99 -> 0 | F8: ='Complete This Page'!G99 -> 0 | G8: ='Complete This Page'!H99 -> 0 | H8: ='Complete This Page'!J99 -> 0 | I8: =+Data!C33 -> 0
A9: ='Complete This Page'!B100 | C9: ='Complete This Page'!D100 -> 0 | D9: ='Complete This Page'!E100 -> 0 | E9: ='Complete This Page'!F100 -> 0 | F9: ='Complete This Page'!G100 -> 0 | G9: ='Complete This Page'!H100 -> 0 | H9: ='Complete This Page'!J100 -> 0 | I9: =+Data!C34 -> 0
A10: ='Complete This Page'!B101 | C10: ='Complete This Page'!D101 -> 0 | D10: ='Complete This Page'!E101 -> 0 | E10: ='Complete This Page'!F101 -> 0 | F10: ='Complete This Page'!G101 -> 0 | G10: ='Complete This Page'!H101 -> 0 | H10: ='Complete This Page'!J101 -> 0 | I10: =+Data!C35 -> 0
A11: ='Complete This Page'!B102 | C11: ='Complete This Page'!D102 -> 0 | D11: ='Complete This Page'!E102 -> 0 | E11: ='Complete This Page'!F102 -> 0 | F11: ='Complete This Page'!G102 -> 0 | G11: ='Complete This Page'!H102 -> 0 | H11: ='Complete This Page'!J102 -> 0 | I11: =+Data!C36 -> 0
A12: ='Complete This Page'!B103 | C12: ='Complete This Page'!D103 -> 0 | D12: ='Complete This Page'!E103 -> 0 | E12: ='Complete This Page'!F103 -> 0 | F12: ='Complete This Page'!G103 -> 0 | G12: ='Complete This Page'!H103 -> 0 | H12: ='Complete This Page'!J103 -> 0 | I12: =+Data!C37 -> 0
A13: Pre-apportioned NOL | C13: ='Complete This Page'!D108 -> 0 | D13: ='Complete This Page'!E108 -> 0 | E13: ='Complete This Page'!F108 -> 0 | F13: ='Complete This Page'!G108 -> 0 | G13: ='Complete This Page'!H108 -> 0 | H13: ='Complete This Page'!K108 -> 0
A16: Local Tax Calc Worksheet applicable if "Utilizing NOL incurred prior to 1/1/17 first" is checked
A17: City Name | B17: 1) AFTI (Form 27, Line 3A) | C17: 2) AFTI Allocation % (From Schedule Y, Part II, Column J) | D17: 3) Col 1 Multiplied by Col 2 | E17: 4) Post Apportioned Loss Utilized (from table above) | F17: 5) Col 3 minus Col 4 | G17: 6) Divide Col 5 by Col 2 | H17: 7) Pre-apportioned NOL from Form 27, Line 3B(i) | I17: 8) 50% of the lesser of Col 6 and Col 7 | J17: 9) Col 6 minus Col 8 (cannot be less then 0) | K17: 10) Col 9 multiplied by Col 2 | L17: 11) Municipal Tax Rate | M17: 12) Col 10 multiplied by Col 11 (if $10 or less enter 0 on Sched B)
A18: =Data!A273 -> 0 | B18: ='Print Return'!L$37 -> 0 | C18: =Data!C273 | D18: =B18*IF(ISNUMBER(C18)=TRUE,C18,0) -> 0 | E18: =Data!E273 -> 0 | F18: =D18-E18 -> 0 | G18: =IF(ISNUMBER(C18)=TRUE,F18 / C18,0) -> 0 | H18: ='Print Return'!L$41 -> 0 | I18: =IF(Data!B40<2015,MIN(G18,H18)/2,0) -> 0 | J18: =IF(Data!B40<2015,G18-I18,IF(G18-H18>0,G18-H18,0)) -> 0 | K18: =J18*IF(ISNUMBER(C18)=TRUE,C18,0) -> 0 | L18: =LOOKUP(Data!$B$33,Cities!$A$3:$A$356,Cities!$D$3:$D$356) -> 0 | M18: =ROUND(K18*L18, 0) -> 0
A19: =Data!A274 -> 0 | B19: ='Print Return'!L$37 -> 0 | C19: =Data!C274 | D19: =B19*IF(ISNUMBER(C19)=TRUE,C19,0) -> 0 | E19: =Data!E274 -> 0 | F19: =D19-E19 -> 0 | G19: =IF(ISNUMBER(C19)=TRUE,F19 / C19,0) -> 0 | H19: ='Print Return'!L$41 -> 0 | I19: =IF(Data!B41<2015,MIN(G19,H19)/2,0) -> 0 | J19: =IF(Data!B41<2015,G19-I19,IF(G19-H19>0,G19-H19,0)) -> 0 | K19: =J19*IF(ISNUMBER(C19)=TRUE,C19,0) -> 0 | L19: =LOOKUP(Data!$B$34,Cities!$A$3:$A$356,Cities!$D$3:$D$356) -> 0 | M19: =ROUND(K19*L19, 0) -> 0
A20: =Data!A275 -> 0 | B20: ='Print Return'!L$37 -> 0 | C20: =Data!C275 | D20: =B20*IF(ISNUMBER(C20)=TRUE,C20,0) -> 0 | E20: =Data!E275 -> 0 | F20: =D20-E20 -> 0 | G20: =IF(ISNUMBER(C20)=TRUE,F20 / C20,0) -> 0 | H20: ='Print Return'!L$41 -> 0 | I20: =IF(Data!B42<2015,MIN(G20,H20)/2,0) -> 0 | J20: =IF(Data!B42<2015,G20-I20,IF(G20-H20>0,G20-H20,0)) -> 0 | K20: =J20*IF(ISNUMBER(C20)=TRUE,C20,0) -> 0 | L20: =LOOKUP(Data!$B$35,Cities!$A$3:$A$356,Cities!$D$3:$D$356) -> 0 | M20: =ROUND(K20*L20, 0) -> 0
A21: =Data!A276 -> 0 | B21: ='Print Return'!L$37 -> 0 | C21: =Data!C276 | D21: =B21*IF(ISNUMBER(C21)=TRUE,C21,0) -> 0 | E21: =Data!E276 -> 0 | F21: =D21-E21 -> 0 | G21: =IF(ISNUMBER(C21)=TRUE,F21 / C21,0) -> 0 | H21: ='Print Return'!L$41 -> 0 | I21: =IF(Data!B43<2015,MIN(G21,H21)/2,0) -> 0 | J21: =IF(Data!B43<2015,G21-I21,IF(G21-H21>0,G21-H21,0)) -> 0 | K21: =J21*IF(ISNUMBER(C21)=TRUE,C21,0) -> 0 | L21: =LOOKUP(Data!$B$36,Cities!$A$3:$A$356,Cities!$D$3:$D$356) -> 0 | M21: =ROUND(K21*L21, 0) -> 0
A22: =Data!A277 -> 0 | B22: ='Print Return'!L$37 -> 0 | C22: =Data!C277 | D22: =B22*IF(ISNUMBER(C22)=TRUE,C22,0) -> 0 | E22: =Data!E277 -> 0 | F22: =D22-E22 -> 0 | G22: =IF(ISNUMBER(C22)=TRUE,F22 / C22,0) -> 0 | H22: ='Print Return'!L$41 -> 0 | I22: =IF(Data!B44<2015,MIN(G22,H22)/2,0) -> 0 | J22: =IF(Data!B44<2015,G22-I22,IF(G22-H22>0,G22-H22,0)) -> 0 | K22: =J22*IF(ISNUMBER(C22)=TRUE,C22,0) -> 0 | L22: =LOOKUP(Data!$B$37,Cities!$A$3:$A$356,Cities!$D$3:$D$356) -> 0 | M22: =ROUND(K22*L22, 0) -> 0
A23: Totals | C23: Total Allocation % | E23: Total Utilized Post-Apportioned NOL | K23: Total Amt Allocatable to RITA | M23: Total Tax
C24: =SUM(C18:C22) -> 0 | E24: =SUM(E18:E22) -> 0 | K24: =SUM(K18:K22) -> 0 | M24: =SUM(M18:M22) -> 0
A28: Local Tax Calc Worksheet applicable if "Utilizing NOL incurred prior to 1/1/17 first" is not checked
A29: City Name | B29: 1) Income Subject to Apportion-ment - Form 27, Line 3B(iii) | C29: 2) AFTI Allocation % | D29: 3) Col 1 Multiplied by Col 2 | E29: 4) Post Apportioned Loss Utilized | K29: 5) Calculate 3) minus 4) | L29: 6) Municipal Tax Rate | M29: 7) Col 5 multiplied by Col 6 (0 if $10 or less enter 0 on Sched B)
A30: =Data!A273 -> 0 | B30: =IF(Data!B40<2015,'Print Return'!L$45,J18) -> 0 | C30: =Data!C273 | D30: =B30*IF(ISNUMBER(C30)=TRUE,C30,0) -> 0 | E30: =Data!E273 -> 0 | K30: =IF(B30>0,D30-E30,0) -> 0 | L30: =LOOKUP(Data!$B$33,Cities!$A$3:$A$356,Cities!$D$3:$D$356) -> 0 | M30: =ROUND(K30*L30,0) -> 0
A31: =Data!A274 -> 0 | B31: =IF(Data!B41<2015,'Print Return'!L$45,J19) -> 0 | C31: =Data!C274 | D31: =B31*IF(ISNUMBER(C31)=TRUE,C31,0) -> 0 | E31: =Data!E274 -> 0 | K31: =IF(B31>0,D31-E31,0) -> 0 | L31: =LOOKUP(Data!$B$34,Cities!$A$3:$A$356,Cities!$D$3:$D$356) -> 0 | M31: =ROUND(K31*L31,0) -> 0
A32: =Data!A275 -> 0 | B32: =IF(Data!B42<2015,'Print Return'!L$45,J20) -> 0 | C32: =Data!C275 | D32: =B32*IF(ISNUMBER(C32)=TRUE,C32,0) -> 0 | E32: =Data!E275 -> 0 | K32: =IF(B32>0,D32-E32,0) -> 0 | L32: =LOOKUP(Data!$B$35,Cities!$A$3:$A$356,Cities!$D$3:$D$356) -> 0 | M32: =ROUND(K32*L32,0) -> 0
A33: =Data!A276 -> 0 | B33: =IF(Data!B43<2015,'Print Return'!L$45,J21) -> 0 | C33: =Data!C276 | D33: =B33*IF(ISNUMBER(C33)=TRUE,C33,0) -> 0 | E33: =Data!E276 -> 0 | K33: =IF(B33>0,D33-E33,0) -> 0 | L33: =LOOKUP(Data!$B$36,Cities!$A$3:$A$356,Cities!$D$3:$D$356) -> 0 | M33: =ROUND(K33*L33,0) -> 0
A34: =Data!A277 -> 0 | B34: =IF(Data!B44<2015,'Print Return'!L$45,J22) -> 0 | C34: =Data!C277 | D34: =B34*IF(ISNUMBER(C34)=TRUE,C34,0) -> 0 | E34: =Data!E277 -> 0 | K34: =IF(B34>0,D34-E34,0) -> 0 | L34: =LOOKUP(Data!$B$37,Cities!$A$3:$A$356,Cities!$D$3:$D$356) -> 0 | M34: =ROUND(K34*L34,0) -> 0
A35: Totals | C35: Total Allocation % | E35: Tot Utilized Post-App NOL | K35: Tot Amt Alloc To RITA | M35: Total Tax
C36: =SUM(C30:C34) -> 0 | E36: =SUM(E30:E34) -> 0 | K36: =SUM(K30:K34) -> 0 | M36: =SUM(M30:M34) -> 0

Sheet Fed Carryovers
A1: Federal Carryover Information from Your Records
A2: Charitiable contribution carryovers, section 179 carryovers, and capital loss carryovers are calculated based on your federal taxable income, and are not tracked by municipality. Since these amounts are always the same as a C corporation's federal taxable amounts, only taxpayers who are not C corporations and not individuals need to complete the schedule below. C corporation should attach copies of their federal carryover schedules to their municipal tax return. The amounts entered below by non-C corporations should match what would have claimed for federal tax purposes if the taxpayer was a C corporation.
A3: Unrecaptured §1231 losses and the federal net operating loss are need to convert a non-C corporation's income into a C corporation's income per ORC 718.01(A)(1)(g). The §1231 losses are used to determine the allowable capital losses, and the federal net operating loss is use in determining the allowable charitable contribution deduction.
A5: Carryovers | C5: Year Unused Contributions Generated | I5: Available | K5: Per Mark Taranto & Alicia Kline, contribution deductions & carryovers are based federal taxable income, and thus should always match the "c-corp" federal tax amounts.
C6: ='Complete This Page'!D118 -> 2013 | D6: ='Complete This Page'!E118 -> 2014 | E6: ='Complete This Page'!F118 -> 2015 | F6: ='Complete This Page'!G118 -> 2016 | G6: ='Complete This Page'!H118 -> 2017 | H6: Current
A7: Charitable Contributions | C7: =+'Complete This Page'!D119 -> 0 | D7: =+'Complete This Page'!E119 -> 0 | E7: =+'Complete This Page'!F119 -> 0 | F7: =+'Complete This Page'!G119 -> 0 | G7: =+'Complete This Page'!H119 -> 0 | H7: =+'Complete This Page'!I55 -> 0 | I7: =SUM(C7:H7) -> 0 | K7: Per Mark Taranto & Alicia Kline, 179 deductions & carryovers are based federal taxable income, and thus should always match the "c-corp" federal tax amounts.
A8: Capital Loss Carryovers | C8: =+'Complete This Page'!D120 -> 0 | D8: =+'Complete This Page'!E120 -> 0 | E8: =+'Complete This Page'!F120 -> 0 | F8: =+'Complete This Page'!G120 -> 0 | G8: =+'Complete This Page'!H120 -> 0 | I8: =SUM(C8:H8) -> 0
A9: Unrecovered §1231 Losses | C9: =+'Complete This Page'!D121 -> 0 | D9: =+'Complete This Page'!E121 -> 0 | E9: =+'Complete This Page'!F121 -> 0 | F9: =+'Complete This Page'!G121 -> 0 | G9: =+'Complete This Page'!H121 -> 0 | I9: =SUM(C9:H9) -> 0 | K9: Per Mark Taranto & Alicia Kline, capital loss deduction & carryovers are based federal taxable income, and thus should always match the "c-corp" federal tax amounts.
A10: Federal Net Operating Losses | C10: =+'Complete This Page'!D122 -> 0 | D10: =+'Complete This Page'!E122 -> 0 | E10: =+'Complete This Page'!F122 -> 0 | F10: =+'Complete This Page'!G122 -> 0 | G10: =+'Complete This Page'!H122 -> 0 | I10: =SUM(C10:H10) -> 0
A11: Section 179 | C11: =+'Complete This Page'!D123 -> 0 | D11: =+'Complete This Page'!E123 -> 0 | E11: =+'Complete This Page'!F123 -> 0 | F11: =+'Complete This Page'!G123 -> 0 | G11: =+'Complete This Page'!H123 -> 0 | H11: =+'Complete This Page'!I53 -> 0 | I11: =SUM(C11:H11) -> 0 | K11: Need fed NOL to calc allowable charitable contribution deduction.
A12: Note: Fiscal year taxpayers use "fiscal year beginning in 20XX" when completing this schedule.
A17: FEDERAL TAXABLE INCOME CALCULATION
A18: For use by taxpayers that are not C Corporations
B20: Part I: Federal Taxable Income as if a C Corporation
A21: 1 | B21: Income before net operating losses and special deductions | H21: =+'Complete This Page'!I42 -> 0 | J21: =+A21 -> 1
A22: =+A21+1 -> 2 | B22: Qualified self-employed retirement plan for owners | F22: =+'Complete This Page'!I56 -> 0
A23: =+A22+1 -> 3 | B23: Health insurance paid or accrued for owners | F23: =+'Complete This Page'!I57 -> 0
A24: =+A23+1 -> 4 | B24: Life insurance paid or accrued for owners | F24: =+'Complete This Page'!I58 -> 0
A25: =+A24+1 -> 5 | B25: =CONCATENATE("Deductions not permitted by §718.01(A)(1)(g). Combine lines ",A22," - ",A24) -> Deductions not permitted by §718.01(A)(1)(g). Combine lines 2 - 4 | H25: =SUM(F22:G24) -> 0 | J25: =+A25 -> 5
A26: =+A25+1 -> 6 | B26: =CONCATENATE("Combine lines ",A21," and ",A25) -> Combine lines 1 and 5 | H26: =+H21+H25 -> 0 | J26: =+A26 -> 6
A27: =+A26+1 -> 7 | B27: =CONCATENATE("Allowable prior year capital losses. Enter the amount from line ",A62) -> Allowable prior year capital losses. Enter the amount from line 36 | H27: =+H62 -> 0 | J27: =+A27 -> 7
A28: =+A27+1 -> 8 | B28: =CONCATENATE("Subtract line ",A27," from ",A26) -> Subtract line 7 from 6 | H28: =+H26-H27 -> 0 | J28: =+A28 -> 8
A29: =+A28+1 -> 9 | B29: =CONCATENATE("Capital losses in excess of capital gains. Enter the amount from line ",A65) -> Capital losses in excess of capital gains. Enter the amount from line 38 | H29: =+H65 -> 0 | J29: =+A29 -> 9
A30: =+A29+1 -> 10 | B30: =CONCATENATE("Add line ",A29," from ",A28) -> Add line 9 from 8 | H30: =+H28+H29 -> 0 | J30: =+A30 -> 10
A31: =+A30+1 -> 11 | B31: Section 179 deduction in the current year | F31: =+H11 -> 0
A32: =+A31+1 -> 12 | B32: Charitable contributions deducted in the current year | F32: =+H7 -> 0
A33: =+A32+1 -> 13 | B33: =CONCATENATE("Combine lines ",A31," and ",A32) -> Combine lines 11 and 12 | H33: =SUM(F31:G32) -> 0 | J33: =+A33 -> 13
A34: =+A33+1 -> 14 | B34: =CONCATENATE("'C-Corp' Income before contributions, §179, and NOL. Add lines ",A30," and ",A33) -> 'C-Corp' Income before contributions, §179, and NOL. Add lines 10 and 13 | H34: =+H30+H33 -> 0 | J34: =+A34 -> 14
A36: =+A34+1 -> 15 | B36: =CONCATENATE("Enter the amount on line ",A34,". If line ",A34," is less than zero, enter zero") -> Enter the amount on line 14. If line 14 is less than zero, enter zero | H36: =IF(H34<0,0,H34) -> 0 | J36: =+A36 -> 15
A37: =+A36+1 -> 16 | B37: =CONCATENATE("Allowable current year §179 deduction. Enter the lesser of line ",A31," or line ",A36) -> Allowable current year §179 deduction. Enter the lesser of line 11 or line 15 | H37: =IF(F31<H36,F31,H36) -> 0 | J37: =+A37 -> 16
A38: =+A37+1 -> 17 | B38: =CONCATENATE("Subtract line ",A37," from line ",A34) -> Subtract line 16 from line 14 | H38: =+H34-H37 -> 0 | J38: =+A38 -> 17
A39: =+A38+1 -> 18 | B39: =CONCATENATE("Enter the amount on line ",A38,". If line ",A38," is less than zero, enter zero") -> Enter the amount on line 17. If line 17 is less than zero, enter zero | H39: =IF(H38<0,0,H38) -> 0 | J39: =+A39 -> 18
A40: =+A39+1 -> 19 | B40: =CONCATENATE("Enter the lesser of line ",A39," or the unused §179 carryover") -> Enter the lesser of line 18 or the unused §179 carryover | H40: =IF(SUM(C11:G11)<H39,SUM(C11:G11),H39) -> 0 | J40: =+A40 -> 19
A41: =+A40+1 -> 20 | B41: =CONCATENATE("Federal 'C-Corp' income before contribution deduction and NOL. Subtract line ",A40," from ",A38) -> Federal 'C-Corp' income before contribution deduction and NOL. Subtract line 19 from 17 | H41: =+H38-H40 -> 0 | J41: =+A41 -> 20
A43: =+A41+1 -> 21 | B43: =CONCATENATE("Enter the amount on line ",A41,". If line ",A41," is less than zero, enter zero") -> Enter the amount on line 20. If line 20 is less than zero, enter zero | H43: =IF(H41<0,0,H41) -> 0 | J43: =+A43 -> 21
A44: =+A43+1 -> 22 | B44: =CONCATENATE("Enter the lesser of line ",A43," or the federal net operating loss carryover") -> Enter the lesser of line 21 or the federal net operating loss carryover | H44: =IF(H43<I10,H43,I10) -> 0 | J44: =+A44 -> 22
A45: =+A44+1 -> 23 | B45: =CONCATENATE("Federal 'C-Corp' income before contribution deduction. Subtract line ",A44," from ",A41) -> Federal 'C-Corp' income before contribution deduction. Subtract line 22 from 20 | H45: =+H41-H44 -> 0 | J45: =+A45 -> 23
A47: =+A45+1 -> 24 | B47: =CONCATENATE("Enter the amount on line ",A45,". If line ",A45," is less than zero, enter zero") -> Enter the amount on line 23. If line 23 is less than zero, enter zero | H47: =IF(H45<0,0,H45) -> 0 | J47: =+A47 -> 24
A48: =+A47+1 -> 25 | B48: =CONCATENATE("Multiply line ",A47," by 0.10") -> Multiply line 24 by 0.10 | H48: =ROUND(H47*0.1,0) -> 0 | J48: =+A48 -> 25
A49: =+A48+1 -> 26 | B49: =CONCATENATE("Enter the lesser of line ",A48," or the available contribution deduction and carryovers") -> Enter the lesser of line 25 or the available contribution deduction and carryovers | H49: =IF(H48<I7,H48,I7) -> 0 | J49: =+A49 -> 26
A50: =+A49+1 -> 27 | B50: =CONCATENATE("Federal income as if taxpayer was an 'C-Corp'. Subtract line ",A49," from ",A45) -> Federal income as if taxpayer was an 'C-Corp'. Subtract line 26 from 23 | H50: =+H45-H49 -> 0 | J50: =+A50 -> 27
B52: Part II: Capital Losses
A53: =+A50+1 -> 28 | B53: Net section 1231 gain (attach Form 4797) | F53: =IF('Complete This Page'!I50>0,'Complete This Page'!I50,0) -> 0
A54: =+A53+1 -> 29 | B54: =CONCATENATE("Enter the lesser of line ",A53," or the nonrecaptured 1231 losses") -> Enter the lesser of line 28 or the nonrecaptured 1231 losses | F54: =IF(I9<F53,I9,F53) -> 0
A55: =+A54+1 -> 30 | B55: =CONCATENATE("'C Corp' 1231 capital gain. Subtract line ",A54," from line ",A58) -> 'C Corp' 1231 capital gain. Subtract line 29 from line 33 | H55: =+F53-F54 -> 0 | J55: =+A55 -> 30
A56: =+A55+1 -> 31 | B56: Net short-term capital gain (loss) (attach Sched D) | F56: =+'Complete This Page'!I48 -> 0
A57: =+A56+1 -> 32 | B57: Net long-term capital gain (loss) (attach Sched D) | F57: =+'Complete This Page'!I49 -> 0
A58: =+A57+1 -> 33 | B58: =CONCATENATE("Schedule D capital gain (loss). Combine lines ",A56," and ",A57) -> Schedule D capital gain (loss). Combine lines 31 and 32 | H58: =SUM(F56:G57) -> 0 | J58: =+A58 -> 33
A59: =+A58+1 -> 34 | B59: =CONCATENATE("Current year capital gain (loss). Combine lines ",A55," and ",A58) -> Current year capital gain (loss). Combine lines 30 and 33 | H59: =+H55+H58 -> 0 | J59: =+A59 -> 34
A61: =+A59+1 -> 35 | B61: =CONCATENATE("If the amount on line ",A59," is a gain, enter the gain here") -> If the amount on line 34 is a gain, enter the gain here | H61: =IF(H59>0,H59,0) -> 0 | J61: =+A61 -> 35
A62: =+A61+1 -> 36 | B62: =CONCATENATE("Enter the lesser of line ",A61," or the capital loss carryover") -> Enter the lesser of line 35 or the capital loss carryover | H62: =IF(H61<I8,H61,I8) -> 0 | J62: =+A62 -> 36
A63: =+A62+1 -> 37 | B63: =CONCATENATE("'C Corp' net capital gains & losses. Subtract line ",A62," from ",A61) -> 'C Corp' net capital gains & losses. Subtract line 36 from 35 | H63: =+H61-H62 -> 0 | J63: =+A63 -> 37
A65: =+A63+1 -> 38 | B65: =CONCATENATE("Capital losses in excess of capital gains. If line ",A59," is a loss, enter the loss here") -> Capital losses in excess of capital gains. If line 34 is a loss, enter the loss here | H65: =IF(H59<0,-H59,0) -> 0 | J65: =+A65 -> 38

Sheet Form 8903
A1: Form | B1: 8903 | C1: Domestic Production Activities Deduction | G1: =+'Print Schedules'!K1 -> 2018
A2: RITA Substitute Form | C2: Substitute Form for Use by Non-C-Corporations | G2: =+'Complete This Page'!J1 -> NPAC v2018.0
A3: Name(s) as shown on return | G3: Identifying number
B4: =+'Complete This Page'!B3 -> 0 | G4: =+'Complete This Page'!G3 -> 0
B5: Note. Do not complete column (a), unless you have oil-related production activities. Enter amounts for all activites in column (b), including oil-related production activities. | D5: (a) | G5: (b)
D6: Oil-related production activities | G6: All activities
A7: 1 | B7: Domestic production gross receipts (DPGR) | D7: =+A7 -> 1
A8: =+A7+1 -> 2 | B8: Allocable cost of good sold. If you are using the small business simplified overall method, skip lines 2 and 3. | D8: =+A8 -> 2
A9: =+A8+1 -> 3 | B9: Deductions and losses allocable to DPGR | D9: =+A9 -> 3
A10: =+A9+1 -> 4 | B10: If you are using the small business simplified overall method, enter the amount of cost of goods sold and other deductions or losses you ratably apportion to DPGR. All others, skip line 4 | D10: =+A10 -> 4
A11: =+A10+1 -> 5 | B11: Add lines 2 through 4 | D11: =+A11 -> 5 | E11: =SUM(E8:E10) -> 0 | G11: =SUM(G8:G10) -> 0
A12: =+A11+1 -> 6 | B12: Subtract Line 5 from line 1 | D12: =+A12 -> 6 | E12: =+E7-E11 -> 0 | G12: =G7-G11 -> 0
A13: =+A12+1 -> 7 | B13: Qualified production activities from estates, trusts, and certain partnerships and S corporations | D13: =+A13 -> 7
A14: =+A13+1 -> 8 | B14: Add lines 6 and 7. Estates & trusts go to line 9, all others skip line 9 and go to line 10 | D14: =+A14 -> 8 | E14: =+E12+E13 -> 0 | G14: =+G12+G13 -> 0
A15: =+A14+1 -> 9 | B15: Amount allocated to beneficiaries of the estate or trust | D15: =+A15 -> 9 | E15: 0 | G15: 0
A16: 10a | B16: Oil-related qualified production activities income. Estates & trusts subtract line 9, column (a), from line 8, column (a), all others enter the amount from line 8, column (a). If zero or less, enter -0- here. | D16: =+A16 -> 10a | E16: =IF(E14-E15 <0, 0, E14-E15) -> 0
A17: b | B17: Qualified production activities income. Estates & trusts subtract line 9, column (b), from line 8, column (b), all others enter the amount from line 8, column (b). If zero or less, enter -0- here, skip lines 1 through 21, and enter -0- on line 22. | D17: 10b | G17: =IF(G14-G15 <0, 0, G14-G15) -> 0
A18: 11 | B18: Income limitation. Enter taxable income before DPAD from line 32 below | F18: =+A18 -> 11 | G18: =+G46 -> 0
A19: =+A18+1 -> 12 | B19: Enter the smaller of line 10b or 11. If zero or less, enter -0- here, skip lines 13 trhough 21,and enter -0- on line 22. | F19: =+A19 -> 12 | G19: =IF(G18<0, 0, IF(G18<G17,G18,G17)) -> 0
A20: =+A19+1 -> 13 | B20: =IF(G1<2010,"Enter 6% of line 12","Enter 9% of Line 12") -> Enter 9% of Line 12 | F20: =+A20 -> 13 | G20: =IF(G1<2010,ROUND(G19*0.06,0),ROUND(G19*0.09,0)) -> 0
A21: 14a | B21: Enter the smaller of line 10a or line 12 | D21: =+A21 -> 14a | E21: =IF(E16<G19, E16, G19) -> 0
A22: b | B22: Reduction for oil-related qualified production activities income. Multiply line 14a by 3% | F22: 14b | G22: =ROUND(E21*0.03,0) -> 0
A23: 15 | B23: Subtract line 14b from line 13 | F23: =+A23 -> 15 | G23: =+G20-G22 -> 0
A24: 16 | B24: Form W-2 wages allocable to DPGR | F24: =+A24 -> 16
A25: =+A24+1 -> 17 | B25: Form W-2 wages from estates, trusts, and certain partnerships and S corporations | F25: =+A25 -> 17
A26: =+A25+1 -> 18 | B26: Add lines 16 and 17. Estates & trusts go to line 19, all others, skip line 19 and go to line 20 | F26: =+A26 -> 18 | G26: =+G24+G25 -> 0
A27: =+A26+1 -> 19 | B27: Amount allocated to beneficiaries of the estate or trust | F27: =+A27 -> 19 | G27: 0
A28: =+A27+1 -> 20 | B28: Estates & trusts, subtract line 19 from line 18, all others, enter the amount from line 18 | F28: =+A28 -> 20 | G28: =+G26-G27 -> 0
A29: =+A28+1 -> 21 | B29: Form W-2 wages limitation. Enter 50% of line 20 | F29: =+A29 -> 21 | G29: =ROUND(G28*0.5,0) -> 0
A30: =+A29+1 -> 22 | B30: Enter the smaller of line 15 or line 21 | F30: =+A30 -> 22 | G30: =IF(G29<G23, G29,G23) -> 0
A31: =+A30+1 -> 23 | B31: Domestic production activities deduction from cooperatives (box 6 of Form 1099-PATR) | F31: =+A31 -> 23
A32: =+A31+1 -> 24 | B32: Expanded affiliated group allocation | F32: =+A32 -> 24
A33: =+A32+1 -> 25 | B33: Domestic production activities deduction. Combine lines 20 through 24. | F33: =+A33 -> 25 | G33: =SUM(G30:G32) -> 0
A35: Federal Taxable Income for Income Limitiation
A36: 26 | B36: Federal taxable income before net operating losses and special deductions | F36: =+A36 -> 26 | G36: =+'Fed Carryovers'!H21 -> 0
A37: =+A36+1 -> 27 | B37: Federal net operating loss calculated as if a C-corporation | D37: =+A37 -> 27
A38: =+A37+1 -> 28 | B38: Federal dividend & special deductions calculated as if a C-corporation | D38: =+A38 -> 28
A39: =+A38+1 -> 29 | B39: Add Lines 27 and 28 | F39: =+A39 -> 29 | G39: =ABS(E37)+ABS(E38) -> 0
A40: =+A39+1 -> 30 | B40: Federal taxable income calculated as if a C-corporation before required adjustments | F40: =+A40 -> 30 | G40: =+G36-G39 -> 0
A41: =+A40+1 -> 31 | B41: Owner health, life or qualified self-employed retirement plan | D41: =+A41 -> 31 | E41: =+'Fed Carryovers'!H25 -> 0
A42: =+A41+1 -> 32 | B42: Capital losses in excess of gains or (capital loss carryovers used) | D42: =+A42 -> 32 | E42: =+'Fed Carryovers'!H29-'Fed Carryovers'!H27 -> 0
A43: =+A42+1 -> 33 | B43: Excess §179 deductions of (§179 carryovers used) | D43: =+A43 -> 33 | E43: =IF(Data!F9=TRUE,0,Data!C159) -> 0
A44: =+A43+1 -> 34 | B44: Excess charitable contributions or (contribution carryovers used) | D44: =+A44 -> 34 | E44: =IF(Data!F9=TRUE,0,Data!C148) -> 0
A45: =+A44+1 -> 35 | B45: =CONCATENATE("Combine lines ",A41," through ",A44) -> Combine lines 31 through 34 | F45: =+A45 -> 35 | G45: =SUM(E41:E44) -> 0
A46: =+A45+1 -> 36 | B46: Federal taxable income calculated as if a C-Corporation per ORC 718.01(A)(1)(g) | F46: =+A46 -> 36 | G46: =+G40+G45 -> 0
A47: Note: Line 26 does not included a deduction for guaranteed payments and thus satisfies the requirements of ORC §718.01(A)(1)(g)(i).

Sheet Form 8903 (pre 2011)
A1: Form | B1: 8903 | C1: Domestic Production Activities Deduction | H1: =+'Print Schedules'!K1 -> 2018
A2: RITA Substitute Form | C2: Substitute Form for Use by Non-C-Corporations | H2: =+'Complete This Page'!J1 -> NPAC v2018.0
A3: Name(s) as shown on return | G3: Identifying number
B4: =+'Complete This Page'!B3 -> 0 | H4: =+'Complete This Page'!G3 -> 0
A5: 1 | B5: Domestic production gross receipts (DPGR) | D5: =IF('Complete This Page'!I67="","",IF(H5>'Complete This Page'!I67,"Warning: DPGR exceeds Gross Receipts","")) | G5: =+A5 -> 1
A6: =+A5+1 -> 2 | B6: Allocable cost of good sold (skip lines 2 & 3 if using small business method). | D6: =+A6 -> 2
A7: =+A6+1 -> 3 | B7: Deductions and losses allocable to DPGR | D7: =+A7 -> 3
A8: =+A7+1 -> 4 | B8: Small business method cost of goods sold & deductions | D8: =+A8 -> 4
A9: =+A8+1 -> 5 | B9: Add lines 2 through 4 | G9: =+A9 -> 5 | H9: =SUM(E6:E8) -> 0
A10: =+A9+1 -> 6 | B10: Subtract Line 5 from line 1 | G10: =+A10 -> 6 | H10: =H5-H9 -> 0
A11: =+A10+1 -> 7 | B11: Qualified production activities from estates, trusts, and certain partnerships & s-corps | G11: =+A11 -> 7
A12: =+A11+1 -> 8 | B12: Add lines 6 and 7. Estates & trusts go to line 9, all others skip line 9 & go to line 10 | G12: =+A12 -> 8 | H12: =+H10+H11 -> 0
A13: =+A12+1 -> 9 | B13: Amount allocated to beneficiaries of the estate or trust | G13: =+A13 -> 9 | H13: 0
A14: =+A13+1 -> 10 | B14: Qualified production activities income. Estates & trusts subtract line 9 from line 8, all other enter the amount from line 8. If zero or less, enter -0- here and on line 20 | G14: =+A14 -> 10 | H14: =IF(H12-H13 <0, 0, H12-H13) -> 0
A15: =+A14+1 -> 11 | B15: Income limitation. Enter taxable income before DPAD from line 30 below | G15: =+A15 -> 11 | H15: =+H40 -> 0
A16: =+A15+1 -> 12 | B16: Enter the smaller of line 10 or 11. If zero or less, enter -0- here and on line 20 | G16: =+A16 -> 12 | H16: =IF(H15<0, 0, IF(H15<H14,H15,H14)) -> 0
A17: =+A16+1 -> 13 | B17: =IF(H1<2010,"Enter 6% of line 12","Enter 9% of Line 12") -> Enter 9% of Line 12 | G17: =+A17 -> 13 | H17: =IF(H1<2010,ROUND(H16*0.06,0),ROUND(H16*0.09,0)) -> 0
A18: =+A17+1 -> 14 | B18: Form W-2 wages allocable to DPGR | D18: =IF(SUM('Complete This Page'!I68:I70) = 0,"",IF(H18>SUM('Complete This Page'!I68:I70),"Warning: Wages exceed total wages","")) | G18: =+A18 -> 14
A19: =+A18+1 -> 15 | B19: Form W-2 wages from estates, trusts, and certain partnerships & s-corps | G19: =+A19 -> 15
A20: =+A19+1 -> 16 | B20: Add lines 14 and 15. Estates & trusts go to line 17, all other skip line 17 & go to line 18 | G20: =+A20 -> 16 | H20: =+H18+H19 -> 0
A21: =+A20+1 -> 17 | B21: Amount allocated to beneficiaries of the estate or trust | G21: =+A21 -> 17 | H21: 0
A22: =+A21+1 -> 18 | B22: Estates & trusts, subtract line 17 from line 16, all other enter the amount from line 16 | G22: =+A22 -> 18 | H22: =+H20-H21 -> 0
A23: =+A22+1 -> 19 | B23: Form W-2 wages limitation. Enter 50% of line 18 | G23: =+A23 -> 19 | H23: =ROUND(H22*0.5,0) -> 0
A24: =+A23+1 -> 20 | B24: Enter the smaller of line 13 or line 19 | G24: =+A24 -> 20 | H24: =IF(H23<H17, H23,H17) -> 0
A25: =+A24+1 -> 21 | B25: Domestic production activities deduction from cooperatives (box 6 of Form 1099-PATR) | G25: =+A25 -> 21
A26: =+A25+1 -> 22 | B26: Expanded affiliated group allocation | G26: =+A26 -> 22
A27: =+A26+1 -> 23 | B27: Domestic production activities deduction. Combine lines 20 through 22. | G27: =+A27 -> 23 | H27: =SUM(H24:H26) -> 0
A29: Federal Taxable Income for Income Limitiation
A30: 24 | B30: Federal taxable income before net operating losses and special deductions | G30: =+A30 -> 24 | H30: =+'Fed Carryovers'!H21 -> 0
A31: =+A30+1 -> 25 | B31: Federal net operating loss calculated as if a C-corporation | D31: =+A31 -> 25
A32: =+A31+1 -> 26 | B32: Federal dividend & special deductions calculated as if a C-corporation | D32: =+A32 -> 26
A33: =+A32+1 -> 27 | B33: Add Lines 27 and 28 | G33: =+A33 -> 27 | H33: =+ABS(E31)+ABS(E32) -> 0
A34: =+A33+1 -> 28 | B34: Federal taxable income calculated as if a C-corporation before required adjustments | G34: =+A34 -> 28 | H34: =+H30-H33 -> 0
A35: =+A34+1 -> 29 | B35: Owner health, life or qualified self-employed retirement plan | D35: =+A35 -> 29 | E35: =+'Fed Carryovers'!H25 -> 0
A36: =+A35+1 -> 30 | B36: Capital losses in excess of gains or (loss carryovers used) | D36: =+A36 -> 30 | E36: =+'Fed Carryovers'!H29-'Fed Carryovers'!H27 -> 0
A37: =+A36+1 -> 31 | B37: Excess §179 deductions of (§179 carryovers used) | D37: =+A37 -> 31 | E37: =IF(Data!F9=TRUE,0,Data!C159) -> 0
A38: =+A37+1 -> 32 | B38: Excess charitable contributions or (contribution carryovers used) | D38: =+A38 -> 32 | E38: =IF(Data!F9=TRUE,0,Data!C148) -> 0
A39: =+A38+1 -> 33 | B39: =CONCATENATE("Combine lines ",A35," through ",A38) -> Combine lines 29 through 32 | G39: =+A39 -> 33 | H39: =SUM(E35:E38) -> 0
A40: =+A39+1 -> 34 | B40: Federal taxable income calculated as if a C-Corporation per ORC 718.01(A)(1)(g) | G40: =+A40 -> 34 | H40: =+H34+H39 -> 0
A41: Note: Line 24 does not included a deduction for guaranteed payments and thus satisfies the requirements of ORC §718.01(A)(1)(g)(i).

Sheet Cities
C1: Tax Year Used for Rates: | D1: =IF(References!C2<2004,2004,References!C2) -> 2018
A2: Index | B2: City Code | C2: City Name | D2: Tax Rate | E2: Est Rate | F2: 2004 | G2: 2005 | H2: 2006 | I2: 2007 | J2: 2008 | K2: 2009 | L2: 2010 | M2: 2011 | N2: 2012 | O2: 2013 | P2: 2014 | Q2: 2015 | R2: 2016 | S2: 2017 | T2: 2018 | U2: 2019 | V2: NOL Years | W2: NOL Type | X2: Custom Warning | Y2: Consolidated | Z2: Confirmed | AA2: Last Year of 0% tax rate
A3: 1 | B3: 0
A4: =+A3+1 -> 2 | B4: 23 | C4: Aberdeen | D4: =HLOOKUP(D$1,F$2:U$405,(A4+1),FALSE) -> 0.01 | E4: =HLOOKUP(D$1+1,F$2:U$405,(A4+1),FALSE) -> 0.01 | F4: 0 | G4: 0.01 | H4: 0.01 | I4: 0.01 | J4: 0.01 | K4: 0.01 | L4: 0.01 | M4: 0.01 | N4: 0.01 | O4: 0.01 | P4: 0.01 | Q4: 0.01 | R4: 0.01 | S4: 0.01 | T4: 0.01 | U4: 0.01 | V4: 3 | W4: Carryover | AA4: =_xlfn.IFNA(MATCH(0,F4:U4,1),-23) + F$2 -1 -> 2004
A5: =+A4+1 -> 3 | B5: 18 | C5: Addyston | D5: =HLOOKUP(D$1,F$2:U$405,(A5+1),FALSE) -> 0.015 | E5: =HLOOKUP(D$1+1,F$2:U$405,(A5+1),FALSE) -> 0.015 | F5: 0.01 | G5: 0.01 | H5: 0.01 | I5: 0.01 | J5: 0.01 | K5: 0.01 | L5: 0.01 | M5: 0.01 | N5: 0.01 | O5: 0.015 | P5: 0.015 | Q5: 0.015 | R5: 0.015 | S5: 0.015 | T5: 0.015 | U5: 0.015 | V5: 5 | W5: Carryover | AA5: =_xlfn.IFNA(MATCH(0,F5:U5,1),-23) + F$2 -1 -> 1980
A6: =+A5+1 -> 4 | B6: 22 | C6: Adelphi | D6: =HLOOKUP(D$1,F$2:U$405,(A6+1),FALSE) -> 0.01 | E6: =HLOOKUP(D$1+1,F$2:U$405,(A6+1),FALSE) -> 0.01 | F6: 0 | G6: 0 | H6: 0 | I6: 0 | J6: 0 | K6: 0 | L6: 0.01 | M6: 0.01 | N6: 0.01 | O6: 0.01 | P6: 0.01 | Q6: 0.01 | R6: 0.01 | S6: 0.01 | T6: 0.01 | U6: 0.01 | V6: 5 | W6: Carryover | AA6: =_xlfn.IFNA(MATCH(0,F6:U6,1),-23) + F$2 -1 -> 2009
A7: =+A6+1 -> 5 | B7: 44 | C7: Amanda | D7: =HLOOKUP(D$1,F$2:U$405,(A7+1),FALSE) -> 0.01 | E7: =HLOOKUP(D$1+1,F$2:U$405,(A7+1),FALSE) -> 0.01 | F7: 0 | G7: 0 | H7: 0 | I7: 0 | J7: 0 | K7: 0 | L7: 0 | M7: 0 | N7: 0 | O7: 0 | P7: 0 | Q7: 0.0033 | R7: 0.01 | S7: 0.01 | T7: 0.01 | U7: 0.01 | V7: 5 | W7: Carryover | X7: Blended tax rate for 2015 | AA7: =_xlfn.IFNA(MATCH(0,F7:U7,1),-23) + F$2 -1 -> 2014
A8: =+A7+1 -> 6 | B8: 42 | C8: Amelia | D8: =HLOOKUP(D$1,F$2:U$405,(A8+1),FALSE) -> 0.005 | E8: =HLOOKUP(D$1+1,F$2:U$405,(A8+1),FALSE) -> 0.01 | F8: 0 | G8: 0 | H8: 0 | I8: 0 | J8: 0 | K8: 0 | L8: 0 | M8: 0 | N8: 0 | O8: 0 | P8: 0 | Q8: 0 | R8: 0 | S8: 0 | T8: 0.005 | U8: 0.01 | V8: 5 | W8: Carryover | X8: Blended tax rate for 2018 | AA8: =_xlfn.IFNA(MATCH(0,F8:U8,1),-23) + F$2 -1 -> 2017
A9: =+A8+1 -> 7 | B9: 39 | C9: Amsterdam | D9: =HLOOKUP(D$1,F$2:U$405,(A9+1),FALSE) -> 0.01 | E9: =HLOOKUP(D$1+1,F$2:U$405,(A9+1),FALSE) -> 0.01 | F9: 0 | G9: 0 | H9: 0 | I9: 0 | J9: 0 | K9: 0 | L9: 0 | M9: 0 | N9: 0 | O9: 0 | P9: 0.005 | Q9: 0.01 | R9: 0.01 | S9: 0.01 | T9: 0.01 | U9: 0.01 | V9: 5 | W9: Carryover | X9: Blended tax rate for 2014 | AA9: =_xlfn.IFNA(MATCH(0,F9:U9,1),-23) + F$2 -1 -> 2013
A10: =+A9+1 -> 8 | B10: 15 | C10: Andover | D10: =HLOOKUP(D$1,F$2:U$405,(A10+1),FALSE) -> 0.015 | E10: =HLOOKUP(D$1+1,F$2:U$405,(A10+1),FALSE) -> 0.015 | F10: 0.015 | G10: 0.015 | H10: 0.015 | I10: 0.015 | J10: 0.015 | K10: 0.015 | L10: 0.015 | M10: 0.015 | N10: 0.015 | O10: 0.015 | P10: 0.015 | Q10: 0.015 | R10: 0.015 | S10: 0.015 | T10: 0.015 | U10: 0.015 | V10: 5 | W10: Carryover | AA10: =_xlfn.IFNA(MATCH(0,F10:U10,1),-23) + F$2 -1 -> 1980
A11: =+A10+1 -> 9 | B11: 31 | C11: Antwerp | D11: =HLOOKUP(D$1,F$2:U$405,(A11+1),FALSE) -> 0.01 | E11: =HLOOKUP(D$1+1,F$2:U$405,(A11+1),FALSE) -> 0.01 | F11: 0 | G11: 0 | H11: 0.01 | I11: 0.01 | J11: 0.01 | K11: 0.01 | L11: 0.01 | M11: 0.01 | N11: 0.01 | O11: 0.01 | P11: 0.01 | Q11: 0.01 | R11: 0.01 | S11: 0.01 | T11: 0.01 | U11: 0.01 | V11: 5 | W11: Carryover | AA11: =_xlfn.IFNA(MATCH(0,F11:U11,1),-23) + F$2 -1 -> 2005
A12: =+A11+1 -> 10 | B12: 13 | C12: Arlington Heights | D12: =HLOOKUP(D$1,F$2:U$405,(A12+1),FALSE) -> 0.021 | E12: =HLOOKUP(D$1+1,F$2:U$405,(A12+1),FALSE) -> 0.021 | F12: 0.021 | G12: 0.021 | H12: 0.021 | I12: 0.021 | J12: 0.021 | K12: 0.021 | L12: 0.021 | M12: 0.021 | N12: 0.021 | O12: 0.021 | P12: 0.021 | Q12: 0.021 | R12: 0.021 | S12: 0.021 | T12: 0.021 | U12: 0.021 | V12: 5 | W12: Carryover | AA12: =_xlfn.IFNA(MATCH(0,F12:U12,1),-23) + F$2 -1 -> 1980
A13: =+A12+1 -> 11 | B13: 41 | C13: Ashley | D13: =HLOOKUP(D$1,F$2:U$405,(A13+1),FALSE) -> 0.01 | E13: =HLOOKUP(D$1+1,F$2:U$405,(A13+1),FALSE) -> 0.01 | F13: 0 | G13: 0 | H13: 0 | I13: 0 | J13: 0 | K13: 0 | L13: 0 | M13: 0 | N13: 0 | O13: 0 | P13: 0 | Q13: 0 | R13: 0.01 | S13: 0.01 | T13: 0.01 | U13: 0.01 | V13: 5 | W13: Carryover | AA13: =_xlfn.IFNA(MATCH(0,F13:U13,1),-23) + F$2 -1 -> 2015
A14: =+A13+1 -> 12 | B14: 6 | C14: Ashville | D14: =HLOOKUP(D$1,F$2:U$405,(A14+1),FALSE) -> 0.01 | E14: =HLOOKUP(D$1+1,F$2:U$405,(A14+1),FALSE) -> 0.01 | F14: 0.005 | G14: 0.005 | H14: 0.005 | I14: 0.005 | J14: 0.01 | K14: 0.01 | L14: 0.01 | M14: 0.01 | N14: 0.01 | O14: 0.01 | P14: 0.01 | Q14: 0.01 | R14: 0.01 | S14: 0.01 | T14: 0.01 | U14: 0.01 | V14: 5 | W14: Carryover | AA14: =_xlfn.IFNA(MATCH(0,F14:U14,1),-23) + F$2 -1 -> 1980
A15: =+A14+1 -> 13 | B15: 10 | C15: Aurora | D15: =HLOOKUP(D$1,F$2:U$405,(A15+1),FALSE) -> 0.02 | E15: =HLOOKUP(D$1+1,F$2:U$405,(A15+1),FALSE) -> 0.02 | F15: 0.02 | G15: 0.02 | H15: 0.02 | I15: 0.02 | J15: 0.02 | K15: 0.02 | L15: 0.02 | M15: 0.02 | N15: 0.02 | O15: 0.02 | P15: 0.02 | Q15: 0.02 | R15: 0.02 | S15: 0.02 | T15: 0.02 | U15: 0.02 | V15: 5 | W15: Carryover | AA15: =_xlfn.IFNA(MATCH(0,F15:U15,1),-23) + F$2 -1 -> 1980
A16: =+A15+1 -> 14 | B16: 20 | C16: Avon | D16: =HLOOKUP(D$1,F$2:U$405,(A16+1),FALSE) -> 0.0175 | E16: =HLOOKUP(D$1+1,F$2:U$405,(A16+1),FALSE) -> 0.0175 | F16: 0.015 | G16: 0.015 | H16: 0.015 | I16: 0.015 | J16: 0.0175 | K16: 0.0175 | L16: 0.0175 | M16: 0.0175 | N16: 0.0175 | O16: 0.0175 | P16: 0.0175 | Q16: 0.0175 | R16: 0.0175 | S16: 0.0175 | T16: 0.0175 | U16: 0.0175 | V16: 5 | W16: Carryover | AA16: =_xlfn.IFNA(MATCH(0,F16:U16,1),-23) + F$2 -1 -> 1980
A17: =+A16+1 -> 15 | B17: 21 | C17: Avon Lake | D17: =HLOOKUP(D$1,F$2:U$405,(A17+1),FALSE) -> 0.015 | E17: =HLOOKUP(D$1+1,F$2:U$405,(A17+1),FALSE) -> 0.015 | F17: 0.015 | G17: 0.015 | H17: 0.015 | I17: 0.015 | J17: 0.015 | K17: 0.015 | L17: 0.015 | M17: 0.015 | N17: 0.015 | O17: 0.015 | P17: 0.015 | Q17: 0.015 | R17: 0.015 | S17: 0.015 | T17: 0.015 | U17: 0.015 | V17: 5 | W17: Carryover | AA17: =_xlfn.IFNA(MATCH(0,F17:U17,1),-23) + F$2 -1 -> 1980
A18: =+A17+1 -> 16 | B18: 37 | C18: Bainbridge Twp / Solon JEDD | D18: =HLOOKUP(D$1,F$2:U$405,(A18+1),FALSE) -> 0.02 | E18: =HLOOKUP(D$1+1,F$2:U$405,(A18+1),FALSE) -> 0.02 | F18: 0 | G18: 0 | H18: 0 | I18: 0.02 | J18: 0.02 | K18: 0.02 | L18: 0.02 | M18: 0.02 | N18: 0.02 | O18: 0.02 | P18: 0.02 | Q18: 0.02 | R18: 0.02 | S18: 0.02 | T18: 0.02 | U18: 0.02 | V18: 5 | W18: Carryover | AA18: =_xlfn.IFNA(MATCH(0,F18:U18,1),-23) + F$2 -1 -> 2006
A19: =+A18+1 -> 17 | B19: 33 | C19: Baltic | D19: =HLOOKUP(D$1,F$2:U$405,(A19+1),FALSE) -> 0.015 | E19: =HLOOKUP(D$1+1,F$2:U$405,(A19+1),FALSE) -> 0.015 | F19: 0 | G19: 0.01 | H19: 0.01 | I19: 0.01 | J19: 0.01 | K19: 0.01 | L19: 0.01 | M19: 0.01 | N19: 0.01 | O19: 0.01 | P19: 0.01 | Q19: 0.01 | R19: 0.015 | S19: 0.015 | T19: 0.015 | U19: 0.015 | V19: 5 | W19: Carryover | AA19: =_xlfn.IFNA(MATCH(0,F19:U19,1),-23) + F$2 -1 -> 2004
A20: =+A19+1 -> 18 | B20: 29 | C20: Baltimore | D20: =HLOOKUP(D$1,F$2:U$405,(A20+1),FALSE) -> 0.01 | E20: =HLOOKUP(D$1+1,F$2:U$405,(A20+1),FALSE) -> 0.01 | F20: 0.01 | G20: 0.01 | H20: 0.01 | I20: 0.01 | J20: 0.01 | K20: 0.01 | L20: 0.01 | M20: 0.01 | N20: 0.01 | O20: 0.01 | P20: 0.01 | Q20: 0.01 | R20: 0.01 | S20: 0.01 | T20: 0.01 | U20: 0.01 | V20: 1 | W20: Carryover | AA20: =_xlfn.IFNA(MATCH(0,F20:U20,1),-23) + F$2 -1 -> 1980
A21: =+A20+1 -> 19 | B21: 34 | C21: Barnesville | D21: =HLOOKUP(D$1,F$2:U$405,(A21+1),FALSE) -> 0.01 | E21: =HLOOKUP(D$1+1,F$2:U$405,(A21+1),FALSE) -> 0.01 | F21: 0 | G21: 0.01 | H21: 0.01 | I21: 0.01 | J21: 0.01 | K21: 0.01 | L21: 0.01 | M21: 0.01 | N21: 0.01 | O21: 0.01 | P21: 0.01 | Q21: 0.01 | R21: 0.01 | S21: 0.01 | T21: 0.01 | U21: 0.01 | V21: 5 | W21: Carryover | AA21: =_xlfn.IFNA(MATCH(0,F21:U21,1),-23) + F$2 -1 -> 2004
A22: =+A21+1 -> 20 | B22: 61 | C22: Barnesville JEDD 1 | D22: =HLOOKUP(D$1,F$2:U$405,(A22+1),FALSE) -> 0.01 | E22: =HLOOKUP(D$1+1,F$2:U$405,(A22+1),FALSE) -> 0.01 | F22: 0 | G22: 0 | H22: 0 | I22: 0 | J22: 0.0008 | K22: 0.01 | L22: 0.01 | M22: 0.01 | N22: 0.01 | O22: 0.01 | P22: 0.01 | Q22: 0.01 | R22: 0.01 | S22: 0.01 | T22: 0.01 | U22: 0.01 | V22: 5 | W22: Carryover | X22: Blended tax rate for 2008 | AA22: =_xlfn.IFNA(MATCH(0,F22:U22,1),-23) + F$2 -1 -> 2007
A23: =+A22+1 -> 21 | B23: 62 | C23: Barnesville JEDD 2 | D23: =HLOOKUP(D$1,F$2:U$405,(A23+1),FALSE) -> 0.01 | E23: =HLOOKUP(D$1+1,F$2:U$405,(A23+1),FALSE) -> 0.01 | F23: 0 | G23: 0 | H23: 0 | I23: 0 | J23: 0 | K23: 0 | L23: 0 | M23: 0 | N23: 0.0054 | O23: 0.01 | P23: 0.01 | Q23: 0.01 | R23: 0.01 | S23: 0.01 | T23: 0.01 | U23: 0.01 | V23: 5 | W23: Carryover | X23: Blended tax rate for 2012 | AA23: =_xlfn.IFNA(MATCH(0,F23:U23,1),-23) + F$2 -1 -> 2011
A24: =+A23+1 -> 22 | B24: 40 | C24: Bay Village | D24: =HLOOKUP(D$1,F$2:U$405,(A24+1),FALSE) -> 0.015 | E24: =HLOOKUP(D$1+1,F$2:U$405,(A24+1),FALSE) -> 0.015 | F24: 0.015 | G24: 0.015 | H24: 0.015 | I24: 0.015 | J24: 0.015 | K24: 0.015 | L24: 0.015 | M24: 0.015 | N24: 0.015 | O24: 0.015 | P24: 0.015 | Q24: 0.015 | R24: 0.015 | S24: 0.015 | T24: 0.015 | U24: 0.015 | V24: 5 | W24: Carryover | AA24: =_xlfn.IFNA(MATCH(0,F24:U24,1),-23) + F$2 -1 -> 1980
A25: =+A24+1 -> 23 | B25: 50 | C25: Beachwood | D25: =HLOOKUP(D$1,F$2:U$405,(A25+1),FALSE) -> 0.02 | E25: =HLOOKUP(D$1+1,F$2:U$405,(A25+1),FALSE) -> 0.02 | F25: 0.015 | G25: 0.015 | H25: 0.015 | I25: 0.015 | J25: 0.015 | K25: 0.015 | L25: 0.015 | M25: 0.02 | N25: 0.02 | O25: 0.02 | P25: 0.02 | Q25: 0.02 | R25: 0.02 | S25: 0.02 | T25: 0.02 | U25: 0.02 | V25: 5 | W25: Carryover | AA25: =_xlfn.IFNA(MATCH(0,F25:U25,1),-23) + F$2 -1 -> 1980
A26: =+A25+1 -> 24 | B26: 54 | C26: Beaverdam | D26: =HLOOKUP(D$1,F$2:U$405,(A26+1),FALSE) -> 0.01 | E26: =HLOOKUP(D$1+1,F$2:U$405,(A26+1),FALSE) -> 0.01 | F26: 0 | G26: 0 | H26: 0 | I26: 0 | J26: 0 | K26: 0 | L26: 0.01 | M26: 0.01 | N26: 0.01 | O26: 0.01 | P26: 0.01 | Q26: 0.01 | R26: 0.01 | S26: 0.01 | T26: 0.01 | U26: 0.01 | V26: 5 | W26: Carryover | AA26: =_xlfn.IFNA(MATCH(0,F26:U26,1),-23) + F$2 -1 -> 2009
A27: =+A26+1 -> 25 | B27: 65 | C27: Bedford Heights | D27: =HLOOKUP(D$1,F$2:U$405,(A27+1),FALSE) -> 0.02 | E27: =HLOOKUP(D$1+1,F$2:U$405,(A27+1),FALSE) -> 0.02 | F27: 0.02 | G27: 0.02 | H27: 0.02 | I27: 0.02 | J27: 0.02 | K27: 0.02 | L27: 0.02 | M27: 0.02 | N27: 0.02 | O27: 0.02 | P27: 0.02 | Q27: 0.02 | R27: 0.02 | S27: 0.02 | T27: 0.02 | U27: 0.02 | V27: 5 | W27: Carryover | AA27: =_xlfn.IFNA(MATCH(0,F27:U27,1),-23) + F$2 -1 -> 1980
A28: =+A27+1 -> 26 | B28: 83 | C28: Belle Center | D28: =HLOOKUP(D$1,F$2:U$405,(A28+1),FALSE) -> 0.01 | E28: =HLOOKUP(D$1+1,F$2:U$405,(A28+1),FALSE) -> 0.01 | F28: 0.01 | G28: 0.01 | H28: 0.01 | I28: 0.01 | J28: 0.01 | K28: 0.01 | L28: 0.01 | M28: 0.01 | N28: 0.01 | O28: 0.01 | P28: 0.01 | Q28: 0.01 | R28: 0.01 | S28: 0.01 | T28: 0.01 | U28: 0.01 | V28: 0 | W28: n/a | AA28: =_xlfn.IFNA(MATCH(0,F28:U28,1),-23) + F$2 -1 -> 1980
A29: =+A28+1 -> 27 | B29: 87 | C29: Bellefontaine | D29: =HLOOKUP(D$1,F$2:U$405,(A29+1),FALSE) -> 0.013333 | E29: =HLOOKUP(D$1+1,F$2:U$405,(A29+1),FALSE) -> 0.013333 | F29: 0.013333 | G29: 0.013333 | H29: 0.013333 | I29: 0.013333 | J29: 0.013333 | K29: 0.013333 | L29: 0.013333 | M29: 0.013333 | N29: 0.013333 | O29: 0.013333 | P29: 0.013333 | Q29: 0.013333 | R29: 0.013333 | S29: 0.013333 | T29: 0.013333 | U29: 0.013333 | V29: 0 | W29: n/a | AA29: =_xlfn.IFNA(MATCH(0,F29:U29,1),-23) + F$2 -1 -> 1980
A30: =+A29+1 -> 28 | B30: 86 | C30: Bellevue | D30: =HLOOKUP(D$1,F$2:U$405,(A30+1),FALSE) -> 0.0175 | E30: =HLOOKUP(D$1+1,F$2:U$405,(A30+1),FALSE) -> 0.02 | F30: 0.015 | G30: 0.015 | H30: 0.015 | I30: 0.015 | J30: 0.015 | K30: 0.015 | L30: 0.015 | M30: 0.015 | N30: 0.015 | O30: 0.015 | P30: 0.015 | Q30: 0.015 | R30: 0.015 | S30: 0.015 | T30: 0.0175 | U30: 0.02 | V30: 1 | W30: Carryover | X30: Blended tax rate for 2018 | AA30: =_xlfn.IFNA(MATCH(0,F30:U30,1),-23) + F$2 -1 -> 1980
A31: =+A30+1 -> 29 | B31: 89 | C31: Belpre | D31: =HLOOKUP(D$1,F$2:U$405,(A31+1),FALSE) -> 0.01 | E31: =HLOOKUP(D$1+1,F$2:U$405,(A31+1),FALSE) -> 0.01 | F31: 0 | G31: 0.01 | H31: 0.01 | I31: 0.01 | J31: 0.01 | K31: 0.01 | L31: 0.01 | M31: 0.01 | N31: 0.01 | O31: 0.01 | P31: 0.01 | Q31: 0.01 | R31: 0.01 | S31: 0.01 | T31: 0.01 | U31: 0.01 | V31: 5 | W31: Carryover | AA31: =_xlfn.IFNA(MATCH(0,F31:U31,1),-23) + F$2 -1 -> 2004
A32: =+A31+1 -> 30 | B32: 90 | C32: Bentleyville | D32: =HLOOKUP(D$1,F$2:U$405,(A32+1),FALSE) -> 0.01 | E32: =HLOOKUP(D$1+1,F$2:U$405,(A32+1),FALSE) -> 0.01 | F32: 0.01 | G32: 0.01 | H32: 0.01 | I32: 0.01 | J32: 0.01 | K32: 0.01 | L32: 0.01 | M32: 0.01 | N32: 0.01 | O32: 0.01 | P32: 0.01 | Q32: 0.01 | R32: 0.01 | S32: 0.01 | T32: 0.01 | U32: 0.01 | V32: 5 | W32: Carryover | AA32: =_xlfn.IFNA(MATCH(0,F32:U32,1),-23) + F$2 -1 -> 1980
A33: =+A32+1 -> 31 | B33: 100 | C33: Berea | D33: =HLOOKUP(D$1,F$2:U$405,(A33+1),FALSE) -> 0.02 | E33: =HLOOKUP(D$1+1,F$2:U$405,(A33+1),FALSE) -> 0.02 | F33: 0.02 | G33: 0.02 | H33: 0.02 | I33: 0.02 | J33: 0.02 | K33: 0.02 | L33: 0.02 | M33: 0.02 | N33: 0.02 | O33: 0.02 | P33: 0.02 | Q33: 0.02 | R33: 0.02 | S33: 0.02 | T33: 0.02 | U33: 0.02 | V33: 5 | W33: Carryover | AA33: =_xlfn.IFNA(MATCH(0,F33:U33,1),-23) + F$2 -1 -> 1980
A34: =+A33+1 -> 32 | B34: 116 | C34: Bethel | D34: =HLOOKUP(D$1,F$2:U$405,(A34+1),FALSE) -> 0.005 | E34: =HLOOKUP(D$1+1,F$2:U$405,(A34+1),FALSE) -> 0.005 | F34: 0 | G34: 0 | H34: 0 | I34: 0 | J34: 0 | K34: 0 | L34: 0 | M34: 0 | N34: 0 | O34: 0 | P34: 0 | Q34: 0 | R34: 0.005 | S34: 0.005 | T34: 0.005 | U34: 0.005 | V34: 5 | W34: Carryover | AA34: =_xlfn.IFNA(MATCH(0,F34:U34,1),-23) + F$2 -1 -> 2015
A35: =+A34+1 -> 33 | B35: 102 | C35: Bettsville | D35: =HLOOKUP(D$1,F$2:U$405,(A35+1),FALSE) -> 0.01 | E35: =HLOOKUP(D$1+1,F$2:U$405,(A35+1),FALSE) -> 0.01 | F35: 0 | G35: 0 | H35: 0 | I35: 0.01 | J35: 0.01 | K35: 0.01 | L35: 0.01 | M35: 0.01 | N35: 0.01 | O35: 0.01 | P35: 0.01 | Q35: 0.01 | R35: 0.01 | S35: 0.01 | T35: 0.01 | U35: 0.01 | V35: 5 | W35: Carryover | AA35: =_xlfn.IFNA(MATCH(0,F35:U35,1),-23) + F$2 -1 -> 2006
A36: =+A35+1 -> 34 | B36: 104 | C36: Bexley | D36: =HLOOKUP(D$1,F$2:U$405,(A36+1),FALSE) -> 0.025 | E36: =HLOOKUP(D$1+1,F$2:U$405,(A36+1),FALSE) -> 0.025 | F36: 0.02 | G36: 0.02 | H36: 0.02 | I36: 0.02 | J36: 0.02 | K36: 0.02 | L36: 0.02 | M36: 0.02 | N36: 0.025 | O36: 0.025 | P36: 0.025 | Q36: 0.025 | R36: 0.025 | S36: 0.025 | T36: 0.025 | U36: 0.025 | V36: 0 | W36: n/a | AA36: =_xlfn.IFNA(MATCH(0,F36:U36,1),-23) + F$2 -1 -> 1980
A37: =+A36+1 -> 35 | B37: 96 | C37: Bloomdale | D37: =HLOOKUP(D$1,F$2:U$405,(A37+1),FALSE) -> 0.01 | E37: =HLOOKUP(D$1+1,F$2:U$405,(A37+1),FALSE) -> 0.01 | F37: 0.01 | G37: 0.01 | H37: 0.01 | I37: 0.01 | J37: 0.01 | K37: 0.01 | L37: 0.01 | M37: 0.01 | N37: 0.01 | O37: 0.01 | P37: 0.01 | Q37: 0.01 | R37: 0.01 | S37: 0.01 | T37: 0.01 | U37: 0.01 | V37: 5 | W37: Carryover | AA37: =_xlfn.IFNA(MATCH(0,F37:U37,1),-23) + F$2 -1 -> 1980
A38: =+A37+1 -> 36 | B38: 95 | C38: Bloomingdale | D38: =HLOOKUP(D$1,F$2:U$405,(A38+1),FALSE) -> 0.01 | E38: =HLOOKUP(D$1+1,F$2:U$405,(A38+1),FALSE) -> 0.01 | F38: 0 | G38: 0 | H38: 0 | I38: 0 | J38: 0.01 | K38: 0.01 | L38: 0.01 | M38: 0.01 | N38: 0.01 | O38: 0.01 | P38: 0.01 | Q38: 0.01 | R38: 0.01 | S38: 0.01 | T38: 0.01 | U38: 0.01 | V38: 5 | W38: Carryover | AA38: =_xlfn.IFNA(MATCH(0,F38:U38,1),-23) + F$2 -1 -> 2007
A39: =+A38+1 -> 37 | B39: 123 | C39: Bloomville | D39: =HLOOKUP(D$1,F$2:U$405,(A39+1),FALSE) -> 0 | E39: =HLOOKUP(D$1+1,F$2:U$405,(A39+1),FALSE) -> 0.01 | F39: 0 | G39: 0 | H39: 0 | I39: 0 | J39: 0 | K39: 0 | L39: 0 | M39: 0 | N39: 0 | O39: 0 | P39: 0 | Q39: 0 | R39: 0 | S39: 0 | T39: 0 | U39: 0.01 | V39: 5 | W39: Carryover | AA39: =_xlfn.IFNA(MATCH(0,F39:U39,1),-23) + F$2 -1 -> 2018
A40: =+A39+1 -> 38 | B40: 110 | C40: Boston Heights | D40: =HLOOKUP(D$1,F$2:U$405,(A40+1),FALSE) -> 0.02 | E40: =HLOOKUP(D$1+1,F$2:U$405,(A40+1),FALSE) -> 0.02 | F40: 0.015 | G40: 0.02 | H40: 0.02 | I40: 0.02 | J40: 0.02 | K40: 0.02 | L40: 0.02 | M40: 0.02 | N40: 0.02 | O40: 0.02 | P40: 0.02 | Q40: 0.02 | R40: 0.02 | S40: 0.02 | T40: 0.02 | U40: 0.02 | V40: 3 | W40: Carryover | AA40: =_xlfn.IFNA(MATCH(0,F40:U40,1),-23) + F$2 -1 -> 1980
A41: =+A40+1 -> 39 | B41: 117 | C41: Boston Twp / Peninsula JEDD | D41: =HLOOKUP(D$1,F$2:U$405,(A41+1),FALSE) -> 0.02 | E41: =HLOOKUP(D$1+1,F$2:U$405,(A41+1),FALSE) -> 0.02 | F41: 0 | G41: 0 | H41: 0 | I41: 0 | J41: 0 | K41: 0 | L41: 0 | M41: 0 | N41: 0.02 | O41: 0.02 | P41: 0.02 | Q41: 0.02 | R41: 0.02 | S41: 0.02 | T41: 0.02 | U41: 0.02 | V41: 5 | W41: Carryover | AA41: =_xlfn.IFNA(MATCH(0,F41:U41,1),-23) + F$2 -1 -> 2011
A42: =+A41+1 -> 40 | B42: 130 | C42: Brecksville | D42: =HLOOKUP(D$1,F$2:U$405,(A42+1),FALSE) -> 0.02 | E42: =HLOOKUP(D$1+1,F$2:U$405,(A42+1),FALSE) -> 0.02 | F42: 0.02 | G42: 0.02 | H42: 0.02 | I42: 0.02 | J42: 0.02 | K42: 0.02 | L42: 0.02 | M42: 0.02 | N42: 0.02 | O42: 0.02 | P42: 0.02 | Q42: 0.02 | R42: 0.02 | S42: 0.02 | T42: 0.02 | U42: 0.02 | V42: 5 | W42: Carryover | AA42: =_xlfn.IFNA(MATCH(0,F42:U42,1),-23) + F$2 -1 -> 1980
... A47: =+A46+1 -> 45 | B47: 150 | C47: Brooklyn | D47: =HLOOKUP(D$1,F$2:U$405,(A47+1),FALSE) -> 0.025 | E47: =HLOOKUP(D$1+1,F$2:U$405,(A47+1),FALSE) -> 0.025 | F47: 0.02 | G47: 0.02 | H47: 0.02 | I47: 0.02 | J47: 0.02 | K47: 0.025 | L47: 0.025 | M47: 0.025 | N47: 0.025 | O47: 0.025 | P47: 0.025 | Q47: 0.025 | R47: 0.025 | S47: 0.025 | T47: 0.025 | U47: 0.025 | V47: 5 | W47: Carryover | AA47: =_xlfn.IFNA(MATCH(0,F47:U47,1),-23) + F$2 -1 -> 1980
A48: =+A47+1 -> 46 | B48: 160 | C48: Brooklyn Heights | D48: =HLOOKUP(D$1,F$2:U$405,(A48+1),FALSE) -> 0.0225 | E48: =HLOOKUP(D$1+1,F$2:U$405,(A48+1),FALSE) -> 0.025 | F48: 0.02 | G48: 0.02 | H48: 0.02 | I48: 0.02 | J48: 0.02 | K48: 0.02 | L48: 0.02 | M48: 0.02 | N48: 0.02 | O48: 0.02 | P48: 0.02 | Q48: 0.02 | R48: 0.02 | S48: 0.02 | T48: 0.0225 | U48: 0.025 | V48: 5 | W48: Carryover | X48: Blended tax rate for 2018 | AA48: =_xlfn.IFNA(MATCH(0,F48:U48,1),-23) + F$2 -1 -> 1980
A49: =+A48+1 -> 47 | B49: 154 | C49: Buckland | D49: =HLOOKUP(D$1,F$2:U$405,(A49+1),FALSE) -> 0.01 | E49: =HLOOKUP(D$1+1,F$2:U$405,(A49+1),FALSE) -> 0.01 | F49: 0 | G49: 0 | H49: 0 | I49: 0 | J49: 0 | K49: 0 | L49: 0 | M49: 0 | N49: 0 | O49: 0.005 | P49: 0.01 | Q49: 0.01 | R49: 0.01 | S49: 0.01 | T49: 0.01 | U49: 0.01 | V49: 5 | W49: Carryover | X49: Blended tax rate for 2013 | AA49: =_xlfn.IFNA(MATCH(0,F49:U49,1),-23) + F$2 -1 -> 2012
A50: =+A49+1 -> 48 | B50: 162 | C50: Cairo | D50: =HLOOKUP(D$1,F$2:U$405,(A50+1),FALSE) -> 0.005 | E50: =HLOOKUP(D$1+1,F$2:U$405,(A50+1),FALSE) -> 0.005 | F50: 0 | G50: 0 | H50: 0.01 | I50: 0.005 | J50: 0.005 | K50: 0.005 | L50: 0.005 | M50: 0.005 | N50: 0.005 | O50: 0.005 | P50: 0.005 | Q50: 0.005 | R50: 0.005 | S50: 0.005 | T50: 0.005 | U50: 0.005 | V50: 5 | W50: Carryover | AA50: =_xlfn.IFNA(MATCH(0,F50:U50,1),-23) + F$2 -1 -> 2005
A51: =+A50+1 -> 49 | B51: 232 | C51: Camden | D51: =HLOOKUP(D$1,F$2:U$405,(A51+1),FALSE) -> 0.01 | E51: =HLOOKUP(D$1+1,F$2:U$405,(A51+1),FALSE) -> 0.01 | F51: 0 | G51: 0 | H51: 0 | I51: 0 | J51: 0 | K51: 0 | L51: 0 | M51: 0 | N51: 0 | O51: 0 | P51: 0.01 | Q51: 0.01 | R51: 0.01 | S51: 0.01 | T51: 0.01 | U51: 0.01 | V51: 5 | W51: Carryover | AA51: =_xlfn.IFNA(MATCH(0,F51:U51,1),-23) + F$2 -1 -> 2013
A52: =+A51+1 -> 50 | B52: 167 | C52: Campbell | D52: =HLOOKUP(D$1,F$2:U$405,(A52+1),FALSE) -> 0.025 | E52: =HLOOKUP(D$1+1,F$2:U$405,(A52+1),FALSE) -> 0.025 | F52: 0.02 | G52: 0.025 | H52: 0.025 | I52: 0.025 | J52: 0.025 | K52: 0.025 | L52: 0.025 | M52: 0.025 | N52: 0.025 | O52: 0.025 | P52: 0.025 | Q52: 0.025 | R52: 0.025 | S52: 0.025 | T52: 0.025 | U52: 0.025 | V52: 5 | W52: Carryover | AA52: =_xlfn.IFNA(MATCH(0,F52:U52,1),-23) + F$2 -1 -> 1980
A53: =+A52+1 -> 51 | B53: 175 | C53: Canal Winchester | D53: =HLOOKUP(D$1,F$2:U$405,(A53+1),FALSE) -> 0 | E53: =HLOOKUP(D$1+1,F$2:U$405,(A53+1),FALSE) -> 0.02 | F53: 0 | G53: 0 | H53: 0 | I53: 0 | J53: 0 | K53: 0 | L53: 0 | M53: 0 | N53: 0 | O53: 0 | P53: 0 | Q53: 0 | R53: 0 | S53: 0 | T53: 0 | U53: 0.02 | V53: 0 | W53: n/a | AA53: =_xlfn.IFNA(MATCH(0,F53:U53,1),-23) + F$2 -1 -> 2018
A54: =+A53+1 -> 52 | B54: 168 | C54: Cardington | D54: =HLOOKUP(D$1,F$2:U$405,(A54+1),FALSE) -> 0.01 | E54: =HLOOKUP(D$1+1,F$2:U$405,(A54+1),FALSE) -> 0.01 | F54: 0.01 | G54: 0.01 | H54: 0.01 | I54: 0.01 | J54: 0.01 | K54: 0.01 | L54: 0.01 | M54: 0.01 | N54: 0.01 | O54: 0.01 | P54: 0.01 | Q54: 0.01 | R54: 0.01 | S54: 0.01 | T54: 0.01 | U54: 0.01 | V54: 5 | W54: Carryover | AA54: =_xlfn.IFNA(MATCH(0,F54:U54,1),-23) + F$2 -1 -> 1980
A55: =+A54+1 -> 53 | B55: 202 | C55: Carroll | D55: =HLOOKUP(D$1,F$2:U$405,(A55+1),FALSE) -> 0.0075 | E55: =HLOOKUP(D$1+1,F$2:U$405,(A55+1),FALSE) -> 0.0075 | F55: 0 | G55: 0.0075 | H55: 0.0075 | I55: 0.0075 | J55: 0.0075 | K55: 0.0075 | L55: 0.0075 | M55: 0.0075 | N55: 0.0075 | O55: 0.0075 | P55: 0.0075 | Q55: 0.0075 | R55: 0.0075 | S55: 0.0075 | T55: 0.0075 | U55: 0.0075 | V55: 5 | W55: Carryover | AA55: =_xlfn.IFNA(MATCH(0,F55:U55,1),-23) + F$2 -1 -> 2004
A56: =+A55+1 -> 54 | B56: 203 | C56: Carrollton | D56: =HLOOKUP(D$1,F$2:U$405,(A56+1),FALSE) -> 0.01 | E56: =HLOOKUP(D$1+1,F$2:U$405,(A56+1),FALSE) -> 0.01 | F56: 0 | G56: 0.01 | H56: 0.01 | I56: 0.01 | J56: 0.01 | K56: 0.01 | L56: 0.01 | M56: 0.01 | N56: 0.01 | O56: 0.01 | P56: 0.01 | Q56: 0.01 | R56: 0.01 | S56: 0.01 | T56: 0.01 | U56: 0.01 | V56: 0 | W56: n/a | AA56: =_xlfn.IFNA(MATCH(0,F56:U56,1),-23) + F$2 -1 -> 2004
A57: =+A56+1 -> 55 | B57: 204 | C57: Catawba | D57: =HLOOKUP(D$1,F$2:U$405,(A57+1),FALSE) -> 0.01 | E57: =HLOOKUP(D$1+1,F$2:U$405,(A57+1),FALSE) -> 0.01 | F57: 0 | G57: 0.01 | H57: 0.01 | I57: 0.01 | J57: 0.01 | K57: 0.01 | L57: 0.01 | M57: 0.01 | N57: 0.01 | O57: 0.01 | P57: 0.01 | Q57: 0.01 | R57: 0.01 | S57: 0.01 | T57: 0.01 | U57: 0.01 | V57: 5 | W57: Carryover | AA57: =_xlfn.IFNA(MATCH(0,F57:U57,1),-23) + F$2 -1 -> 2004
A58: =+A57+1 -> 56 | B58: 195 | C58: Cecil | D58: =HLOOKUP(D$1,F$2:U$405,(A58+1),FALSE) -> 0.01 | E58: =HLOOKUP(D$1+1,F$2:U$405,(A58+1),FALSE) -> 0.01 | F58: 0.01 | G58: 0.01 | H58: 0.01 | I58: 0.01 | J58: 0.01 | K58: 0.01 | L58: 0.01 | M58: 0.01 | N58: 0.01 | O58: 0.01 | P58: 0.01 | Q58: 0.01 | R58: 0.01 | S58: 0.01 | T58: 0.01 | U58: 0.01 | V58: 5 | W58: Carryover | AA58: =_xlfn.IFNA(MATCH(0,F58:U58,1),-23) + F$2 -1 -> 1980
A59: =+A58+1 -> 57 | B59: 192 | C59: Cedarville | D59: =HLOOKUP(D$1,F$2:U$405,(A59+1),FALSE) -> 0.0125 | E59: =HLOOKUP(D$1+1,F$2:U$405,(A59+1),FALSE) -> 0.0125 | F59: 0.01 | G59: 0.01 | H59: 0.01 | I59: 0.01 | J59: 0.01 | K59: 0.01 | L59: 0.01 | M59: 0.01 | N59: 0.01 | O59: 0.01 | P59: 0.01 | Q59: 0.01125 | R59: 0.0125 | S59: 0.0125 | T59: 0.0125 | U59: 0.0125 | V59: 5 | W59: Carryover | X59: Blended tax rate for 2015 | AA59: =_xlfn.IFNA(MATCH(0,F59:U59,1),-23) + F$2 -1 -> 1980
A60: =+A59+1 -> 58 | B60: 194 | C60: Centerburg | D60: =HLOOKUP(D$1,F$2:U$405,(A60+1),FALSE) -> 0.01 | E60: =HLOOKUP(D$1+1,F$2:U$405,(A60+1),FALSE) -> 0.01 | F60: 0.01 | G60: 0.01 | H60: 0.01 | I60: 0.01 | J60: 0.01 | K60: 0.01 | L60: 0.01 | M60: 0.01 | N60: 0.01 | O60: 0.01 | P60: 0.01 | Q60: 0.01 | R60: 0.01 | S60: 0.01 | T60: 0.01 | U60: 0.01 | V60: 5 | W60: Carryover | AA60: =_xlfn.IFNA(MATCH(0,F60:U60,1),-23) + F$2 -1 -> 1980
A61: =+A60+1 -> 59 | B61: 180 | C61: Chagrin Falls | D61: =HLOOKUP(D$1,F$2:U$405,(A61+1),FALSE) -> 0.0185 | E61: =HLOOKUP(D$1+1,F$2:U$405,(A61+1),FALSE) -> 0.0185 | F61: 0.015 | G61: 0.015 | H61: 0.015 | I61: 0.015 | J61: 0.015 | K61: 0.015 | L61: 0.015 | M61: 0.015 | N61: 0.015 | O61: 0.015 | P61: 0.015 | Q61: 0.015 | R61: 0.015 | S61: 0.0185 | T61: 0.0185 | U61: 0.0185 | V61: 5 | W61: Carryover | X61: Rate Changed 1/01/17 | AA61: =_xlfn.IFNA(MATCH(0,F61:U61,1),-23) + F$2 -1 -> 1980
A62: =+A61+1 -> 60 | B62: 185 | C62: Chardon | D62: =HLOOKUP(D$1,F$2:U$405,(A62+1),FALSE) -> 0.02 | E62: =HLOOKUP(D$1+1,F$2:U$405,(A62+1),FALSE) -> 0.02 | F62: 0.01 | G62: 0.02 | H62: 0.02 | I62: 0.02 | J62: 0.02 | K62: 0.02 | L62: 0.02 | M62: 0.02 | N62: 0.02 | O62: 0.02 | P62: 0.02 | Q62: 0.02 | R62: 0.02 | S62: 0.02 | T62: 0.02 | U62: 0.02 | V62: 5 | W62: Carryover | AA62: =_xlfn.IFNA(MATCH(0,F62:U62,1),-23) + F$2 -1 -> 1980
A63: =+A62+1 -> 61 | B63: 126 | C63: Chesterville | D63: =HLOOKUP(D$1,F$2:U$405,(A63+1),FALSE) -> 0.005 | E63: =HLOOKUP(D$1+1,F$2:U$405,(A63+1),FALSE) -> 0.01 | F63: 0 | G63: 0 | H63: 0 | I63: 0 | J63: 0 | K63: 0 | L63: 0 | M63: 0 | N63: 0 | O63: 0 | P63: 0 | Q63: 0 | R63: 0 | S63: 0 | T63: 0.005 | U63: 0.01 | V63: 5 | W63: Carryover | X63: Blended tax rate for 2018 | AA63: =_xlfn.IFNA(MATCH(0,F63:U63,1),-23) + F$2 -1 -> 2017
A64: =+A63+1 -> 62 | B64: 190 | C64: Circleville | D64: =HLOOKUP(D$1,F$2:U$405,(A64+1),FALSE) -> 0.02 | E64: =HLOOKUP(D$1+1,F$2:U$405,(A64+1),FALSE) -> 0.02 | F64: 0.015 | G64: 0.015 | H64: 0.015 | I64: 0.015 | J64: 0.015 | K64: 0.015 | L64: 0.015 | M64: 0.015 | N64: 0.015 | O64: 0.015 | P64: 0.015 | Q64: 0.02 | R64: 0.02 | S64: 0.02 | T64: 0.02 | U64: 0.02 | V64: 0 | W64: n/a | AA64: =_xlfn.IFNA(MATCH(0,F64:U64,1),-23) + F$2 -1 -> 1980
A65: =+A64+1 -> 63 | B65: 151 | C65: Circleville-Pickaway Twp JEDD | D65: =HLOOKUP(D$1,F$2:U$405,(A65+1),FALSE) -> 0.02 | E65: =HLOOKUP(D$1+1,F$2:U$405,(A65+1),FALSE) -> 0.02 | F65: 0 | G65: 0 | H65: 0 | I65: 0 | J65: 0 | K65: 0 | L65: 0 | M65: 0 | N65: 0 | O65: 0 | P65: 0 | Q65: 0 | R65: 0.0033 | S65: 0.02 | T65: 0.02 | U65: 0.02 | V65: 5 | W65: Carryover | X65: Blended tax rate for 2016 | AA65: =_xlfn.IFNA(MATCH(0,F65:U65,1),-23) + F$2 -1 -> 2015
A66: =+A65+1 -> 64 | B66: 237 | C66: Clarksville | D66: =HLOOKUP(D$1,F$2:U$405,(A66+1),FALSE) -> 0.01 | E66: =HLOOKUP(D$1+1,F$2:U$405,(A66+1),FALSE) -> 0.01 | F66: 0 | G66: 0 | H66: 0 | I66: 0 | J66: 0 | K66: 0 | L66: 0 | M66: 0 | N66: 0 | O66: 0 | P66: 0 | Q66: 0 | R66: 0.005 | S66: 0.01 | T66: 0.01 | U66: 0.01 | V66: 5 | W66: Carryover | X66: Blended tax rate for 2016 | AA66: =_xlfn.IFNA(MATCH(0,F66:U66,1),-23) + F$2 -1 -> 2015
A67: =+A66+1 -> 65 | B67: 210 | C67: Cleveland Heights | D67: =HLOOKUP(D$1,F$2:U$405,(A67+1),FALSE) -> 0.0225 | E67: =HLOOKUP(D$1+1,F$2:U$405,(A67+1),FALSE) -> 0.0225 | F67: 0.02 | G67: 0.02 | H67: 0.02 | I67: 0.02 | J67: 0.02 | K67: 0.02 | L67: 0.02 | M67: 0.02 | N67: 0.02 | O67: 0.02 | P67: 0.02 | Q67: 0.02 | R67: 0.0225 | S67: 0.0225 | T67: 0.0225 | U67: 0.0225 | V67: 5 | W67: Carryover | X67: Rate Changed 1/01/16 | AA67: =_xlfn.IFNA(MATCH(0,F67:U67,1),-23) + F$2 -1 -> 1980
A68: =+A67+1 -> 66 | B68: 159 | C68: Clinton | D68: =HLOOKUP(D$1,F$2:U$405,(A68+1),FALSE) -> 0.01 | E68: =HLOOKUP(D$1+1,F$2:U$405,(A68+1),FALSE) -> 0.01 | F68: 0 | G68: 0 | H68: 0 | I68: 0 | J68: 0 | K68: 0 | L68: 0 | M68: 0 | N68: 0.01 | O68: 0.01 | P68: 0.01 | Q68: 0.01 | R68: 0.01 | S68: 0.01 | T68: 0.01 | U68: 0.01 | V68: 0 | W68: n/a | AA68: =_xlfn.IFNA(MATCH(0,F68:U68,1),-23) + F$2 -1 -> 2011
A69: =+A68+1 -> 67 | B69: 293 | C69: Clinton Twp/Grandview Hts JEDZ | D69: =HLOOKUP(D$1,F$2:U$405,(A69+1),FALSE) -> 0.025 | E69: =HLOOKUP(D$1+1,F$2:U$405,(A69+1),FALSE) -> 0.025 | F69: 0 | G69: 0 | H69: 0 | I69: 0 | J69: 0 | K69: 0 | L69: 0 | M69: 0 | N69: 0 | O69: 0 | P69: 0.01875 | Q69: 0.025 | R69: 0.025 | S69: 0.025 | T69: 0.025 | U69: 0.025 | V69: 0 | W69: n/a | X69: Blended tax rate for 2014 | AA69: =_xlfn.IFNA(MATCH(0,F69:U69,1),-23) + F$2 -1 -> 2013
A70: =+A69+1 -> 68 | B70: 224 | C70: Commercial Point | D70: =HLOOKUP(D$1,F$2:U$405,(A70+1),FALSE) -> 0.0075 | E70: =HLOOKUP(D$1+1,F$2:U$405,(A70+1),FALSE) -> 0.0075 | F70: 0 | G70: 0 | H70: 0 | I70: 0 | J70: 0 | K70: 0.01 | L70: 0.01 | M70: 0.01 | N70: 0.01 | O70: 0.01 | P70: 0.01 | Q70: 0.0075 | R70: 0.0075 | S70: 0.0075 | T70: 0.0075 | U70: 0.0075 | V70: 5 | W70: Carryover | AA70: =_xlfn.IFNA(MATCH(0,F70:U70,1),-23) + F$2 -1 -> 2008
A71: =+A70+1 -> 69 | B71: 236 | C71: Conesville | D71: =HLOOKUP(D$1,F$2:U$405,(A71+1),FALSE) -> 0.01 | E71: =HLOOKUP(D$1+1,F$2:U$405,(A71+1),FALSE) -> 0.01 | F71: 0 | G71: 0 | H71: 0 | I71: 0 | J71: 0 | K71: 0 | L71: 0 | M71: 0 | N71: 0 | O71: 0 | P71: 0 | Q71: 0.01 | R71: 0.01 | S71: 0.01 | T71: 0.01 | U71: 0.01 | V71: 5 | W71: Carryover | AA71: =_xlfn.IFNA(MATCH(0,F71:U71,1),-23) + F$2 -1 -> 2014
A72: =+A71+1 -> 70 | B72: 226 | C72: Continental | D72: =HLOOKUP(D$1,F$2:U$405,(A72+1),FALSE) -> 0.01 | E72: =HLOOKUP(D$1+1,F$2:U$405,(A72+1),FALSE) -> 0.01 | F72: 0 | G72: 0 | H72: 0 | I72: 0 | J72: 0 | K72: 0 | L72: 0 | M72: 0 | N72: 0.01 | O72: 0.01 | P72: 0.01 | Q72: 0.01 | R72: 0.01 | S72: 0.01 | T72: 0.01 | U72: 0.01 | V72: 5 | W72: Carryover | AA72: =_xlfn.IFNA(MATCH(0,F72:U72,1),-23) + F$2 -1 -> 2011
A73: =+A72+1 -> 71 | B73: 223 | C73: Corwin | D73: =HLOOKUP(D$1,F$2:U$405,(A73+1),FALSE) -> 0.005 | E73: =HLOOKUP(D$1+1,F$2:U$405,(A73+1),FALSE) -> 0.005 | F73: 0.015 | G73: 0.005 | H73: 0.005 | I73: 0.005 | J73: 0.005 | K73: 0.005 | L73: 0.005 | M73: 0.005 | N73: 0.005 | O73: 0.005 | P73: 0.005 | Q73: 0.005 | R73: 0.005 | S73: 0.005 | T73: 0.005 | U73: 0.005 | V73: 3 | W73: Carryover | AA73: =_xlfn.IFNA(MATCH(0,F73:U73,1),-23) + F$2 -1 -> 1980
A74: =+A73+1 -> 72 | B74: 220 | C74: Cuyahoga Falls | D74: =HLOOKUP(D$1,F$2:U$405,(A74+1),FALSE) -> 0.02 | E74: =HLOOKUP(D$1+1,F$2:U$405,(A74+1),FALSE) -> 0.02 | F74: 0.02 | G74: 0.02 | H74: 0.02 | I74: 0.02 | J74: 0.02 | K74: 0.02 | L74: 0.02 | M74: 0.02 | N74: 0.02 | O74: 0.02 | P74: 0.02 | Q74: 0.02 | R74: 0.02 | S74: 0.02 | T74: 0.02 | U74: 0.02 | V74: 5 | W74: Carryover | AA74: =_xlfn.IFNA(MATCH(0,F74:U74,1),-23) + F$2 -1 -> 1980
A75: =+A74+1 -> 73 | B75: 135 | C75: Cuyahoga Falls Boston Twp JEDD | D75: =HLOOKUP(D$1,F$2:U$405,(A75+1),FALSE) -> 0.02 | E75: =HLOOKUP(D$1+1,F$2:U$405,(A75+1),FALSE) -> 0.02 | F75: 0.02 | G75: 0.02 | H75: 0.02 | I75: 0.02 | J75: 0.02 | K75: 0.02 | L75: 0.02 | M75: 0.02 | N75: 0.02 | O75: 0.02 | P75: 0.02 | Q75: 0.02 | R75: 0.02 | S75: 0.02 | T75: 0.02 | U75: 0.02 | V75: 5 | W75: Carryover | AA75: =_xlfn.IFNA(MATCH(0,F75:U75,1),-23) + F$2 -1 -> 1980
A76: =+A75+1 -> 74 | B76: 250 | C76: Cuyahoga Heights | D76: =HLOOKUP(D$1,F$2:U$405,(A76+1),FALSE) -> 0.025 | E76: =HLOOKUP(D$1+1,F$2:U$405,(A76+1),FALSE) -> 0.025 | F76: 0.02 | G76: 0.02 | H76: 0.02 | I76: 0.02 | J76: 0.02 | K76: 0.02 | L76: 0.02 | M76: 0.02 | N76: 0.02 | O76: 0.02 | P76: 0.02 | Q76: 0.02 | R76: 0.02 | S76: 0.025 | T76: 0.025 | U76: 0.025 | V76: 5 | W76: Carryover | AA76: =_xlfn.IFNA(MATCH(0,F76:U76,1),-23) + F$2 -1 -> 1980
A77: =+A76+1 -> 75 | B77: 251 | C77: Danville | D77: =HLOOKUP(D$1,F$2:U$405,(A77+1),FALSE) -> 0.015 | E77: =HLOOKUP(D$1+1,F$2:U$405,(A77+1),FALSE) -> 0.015 | F77: 0.01 | G77: 0.01 | H77: 0.01 | I77: 0.01 | J77: 0.01 | K77: 0.01 | L77: 0.01 | M77: 0.01 | N77: 0.01 | O77: 0.01 | P77: 0.01 | Q77: 0.01 | R77: 0.015 | S77: 0.015 | T77: 0.015 | U77: 0.015 | V77: 0 | W77: n/a | X77: Rate Changed 1/01/16 | AA77: =_xlfn.IFNA(MATCH(0,F77:U77,1),-23) + F$2 -1 -> 1980
A78: =+A77+1 -> 76 | B78: 152 | C78: Darbyville | D78: =HLOOKUP(D$1,F$2:U$405,(A78+1),FALSE) -> 0.01 | E78: =HLOOKUP(D$1+1,F$2:U$405,(A78+1),FALSE) -> 0.01 | F78: 0 | G78: 0 | H78: 0 | I78: 0 | J78: 0 | K78: 0 | L78: 0 | M78: 0 | N78: 0 | O78: 0 | P78: 0 | Q78: 0 | R78: 0.0025 | S78: 0.01 | T78: 0.01 | U78: 0.01 | V78: 5 | W78: Carryover | X78: Blended tax rate for 2016 | AA78: =_xlfn.IFNA(MATCH(0,F78:U78,1),-23) + F$2 -1 -> 2015
A79: =+A78+1 -> 77 | B79: 249 | C79: Degraff | D79: =HLOOKUP(D$1,F$2:U$405,(A79+1),FALSE) -> 0.01 | E79: =HLOOKUP(D$1+1,F$2:U$405,(A79+1),FALSE) -> 0.01 | F79: 0.01 | G79: 0.01 | H79: 0.01 | I79: 0.01 | J79: 0.01 | K79: 0.01 | L79: 0.01 | M79: 0.01 | N79: 0.01 | O79: 0.01 | P79: 0.01 | Q79: 0.01 | R79: 0.01 | S79: 0.01 | T79: 0.01 | U79: 0.01 | V79: 0 | W79: Carryover | AA79: =_xlfn.IFNA(MATCH(0,F79:U79,1),-23) + F$2 -1 -> 1980
A80: =+A79+1 -> 78 | B80: 256 | C80: Dennison | D80: =HLOOKUP(D$1,F$2:U$405,(A80+1),FALSE) -> 0.02 | E80: =HLOOKUP(D$1+1,F$2:U$405,(A80+1),FALSE) -> 0.02 | F80: 0.02 | G80: 0.02 | H80: 0.02 | I80: 0.02 | J80: 0.02 | K80: 0.02 | L80: 0.02 | M80: 0.02 | N80: 0.02 | O80: 0.02 | P80: 0.02 | Q80: 0.02 | R80: 0.02 | S80: 0.02 | T80: 0.02 | U80: 0.02 | V80: 0 | W80: n/a | AA80: =_xlfn.IFNA(MATCH(0,F80:U80,1),-23) + F$2 -1 -> 1980
A81: =+A80+1 -> 79 | B81: 270 | C81: East Cleveland | D81: =HLOOKUP(D$1,F$2:U$405,(A81+1),FALSE) -> 0.02 | E81: =HLOOKUP(D$1+1,F$2:U$405,(A81+1),FALSE) -> 0.02 | F81: 0.02 | G81: 0.02 | H81: 0.02 | I81: 0.02 | J81: 0.02 | K81: 0.02 | L81: 0.02 | M81: 0.02 | N81: 0.02 | O81: 0.02 | P81: 0.02 | Q81: 0.02 | R81: 0.02 | S81: 0.02 | T81: 0.02 | U81: 0.02 | V81: 5 | W81: Carryover | AA81: =_xlfn.IFNA(MATCH(0,F81:U81,1),-23) + F$2 -1 -> 1980
A82: =+A81+1 -> 80 | B82: 268 | C82: East Palestine | D82: =HLOOKUP(D$1,F$2:U$405,(A82+1),FALSE) -> 0.01 | E82: =HLOOKUP(D$1+1,F$2:U$405,(A82+1),FALSE) -> 0.01 | F82: 0.01 | G82: 0.01 | H82: 0.01 | I82: 0.01 | J82: 0.01 | K82: 0.01 | L82: 0.01 | M82: 0.01 | N82: 0.01 | O82: 0.01 | P82: 0.01 | Q82: 0.01 | R82: 0.01 | S82: 0.01 | T82: 0.01 | U82: 0.01 | V82: 0 | W82: n/a | AA82: =_xlfn.IFNA(MATCH(0,F82:U82,1),-23) + F$2 -1 -> 1980
A83: =+A82+1 -> 81 | B83: 273 | C83: Eastlake | D83: =HLOOKUP(D$1,F$2:U$405,(A83+1),FALSE) -> 0.02 | E83: =HLOOKUP(D$1+1,F$2:U$405,(A83+1),FALSE) -> 0.02 | F83: 0.02 | G83: 0.02 | H83: 0.02 | I83: 0.02 | J83: 0.02 | K83: 0.02 | L83: 0.02 | M83: 0.02 | N83: 0.02 | O83: 0.02 | P83: 0.02 | Q83: 0.02 | R83: 0.02 | S83: 0.02 | T83: 0.02 | U83: 0.02 | V83: 1 | W83: Carryover | AA83: =_xlfn.IFNA(MATCH(0,F83:U83,1),-23) + F$2 -1 -> 1980
A84: =+A83+1 -> 82 | B84: 246 | C84: Eaton | D84: =HLOOKUP(D$1,F$2:U$405,(A84+1),FALSE) -> 0.015 | E84: =HLOOKUP(D$1+1,F$2:U$405,(A84+1),FALSE) -> 0.015 | F84: 0 | G84: 0.015 | H84: 0.015 | I84: 0.015 | J84: 0.015 | K84: 0.015 | L84: 0.015 | M84: 0.015 | N84: 0.015 | O84: 0.015 | P84: 0.015 | Q84: 0.015 | R84: 0.015 | S84: 0.015 | T84: 0.015 | U84: 0.015 | V84: 0 | W84: n/a | AA84: =_xlfn.IFNA(MATCH(0,F84:U84,1),-23) + F$2 -1 -> 2004
A85: =+A84+1 -> 83 | B85: 292 | C85: Eaton JEDD (Lorain Co) | D85: =HLOOKUP(D$1,F$2:U$405,(A85+1),FALSE) -> 0.0225 | E85: =HLOOKUP(D$1+1,F$2:U$405,(A85+1),FALSE) -> 0.0225 | F85: 0 | G85: 0 | H85: 0 | I85: 0 | J85: 0 | K85: 0 | L85: 0 | M85: 0 | N85: 0.0175 | O85: 0.0175 | P85: 0.0175 | Q85: 0.0175 | R85: 0.02 | S85: 0.0225 | T85: 0.0225 | U85: 0.0225 | V85: 5 | W85: Carryover | X85: Blended tax rate for 2016 | AA85: =_xlfn.IFNA(MATCH(0,F85:U85,1),-23) + F$2 -1 -> 2011
A86: =+A85+1 -> 84 | B86: 248 | C86: Edgerton | D86: =HLOOKUP(D$1,F$2:U$405,(A86+1),FALSE) -> 0.0175 | E86: =HLOOKUP(D$1+1,F$2:U$405,(A86+1),FALSE) -> 0.0175 | F86: 0 | G86: 0 | H86: 0 | I86: 0 | J86: 0 | K86: 0 | L86: 0 | M86: 0 | N86: 0 | O86: 0 | P86: 0 | Q86: 0.0175 | R86: 0.0175 | S86: 0.0175 | T86: 0.0175 | U86: 0.0175 | V86: 0 | W86: n/a | AA86: =_xlfn.IFNA(MATCH(0,F86:U86,1),-23) + F$2 -1 -> 2014
A87: =+A86+1 -> 85 | B87: 271 | C87: Edison | D87: =HLOOKUP(D$1,F$2:U$405,(A87+1),FALSE) -> 0.005 | E87: =HLOOKUP(D$1+1,F$2:U$405,(A87+1),FALSE) -> 0.005 | F87: 0 | G87: 0 | H87: 0 | I87: 0 | J87: 0 | K87: 0.005 | L87: 0.005 | M87: 0.005 | N87: 0.005 | O87: 0.005 | P87: 0.005 | Q87: 0.005 | R87: 0.005 | S87: 0.005 | T87: 0.005 | U87: 0.005 | V87: 0 | W87: n/a | AA87: =_xlfn.IFNA(MATCH(0,F87:U87,1),-23) + F$2 -1 -> 2008
A88: =+A87+1 -> 86 | B88: 272 | C88: Elmore | D88: =HLOOKUP(D$1,F$2:U$405,(A88+1),FALSE) -> 0.0175 | E88: =HLOOKUP(D$1+1,F$2:U$405,(A88+1),FALSE) -> 0.0175 | F88: 0.01 | G88: 0.01 | H88: 0.0175 | I88: 0.0175 | J88: 0.0175 | K88: 0.0175 | L88: 0.0175 | M88: 0.0175 | N88: 0.0175 | O88: 0.0175 | P88: 0.0175 | Q88: 0.0175 | R88: 0.0175 | S88: 0.0175 | T88: 0.0175 | U88: 0.0175 | V88: 5 | W88: Carryover | AA88: =_xlfn.IFNA(MATCH(0,F88:U88,1),-23) + F$2 -1 -> 1980
A89: =+A88+1 -> 87 | B89: 269 | C89: Elmwood Place | D89: =HLOOKUP(D$1,F$2:U$405,(A89+1),FALSE) -> 0.02 | E89: =HLOOKUP(D$1+1,F$2:U$405,(A89+1),FALSE) -> 0.02 | F89: 0.02 | G89: 0.02 | H89: 0.02 | I89: 0.02 | J89: 0.02 | K89: 0.02 | L89: 0.02 | M89: 0.02 | N89: 0.02 | O89: 0.02 | P89: 0.02 | Q89: 0.02 | R89: 0.02 | S89: 0.02 | T89: 0.02 | U89: 0.02 | V89: 5 | W89: Carryover | AA89: =_xlfn.IFNA(MATCH(0,F89:U89,1),-23) + F$2 -1 -> 1980
A90: =+A89+1 -> 88 | B90: 277 | C90: Elyria | D90: =HLOOKUP(D$1,F$2:U$405,(A90+1),FALSE) -> 0.0225 | E90: =HLOOKUP(D$1+1,F$2:U$405,(A90+1),FALSE) -> 0.0225 | F90: 0.0175 | G90: 0.0175 | H90: 0.0175 | I90: 0.0175 | J90: 0.0175 | K90: 0.0175 | L90: 0.0175 | M90: 0.0175 | N90: 0.0175 | O90: 0.0175 | P90: 0.0175 | Q90: 0.0175 | R90: 0.02 | S90: 0.0225 | T90: 0.0225 | U90: 0.0225 | V90: 5 | W90: Carryover | X90: Blended tax rate for 2016 | AA90: =_xlfn.IFNA(MATCH(0,F90:U90,1),-23) + F$2 -1 -> 1980
A91: =+A90+1 -> 89 | B91: 282 | C91: Elyria Twp / Elyria JEDD | D91: =HLOOKUP(D$1,F$2:U$405,(A91+1),FALSE) -> 0.0225 | E91: =HLOOKUP(D$1+1,F$2:U$405,(A91+1),FALSE) -> 0.0225 | F91: 0.0175 | G91: 0.0175 | H91: 0.0175 | I91: 0.0175 | J91: 0.0175 | K91: 0.0175 | L91: 0.0175 | M91: 0.0175 | N91: 0.0175 | O91: 0.0175 | P91: 0.0175 | Q91: 0.0175 | R91: 0.02 | S91: 0.0225 | T91: 0.0225 | U91: 0.0225 | V91: 5 | W91: Carryover | X91: Blended tax rate for 2016 | AA91: =_xlfn.IFNA(MATCH(0,F91:U91,1),-23) + F$2 -1 -> 1980
A92: =+A91+1 -> 90 | B92: 235 | C92: Empire | D92: =HLOOKUP(D$1,F$2:U$405,(A92+1),FALSE) -> 0.01 | E92: =HLOOKUP(D$1+1,F$2:U$405,(A92+1),FALSE) -> 0.01 | F92: 0 | G92: 0 | H92: 0 | I92: 0 | J92: 0 | K92: 0 | L92: 0 | M92: 0 | N92: 0 | O92: 0 | P92: 0 | Q92: 0.01 | R92: 0.01 | S92: 0.01 | T92: 0.01 | U92: 0.01 | V92: 5 | W92: Carryover | AA92: =_xlfn.IFNA(MATCH(0,F92:U92,1),-23) + F$2 -1 -> 2014
A93: =+A92+1 -> 91 | B93: 287 | C93: Fairborn | D93: =HLOOKUP(D$1,F$2:U$405,(A93+1),FALSE) -> 0.015 | E93: =HLOOKUP(D$1+1,F$2:U$405,(A93+1),FALSE) -> 0.015 | F93: 0.01 | G93: 0.015 | H93: 0.015 | I93: 0.015 | J93: 0.015 | K93: 0.015 | L93: 0.015 | M93: 0.015 | N93: 0.015 | O93: 0.015 | P93: 0.015 | Q93: 0.015 | R93: 0.015 | S93: 0.015 | T93: 0.015 | U93: 0.015 | V93: 0 | W93: n/a | AA93: =_xlfn.IFNA(MATCH(0,F93:U93,1),-23) + F$2 -1 -> 1980
A94: =+A93+1 -> 92 | B94: 291 | C94: Fairport Harbor | D94: =HLOOKUP(D$1,F$2:U$405,(A94+1),FALSE) -> 0.02 | E94: =HLOOKUP(D$1+1,F$2:U$405,(A94+1),FALSE) -> 0.02 | F94: 0.02 | G94: 0.02 | H94: 0.02 | I94: 0.02 | J94: 0.02 | K94: 0.02 | L94: 0.02 | M94: 0.02 | N94: 0.02 | O94: 0.02 | P94: 0.02 | Q94: 0.02 | R94: 0.02 | S94: 0.02 | T94: 0.02 | U94: 0.02 | V94: 5 | W94: Carryover | AA94: =_xlfn.IFNA(MATCH(0,F94:U94,1),-23) + F$2 -1 -> 1980
A95: =+A94+1 -> 93 | B95: 300 | C95: Fairview Park | D95: =HLOOKUP(D$1,F$2:U$405,(A95+1),FALSE) -> 0.02 | E95: =HLOOKUP(D$1+1,F$2:U$405,(A95+1),FALSE) -> 0.02 | F95: 0.015 | G95: 0.02 | H95: 0.02 | I95: 0.02 | J95: 0.02 | K95: 0.02 | L95: 0.02 | M95: 0.02 | N95: 0.02 | O95: 0.02 | P95: 0.02 | Q95: 0.02 | R95: 0.02 | S95: 0.02 | T95: 0.02 | U95: 0.02 | V95: 5 | W95: Carryover | AA95: =_xlfn.IFNA(MATCH(0,F95:U95,1),-23) + F$2 -1 -> 1980
A96: =+A95+1 -> 94 | B96: 295 | C96: Fayette | D96: =HLOOKUP(D$1,F$2:U$405,(A96+1),FALSE) -> 0.015 | E96: =HLOOKUP(D$1+1,F$2:U$405,(A96+1),FALSE) -> 0.015 | F96: 0 | G96: 0.015 | H96: 0.015 | I96: 0.015 | J96: 0.015 | K96: 0.015 | L96: 0.015 | M96: 0.015 | N96: 0.015 | O96: 0.015 | P96: 0.015 | Q96: 0.015 | R96: 0.015 | S96: 0.015 | T96: 0.015 | U96: 0.015 | V96: 0 | W96: n/a | AA96: =_xlfn.IFNA(MATCH(0,F96:U96,1),-23) + F$2 -1 -> 2004
A97: =+A96+1 -> 95 | B97: 296 | C97: Felicity | D97: =HLOOKUP(D$1,F$2:U$405,(A97+1),FALSE) -> 0.01 | E97: =HLOOKUP(D$1+1,F$2:U$405,(A97+1),FALSE) -> 0.01 | F97: 0 | G97: 0.01 | H97: 0.01 | I97: 0.01 | J97: 0.01 | K97: 0.01 | L97: 0.01 | M97: 0.01 | N97: 0.01 | O97: 0.01 | P97: 0.01 | Q97: 0.01 | R97: 0.01 | S97: 0.01 | T97: 0.01 | U97: 0.01 | V97: 5 | W97: Carryover | AA97: =_xlfn.IFNA(MATCH(0,F97:U97,1),-23) + F$2 -1 -> 2004
A98: =+A97+1 -> 96 | B98: 304 | C98: Fort Jennings | D98: =HLOOKUP(D$1,F$2:U$405,(A98+1),FALSE) -> 0.01 | E98: =HLOOKUP(D$1+1,F$2:U$405,(A98+1),FALSE) -> 0.01 | F98: 0.01 | G98: 0.01 | H98: 0.01 | I98: 0.01 | J98: 0.01 | K98: 0.01 | L98: 0.01 | M98: 0.01 | N98: 0.01 | O98: 0.01 | P98: 0.01 | Q98: 0.01 | R98: 0.01 | S98: 0.01 | T98: 0.01 | U98: 0.01 | V98: 5 | W98: Carryover | AA98: =_xlfn.IFNA(MATCH(0,F98:U98,1),-23) + F$2 -1 -> 1980
A99: =+A98+1 -> 97 | B99: 305 | C99: Fostoria | D99: =HLOOKUP(D$1,F$2:U$405,(A99+1),FALSE) -> 0.02 | E99: =HLOOKUP(D$1+1,F$2:U$405,(A99+1),FALSE) -> 0.02 | F99: 0.02 | G99: 0.02 | H99: 0.02 | I99: 0.02 | J99: 0.02 | K99: 0.02 | L99: 0.02 | M99: 0.02 | N99: 0.02 | O99: 0.02 | P99: 0.02 | Q99: 0.02 | R99: 0.02 | S99: 0.02 | T99: 0.02 | U99: 0.02 | V99: 0 | W99: n/a | AA99: =_xlfn.IFNA(MATCH(0,F99:U99,1),-23) + F$2 -1 -> 1980
A100: =+A99+1 -> 98 | B100: 308 | C100: Fredericktown | D100: =HLOOKUP(D$1,F$2:U$405,(A100+1),FALSE) -> 0.01 | E100: =HLOOKUP(D$1+1,F$2:U$405,(A100+1),FALSE) -> 0.01 | F100: 0.01 | G100: 0.01 | H100: 0.01 | I100: 0.01 | J100: 0.01 | K100: 0.01 | L100: 0.01 | M100: 0.01 | N100: 0.01 | O100: 0.01 | P100: 0.01 | Q100: 0.01 | R100: 0.01 | S100: 0.01 | T100: 0.01 | U100: 0.01 | V100: 0 | W100: n/a | AA100: =_xlfn.IFNA(MATCH(0,F100:U100,1),-23) + F$2 -1 -> 1980
A101: =+A100+1 -> 99 | B101: 310 | C101: Fremont | D101: =HLOOKUP(D$1,F$2:U$405,(A101+1),FALSE) -> 0.015 | E101: =HLOOKUP(D$1+1,F$2:U$405,(A101+1),FALSE) -> 0.015 | F101: 0.015 | G101: 0.015 | H101: 0.015 | I101: 0.015 | J101: 0.015 | K101: 0.015 | L101: 0.015 | M101: 0.015 | N101: 0.015 | O101: 0.015 | P101: 0.015 | Q101: 0.015 | R101: 0.015 | S101: 0.015 | T101: 0.015 | U101: 0.015 | V101: 0 | W101: n/a | AA101: =_xlfn.IFNA(MATCH(0,F101:U101,1),-23) + F$2 -1 -> 1980
A102: =+A101+1 -> 100 | B102: 316 | C102: Gahanna | D102: =HLOOKUP(D$1,F$2:U$405,(A102+1),FALSE) -> 0.015 | E102: =HLOOKUP(D$1+1,F$2:U$405,(A102+1),FALSE) -> 0.015 | F102: 0.015 | G102: 0.015 | H102: 0.015 | I102: 0.015 | J102: 0.015 | K102: 0.015 | L102: 0.015 | M102: 0.015 | N102: 0.015 | O102: 0.015 | P102: 0.015 | Q102: 0.015 | R102: 0.015 | S102: 0.015 | T102: 0.015 | U102: 0.015 | V102: 0 | W102: n/a | AA102: =_xlfn.IFNA(MATCH(0,F102:U102,1),-23) + F$2 -1 -> 1980
A103: =+A102+1 -> 101 | B103: 319 | C103: Galena | D103: =HLOOKUP(D$1,F$2:U$405,(A103+1),FALSE) -> 0.01 | E103: =HLOOKUP(D$1+1,F$2:U$405,(A103+1),FALSE) -> 0.01 | F103: 0.01 | G103: 0.01 | H103: 0.01 | I103: 0.01 | J103: 0.01 | K103: 0.01 | L103: 0.01 | M103: 0.01 | N103: 0.01 | O103: 0.01 | P103: 0.01 | Q103: 0.01 | R103: 0.01 | S103: 0.01 | T103: 0.01 | U103: 0.01 | V103: 5 | W103: Carryover | AA103: =_xlfn.IFNA(MATCH(0,F103:U103,1),-23) + F$2 -1 -> 1980
... A124: =+A123+1 -> 122 | B124: 371 | C124: Hilliard | D124: =HLOOKUP(D$1,F$2:U$405,(A124+1),FALSE) -> 0.02 | E124: =HLOOKUP(D$1+1,F$2:U$405,(A124+1),FALSE) -> 0.02 | F124: 0.02 | G124: 0.02 | H124: 0.02 | I124: 0.02 | J124: 0.02 | K124: 0.02 | L124: 0.02 | M124: 0.02 | N124: 0.02 | O124: 0.02 | P124: 0.02 | Q124: 0.02 | R124: 0.02 | S124: 0.02 | T124: 0.02 | U124: 0.02 | V124: 0 | W124: n/a | AA124: =_xlfn.IFNA(MATCH(0,F124:U124,1),-23) + F$2 -1 -> 1980
...

Sheet Tax Rates
A1: Index | B1: City Code | C1: City Name | D1: Tax Rate 1 | I1: Tax Rate 2 | N1: Tax Rate 3 | S1: Tax Rate 4 | X1: Tax Rate 5 | AC1: Tax Rate 6 | AH1: Tax Rate 7 | AM1: Tax Rate 8 | AR1: Tax Rate 9 | AW1: Tax Rate 10
D2: Rate | E2: Credit | F2: Credit Limit | G2: Start | H2: End | I2: Rate | J2: Credit | K2: Credit Limit | L2: Start | M2: End | N2: Rate | O2: Credit | P2: Credit Limit | Q2: Start | R2: End | S2: Rate | T2: Credit | U2: Credit Limit | V2: Start | W2: End | X2: Rate | Y2: Credit | Z2: Credit Limit | AA2: Start | AB2: End | AC2: Rate | AD2: Credit | AE2: Credit Limit | AF2: Start | AG2: End | AH2: Rate | AI2: Credit | AJ2: Credit Limit | AK2: Start | AL2: End | AM2: Rate | AN2: Credit | AO2: Credit Limit | AP2: Start | AQ2: End | AR2: Rate | AS2: Credit | AT2: Credit Limit | AU2: Start | AV2: End | AW2: Rate | AX2: Credit | AY2: Credit Limit | AZ2: Start | BA2: End
A3: 1 | B3: 0
A4: =+A3+1 -> 2 | B4: 23 | C4: Aberdeen | D4: 0 | G4: 37987 | H4: 38352 | I4: 0.01 | L4: 38353
A5: =+A4+1 -> 3 | B5: 18 | C5: Addyston | D5: 0.01 | G5: 37987 | H5: 41274 | I5: 0.015 | L5: 41275
A6: =+A5+1 -> 4 | B6: 22 | C6: Adelphi | D6: 0 | G6: 37987 | H6: 40178 | I6: 0.01 | L6: 40179
A7: =+A6+1 -> 5 | B7: 44 | C7: Amanda | D7: 0 | G7: 37987 | H7: 42247 | I7: 0.01 | L7: 42248
A8: =+A7+1 -> 6 | B8: 42 | C8: Amelia | D8: 0 | G8: 37987 | H8: 43281 | I8: 0.01 | L8: 43282
A9: =+A8+1 -> 7 | B9: 39 | C9: Amsterdam | D9: 0 | G9: 37987 | H9: 41820 | I9: 0.01 | L9: 41821
A10: =+A9+1 -> 8 | B10: 15 | C10: Andover | D10: 0.015 | G10: 37987
A11: =+A10+1 -> 9 | B11: 31 | C11: Antwerp | D11: 0 | G11: 37987 | H11: 38971 | I11: 0.01 | L11: 38972
A12: =+A11+1 -> 10 | B12: 13 | C12: Arlington Heights | D12: 0.021 | G12: 37987
A13: =+A12+1 -> 11 | B13: 41 | C13: Ashley | D13: 0 | G13: 37987 | H13: 42369 | I13: 0.01 | L13: 42370
A14: =+A13+1 -> 12 | B14: 6 | C14: Ashville | D14: 0.005 | G14: 37987 | H14: 39447 | I14: 0.01 | L14: 39448
A15: =+A14+1 -> 13 | B15: 10 | C15: Aurora | D15: 0.02 | G15: 37987
A16: =+A15+1 -> 14 | B16: 20 | C16: Avon | D16: 0.015 | G16: 37987 | H16: 39447 | I16: 0.0175 | L16: 39448
A17: =+A16+1 -> 15 | B17: 21 | C17: Avon Lake | D17: 0.015 | G17: 37987
A18: =+A17+1 -> 16 | B18: 37 | C18: Bainbridge Twp / Solon JEDD | D18: 0 | G18: 37987 | H18: 39082 | I18: 0.02 | L18: 39083
A19: =+A18+1 -> 17 | B19: 33 | C19: Baltic | D19: 0 | G19: 37987 | H19: 38352 | I19: 0.01 | L19: 38353 | M19: 42369 | N19: 0.015 | Q19: 42370
A20: =+A19+1 -> 18 | B20: 29 | C20: Baltimore | D20: 0.01 | G20: 37987
A21: =+A20+1 -> 19 | B21: 34 | C21: Barnesville | D21: 0 | G21: 37987 | H21: 38352 | I21: 0.01 | L21: 38353
A22: =+A21+1 -> 20 | B22: 61 | C22: Barnesville JEDD 1 | D22: 0 | G22: 37987 | H22: 39782 | I22: 0.01 | L22: 39783
A23: =+A22+1 -> 21 | B23: 62 | C23: Barnesville JEDD 2 | D23: 0 | G23: 37987 | H23: 41077 | I23: 0.01 | L23: 41078
A24: =+A23+1 -> 22 | B24: 40 | C24: Bay Village | D24: 0.015 | G24: 37987
A25: =+A24+1 -> 23 | B25: 50 | C25: Beachwood | D25: 0.015 | G25: 37987 | H25: 40543 | I25: 0.02 | L25: 40544
A26: =+A25+1 -> 24 | B26: 54 | C26: Beaverdam | D26: 0 | G26: 37987 | H26: 40178 | I26: 0.01 | L26: 40179
A27: =+A26+1 -> 25 | B27: 65 | C27: Bedford Heights | D27: 0.02 | G27: 37987
A28: =+A27+1 -> 26 | B28: 83 | C28: Belle Center | D28: 0.01 | G28: 37987
A29: =+A28+1 -> 27 | B29: 87 | C29: Bellefontaine | D29: 0.013333 | G29: 37987
A30: =+A29+1 -> 28 | B30: 86 | C30: Bellevue | D30: 0.015 | G30: 37987 | H30: 43281 | I30: 0.02 | L30: 43282
A31: =+A30+1 -> 29 | B31: 89 | C31: Belpre | D31: 0 | G31: 37987 | H31: 38352 | I31: 0.01 | L31: 38353
A32: =+A31+1 -> 30 | B32: 90 | C32: Bentleyville | D32: 0.01 | G32: 37987
A33: =+A32+1 -> 31 | B33: 100 | C33: Berea | D33: 0.02 | G33: 37987
A34: =+A33+1 -> 32 | B34: 116 | C34: Bethel | D34: 0 | G34: 37987 | H34: 42369 | I34: 0.005 | L34: 42370
A35: =+A34+1 -> 33 | B35: 102 | C35: Bettsville | D35: 0 | G35: 37987 | H35: 39082 | I35: 0.01 | L35: 39083
A36: =+A35+1 -> 34 | B36: 104 | C36: Bexley | D36: 0.02 | G36: 37987 | H36: 40908 | I36: 0.025 | L36: 40909
A37: =+A36+1 -> 35 | B37: 96 | C37: Bloomdale | D37: 0.01 | G37: 37987
A38: =+A37+1 -> 36 | B38: 95 | C38: Bloomingdale | D38: 0 | G38: 37987 | H38: 39447 | I38: 0.01 | L38: 39448
A39: =+A38+1 -> 37 | B39: 123 | C39: Bloomville | D39: 0 | G39: 37987 | H39: 43465 | I39: 0.01 | L39: 43466
A40: =+A39+1 -> 38 | B40: 110 | C40: Boston Heights | D40: 0.015 | G40: 37987 | H40: 38352 | I40: 0.02 | L40: 38353
A41: =+A40+1 -> 39 | B41: 117 | C41: Boston Twp / Peninsula JEDD | D41: 0 | G41: 39448 | H41: 40908 | I41: 0.02 | L41: 40909
A42: =+A41+1 -> 40 | B42: 130 | C42: Brecksville | D42: 0.02 | G42: 37987
A43: =+A42+1 -> 41 | B43: 132 | C43: Bremen | D43: 0 | G43: 37987 | H43: 38352 | I43: 0.01 | L43: 38353
A44: =+A43+1 -> 42 | B44: 136 | C44: Brice | D44: 0 | G44: 37987 | H44: 43465 | I44: 0.02 | L44: 43466
A45: =+A44+1 -> 43 | B45: 137 | C45: Brimfield Twp / Tallmadge JEDD | D45: 0.0025 | G45: 37987 | H45: 38717 | I45: 0.005 | L45: 38718 | M45: 39813 | N45: 0.0075 | Q45: 39814 | R45: 40908 | S45: 0.01 | V45: 40909 | W45: 42004 | X45: 0.0125 | AA45: 42005
A46: =+A45+1 -> 44 | B46: 140 | C46: Broadview Heights | D46: 0.02 | G46: 37987
A47: =+A46+1 -> 45 | B47: 150 | C47: Brooklyn | D47: 0.02 | G47: 37987 | H47: 39964 | I47: 0.025 | L47: 39965
A48: =+A47+1 -> 46 | B48: 160 | C48: Brooklyn Heights | D48: 0.02 | G48: 37987 | H48: 43281 | I48: 0.025 | L48: 43282
A49: =+A48+1 -> 47 | B49: 154 | C49: Buckland | D49: 0 | G49: 37987 | H49: 41455 | I49: 0.01 | L49: 41456
A50: =+A49+1 -> 48 | B50: 162 | C50: Cairo | D50: 0 | G50: 37987 | H50: 38807 | I50: 0.01 | L50: 38808 | M50: 39263 | N50: 0.005 | Q50: 39264
A51: =+A50+1 -> 49 | B51: 232 | C51: Camden | D51: 0 | G51: 37987 | H51: 41639 | I51: 0.01 | L51: 41640
A52: =+A51+1 -> 50 | B52: 167 | C52: Campbell | D52: 0.02 | G52: 37987 | H52: 38352 | I52: 0.025 | L52: 38353
A53: =+A52+1 -> 51 | B53: 175 | C53: Canal Winchester | D53: 0 | G53: 37987 | H53: 43465 | I53: 0.02 | L53: 43466
A54: =+A53+1 -> 52 | B54: 168 | C54: Cardington | D54: 0.01 | G54: 37987
A55: =+A54+1 -> 53 | B55: 202 | C55: Carroll | D55: 0 | G55: 37987 | H55: 38352 | I55: 0.0075 | L55: 38353
A56: =+A55+1 -> 54 | B56: 203 | C56: Carrollton | D56: 0 | G56: 37987 | H56: 38352 | I56: 0.01 | L56: 38353
A57: =+A56+1 -> 55 | B57: 204 | C57: Catawba | D57: 0 | G57: 37987 | H57: 38352 | I57: 0.01 | L57: 38353
A58: =+A57+1 -> 56 | B58: 195 | C58: Cecil | D58: 0.01 | G58: 37987
A59: =+A58+1 -> 57 | B59: 192 | C59: Cedarville | D59: 0.01 | G59: 37987 | H59: 42185 | I59: 0.0125 | L59: 42186
A60: =+A59+1 -> 58 | B60: 194 | C60: Centerburg | D60: 0.01 | G60: 37987
A61: =+A60+1 -> 59 | B61: 180 | C61: Chagrin Falls | D61: 0.015 | G61: 37987 | H61: 42735 | I61: 0.0185 | L61: 42736
A62: =+A61+1 -> 60 | B62: 185 | C62: Chardon | D62: 0.01 | G62: 37987 | H62: 38352 | I62: 0.02 | L62: 38353
A63: =+A62+1 -> 61 | B63: 126 | C63: Chesterville | D63: 0 | G63: 37987 | H63: 43281 | I63: 0.01 | L63: 43282
A64: =+A63+1 -> 62 | B64: 190 | C64: Circleville | D64: 0.015 | G64: 37987 | H64: 42004 | I64: 0.02 | L64: 42005
A65: =+A64+1 -> 63 | B65: 151 | C65: Circleville-Pickaway Twp JEDD | D65: 0 | G65: 37987 | H65: 42674 | I65: 0.02 | L65: 42675
A66: =+A65+1 -> 64 | B66: 237 | C66: Clarksville | D66: 0 | G66: 37987 | H66: 42551 | I66: 0.01 | L66: 42552
A67: =+A66+1 -> 65 | B67: 210 | C67: Cleveland Heights | D67: 0.02 | G67: 37987 | H67: 42369 | I67: 0.0225 | L67: 42370
A68: =+A67+1 -> 66 | B68: 159 | C68: Clinton | D68: 0 | G68: 37987 | H68: 40908 | I68: 0.01 | L68: 40909
A69: =+A68+1 -> 67 | B69: 293 | C69: Clinton Twp/Grandview Hts JEDZ | D69: 0 | G69: 37987 | H69: 41729 | I69: 0.025 | L69: 41730
A70: =+A69+1 -> 68 | B70: 224 | C70: Commercial Point | D70: 0 | G70: 37987 | H70: 39813 | I70: 0.01 | L70: 39814 | M70: 42004 | N70: 0.0075 | Q70: 42005
A71: =+A70+1 -> 69 | B71: 236 | C71: Conesville | D71: 0 | G71: 37987 | H71: 42004 | I71: 0.01 | L71: 42005
A72: =+A71+1 -> 70 | B72: 226 | C72: Continental | D72: 0 | G72: 37987 | H72: 40908 | I72: 0.01 | L72: 40909
A73: =+A72+1 -> 71 | B73: 223 | C73: Corwin | D73: 0.015 | G73: 37987 | H73: 38352 | I73: 0.005 | L73: 38353
A74: =+A73+1 -> 72 | B74: 220 | C74: Cuyahoga Falls | D74: 0.02 | G74: 37987
A75: =+A74+1 -> 73 | B75: 135 | C75: Cuyahoga Falls Boston Twp JEDD | D75: 0.02 | G75: 37987
A76: =+A75+1 -> 74 | B76: 250 | C76: Cuyahoga Heights | D76: 0.02 | G76: 37987 | H76: 42735 | I76: 0.025 | L76: 42736
A77: =+A76+1 -> 75 | B77: 251 | C77: Danville | D77: 0.01 | G77: 37987 | H77: 42369 | I77: 0.015 | L77: 42370
A78: =+A77+1 -> 76 | B78: 152 | C78: Darbyville | D78: 0 | G78: 37987 | H78: 42643 | I78: 0.01 | L78: 42644
A79: =+A78+1 -> 77 | B79: 249 | C79: Degraff | D79: 0.01 | G79: 37987
A80: =+A79+1 -> 78 | B80: 256 | C80: Dennison | D80: 0.02 | G80: 37987
A81: =+A80+1 -> 79 | B81: 270 | C81: East Cleveland | D81: 0.02 | G81: 37987
A82: =+A81+1 -> 80 | B82: 268 | C82: East Palestine | D82: 0.01 | G82: 37987
A83: =+A82+1 -> 81 | B83: 273 | C83: Eastlake | D83: 0.02 | G83: 37987
A84: =+A83+1 -> 82 | B84: 246 | C84: Eaton | D84: 0 | G84: 37987 | H84: 38352 | I84: 0.015 | L84: 38353
A85: =+A84+1 -> 83 | B85: 292 | C85: Eaton JEDD (Lorain Co) | D85: 0 | G85: 37987 | H85: 40908 | I85: 0.0175 | L85: 40909 | M85: 42551 | N85: 0.0225 | Q85: 42552
A86: =+A85+1 -> 84 | B86: 248 | C86: Edgerton | D86: 0.01 | G86: 37987 | H86: 42004 | I86: 0.0175 | L86: 42005
A87: =+A86+1 -> 85 | B87: 271 | C87: Edison | D87: 0 | G87: 37987 | H87: 39813 | I87: 0.005 | L87: 39814
A88: =+A87+1 -> 86 | B88: 272 | C88: Elmore | D88: 0.01 | G88: 37987 | H88: 38717 | I88: 0.0175 | L88: 38718
A89: =+A88+1 -> 87 | B89: 269 | C89: Elmwood Place | D89: 0.02 | G89: 37987
A90: =+A89+1 -> 88 | B90: 277 | C90: Elyria | D90: 0.0175 | G90: 37987 | H90: 42551 | I90: 0.0225 | L90: 42552
A91: =+A90+1 -> 89 | B91: 282 | C91: Elyria Twp / Elyria JEDD | D91: 0.0175 | G91: 37987 | H91: 42551 | I91: 0.0225 | L91: 42552
A92: =+A91+1 -> 90 | B92: 235 | C92: Empire | D92: 0 | G92: 37987 | H92: 42004 | I92: 0.01 | L92: 42005
A93: =+A92+1 -> 91 | B93: 287 | C93: Fairborn | D93: 0.01 | G93: 37987 | H93: 38352 | I93: 0.015 | L93: 38353
A94: =+A93+1 -> 92 | B94: 291 | C94: Fairport Harbor | D94: 0.02 | G94: 37987
A95: =+A94+1 -> 93 | B95: 300 | C95: Fairview Park | D95: 0.015 | G95: 37987 | H95: 38426 | I95: 0.02 | L95: 38427
A96: =+A95+1 -> 94 | B96: 295 | C96: Fayette | D96: 0 | G96: 37987 | H96: 38352 | I96: 0.015 | L96: 38353
A97: =+A96+1 -> 95 | B97: 296 | C97: Felicity | D97: 0 | G97: 37987 | H97: 38352 | I97: 0.01 | L97: 38353
A98: =+A97+1 -> 96 | B98: 304 | C98: Fort Jennings | D98: 0.01 | G98: 37987
A99: =+A98+1 -> 97 | B99: 305 | C99: Fostoria | D99: 0.02 | G99: 37987
A100: =+A99+1 -> 98 | B100: 308 | C100: Fredericktown | D100: 0.01 | G100: 37987
...

Sheet Overflow
A1: Attachment to Form 27 | D1: Schedule Y (Expanded) | L1: =IF('Complete This Page'!G11="",YEAR('Complete This Page'!H11),'Complete This Page'!G11) -> 2018
A2: Regional Income Tax Agency | L2: =+'Complete This Page'!J1 -> NPAC v2018.0
A3: Name shown on return | K3: Identifying Number
B4: ='Complete This Page'!B3 -> 0 | K4: ='Complete This Page'!G3 -> 0
B6: Caution: This form does not adjust for tax rate changes that may have taken place during the tax year. | E6: Original Cost of All Property | G6: 0 | I6: Total Wages | K6: 0 | N6: =IF(G8>0,1,0) -> 0
E7: All Rents x8 | G7: 0 | N7: =IF(K6>0,1,0) -> 0
E8: Total Property Everywhere | G8: =SUM(G6:G7) -> 0 | I8: Total Receipts | K8: 0 | N8: =IF(K8>0,1,0) -> 0
N9: =SUM(N6:N8) -> 0
D10: City # | E10: Local Property Figures | I10: Local Wage Figures | K10: Local Rcpts Figures | M10: Avg
B11: Select Municipalities | C11: Index | E11: Org Cost | F11: Rents x8 | G11: Combined | H11: % | I11: Wages | J11: % | K11: Receipts | L11: %
A12: 1 | C12: 1 | D12: =LOOKUP(C12,Cities!A$3:A$343,Cities!B$3:B$343) -> 0 | E12: 0 | F12: 0 | G12: =+E12+F12 -> 0 | H12: =IF(G$8>0,ROUND(G12/G$8,6),"n/a") -> n/a | I12: o | J12: =IF(K$6>0,ROUND(I12/K$6,6),"n/a") -> n/a | K12: 0 | L12: =IF(K$8>0,ROUND(K12/K$8,6),"n/a") -> n/a | M12: =IF(G$8+K$6+K$8=0,0,ROUND((IF(H12="n/a",0,H12)+IF(J12="n/a",0,J12)+IF(L12="n/a",0,L12))/N$9,6)) -> 0 | O12: =LOOKUP(C12,Cities!A$3:A$343,Cities!AA$3:AA$343) -> 0
A13: 2 | C13: 1 | D13: =LOOKUP(C13,Cities!A$3:A$343,Cities!B$3:B$343) -> 0 | E13: 0 | F13: 0 | G13: =+E13+F13 -> 0 | H13: =IF(G$8>0,ROUND(G13/G$8,6),"n/a") -> n/a | I13: 0 | J13: =IF(K$6>0,ROUND(I13/K$6,6),"n/a") -> n/a | K13: 0 | L13: =IF(K$8>0,ROUND(K13/K$8,6),"n/a") -> n/a | M13: =IF(G$8+K$6+K$8=0,0,ROUND((IF(H13="n/a",0,H13)+IF(J13="n/a",0,J13)+IF(L13="n/a",0,L13))/N$9,6)) -> 0 | O13: =LOOKUP(C13,Cities!A$3:A$343,Cities!AA$3:AA$343) -> 0
A14: 3 | C14: 1 | D14: =LOOKUP(C14,Cities!A$3:A$343,Cities!B$3:B$343) -> 0 | E14: 0 | F14: 0 | G14: =+E14+F14 -> 0 | H14: =IF(G$8>0,ROUND(G14/G$8,6),"n/a") -> n/a | I14: 0 | J14: =IF(K$6>0,ROUND(I14/K$6,6),"n/a") -> n/a | K14: 0 | L14: =IF(K$8>0,ROUND(K14/K$8,6),"n/a") -> n/a | M14: =IF(G$8+K$6+K$8=0,0,ROUND((IF(H14="n/a",0,H14)+IF(J14="n/a",0,J14)+IF(L14="n/a",0,L14))/N$9,6)) -> 0 | O14: =LOOKUP(C14,Cities!A$3:A$343,Cities!AA$3:AA$343) -> 0
A15: 4 | C15: 1 | D15: =LOOKUP(C15,Cities!A$3:A$343,Cities!B$3:B$343) -> 0 | E15: 0 | F15: 0 | G15: =+E15+F15 -> 0 | H15: =IF(G$8>0,ROUND(G15/G$8,6),"n/a") -> n/a | I15: 0 | J15: =IF(K$6>0,ROUND(I15/K$6,6),"n/a") -> n/a | K15: 0 | L15: =IF(K$8>0,ROUND(K15/K$8,6),"n/a") -> n/a | M15: =IF(G$8+K$6+K$8=0,0,ROUND((IF(H15="n/a",0,H15)+IF(J15="n/a",0,J15)+IF(L15="n/a",0,L15))/N$9,6)) -> 0 | O15: =LOOKUP(C15,Cities!A$3:A$343,Cities!AA$3:AA$343) -> 0
A16: 5 | C16: 1 | D16: =LOOKUP(C16,Cities!A$3:A$343,Cities!B$3:B$343) -> 0 | E16: 0 | F16: 0 | G16: =+E16+F16 -> 0 | H16: =IF(G$8>0,ROUND(G16/G$8,6),"n/a") -> n/a | I16: 0 | J16: =IF(K$6>0,ROUND(I16/K$6,6),"n/a") -> n/a | K16: 0 | L16: =IF(K$8>0,ROUND(K16/K$8,6),"n/a") -> n/a | M16: =IF(G$8+K$6+K$8=0,0,ROUND((IF(H16="n/a",0,H16)+IF(J16="n/a",0,J16)+IF(L16="n/a",0,L16))/N$9,6)) -> 0 | O16: =LOOKUP(C16,Cities!A$3:A$343,Cities!AA$3:AA$343) -> 0
A17: 6 | C17: 1 | D17: =LOOKUP(C17,Cities!A$3:A$343,Cities!B$3:B$343) -> 0 | E17: 0 | F17: 0 | G17: =+E17+F17 -> 0 | H17: =IF(G$8>0,ROUND(G17/G$8,6),"n/a") -> n/a | I17: 0 | J17: =IF(K$6>0,ROUND(I17/K$6,6),"n/a") -> n/a | K17: 0 | L17: =IF(K$8>0,ROUND(K17/K$8,6),"n/a") -> n/a | M17: =IF(G$8+K$6+K$8=0,0,ROUND((IF(H17="n/a",0,H17)+IF(J17="n/a",0,J17)+IF(L17="n/a",0,L17))/N$9,6)) -> 0 | O17: =LOOKUP(C17,Cities!A$3:A$343,Cities!AA$3:AA$343) -> 0
A18: 7 | C18: 1 | D18: =LOOKUP(C18,Cities!A$3:A$343,Cities!B$3:B$343) -> 0 | E18: 0 | F18: 0 | G18: =+E18+F18 -> 0 | H18: =IF(G$8>0,ROUND(G18/G$8,6),"n/a") -> n/a | I18: 0 | J18: =IF(K$6>0,ROUND(I18/K$6,6),"n/a") -> n/a | K18: 0 | L18: =IF(K$8>0,ROUND(K18/K$8,6),"n/a") -> n/a | M18: =IF(G$8+K$6+K$8=0,0,ROUND((IF(H18="n/a",0,H18)+IF(J18="n/a",0,J18)+IF(L18="n/a",0,L18))/N$9,6)) -> 0 | O18: =LOOKUP(C18,Cities!A$3:A$343,Cities!AA$3:AA$343) -> 0
A19: 8 | C19: 1 | D19: =LOOKUP(C19,Cities!A$3:A$343,Cities!B$3:B$343) -> 0 | E19: 0 | F19: 0 | G19: =+E19+F19 -> 0 | H19: =IF(G$8>0,ROUND(G19/G$8,6),"n/a") -> n/a | I19: 0 | J19: =IF(K$6>0,ROUND(I19/K$6,6),"n/a") -> n/a | K19: 0 | L19: =IF(K$8>0,ROUND(K19/K$8,6),"n/a") -> n/a | M19: =IF(G$8+K$6+K$8=0,0,ROUND((IF(H19="n/a",0,H19)+IF(J19="n/a",0,J19)+IF(L19="n/a",0,L19))/N$9,6)) -> 0 | O19: =LOOKUP(C19,Cities!A$3:A$343,Cities!AA$3:AA$343) -> 0
A20: 9 | C20: 1 | D20: =LOOKUP(C20,Cities!A$3:A$343,Cities!B$3:B$343) -> 0 | E20: 0 | F20: 0 | G20: =+E20+F20 -> 0 | H20: =IF(G$8>0,ROUND(G20/G$8,6),"n/a") -> n/a | I20: 0 | J20: =IF(K$6>0,ROUND(I20/K$6,6),"n/a") -> n/a | K20: 0 | L20: =IF(K$8>0,ROUND(K20/K$8,6),"n/a") -> n/a | M20: =IF(G$8+K$6+K$8=0,0,ROUND((IF(H20="n/a",0,H20)+IF(J20="n/a",0,J20)+IF(L20="n/a",0,L20))/N$9,6)) -> 0 | O20: =LOOKUP(C20,Cities!A$3:A$343,Cities!AA$3:AA$343) -> 0
A21: 10 | C21: 1 | D21: =LOOKUP(C21,Cities!A$3:A$343,Cities!B$3:B$343) -> 0 | E21: 0 | F21: 0 | G21: =+E21+F21 -> 0 | H21: =IF(G$8>0,ROUND(G21/G$8,6),"n/a") -> n/a | I21: 0 | J21: =IF(K$6>0,ROUND(I21/K$6,6),"n/a") -> n/a | K21: 0 | L21: =IF(K$8>0,ROUND(K21/K$8,6),"n/a") -> n/a | M21: =IF(G$8+K$6+K$8=0,0,ROUND((IF(H21="n/a",0,H21)+IF(J21="n/a",0,J21)+IF(L21="n/a",0,L21))/N$9,6)) -> 0 | O21: =LOOKUP(C21,Cities!A$3:A$343,Cities!AA$3:AA$343) -> 0
A22: 11 | C22: 1 | D22: =LOOKUP(C22,Cities!A$3:A$343,Cities!B$3:B$343) -> 0 | E22: 0 | F22: 0 | G22: =+E22+F22 -> 0 | H22: =IF(G$8>0,ROUND(G22/G$8,6),"n/a") -> n/a | I22: 0 | J22: =IF(K$6>0,ROUND(I22/K$6,6),"n/a") -> n/a | K22: 0 | L22: =IF(K$8>0,ROUND(K22/K$8,6),"n/a") -> n/a | M22: =IF(G$8+K$6+K$8=0,0,ROUND((IF(H22="n/a",0,H22)+IF(J22="n/a",0,J22)+IF(L22="n/a",0,L22))/N$9,6)) -> 0 | O22: =LOOKUP(C22,Cities!A$3:A$343,Cities!AA$3:AA$343) -> 0
A23: 12 | C23: 1 | D23: =LOOKUP(C23,Cities!A$3:A$343,Cities!B$3:B$343) -> 0 | E23: 0 | F23: 0 | G23: =+E23+F23 -> 0 | H23: =IF(G$8>0,ROUND(G23/G$8,6),"n/a") -> n/a | I23: 0 | J23: =IF(K$6>0,ROUND(I23/K$6,6),"n/a") -> n/a | K23: 0 | L23: =IF(K$8>0,ROUND(K23/K$8,6),"n/a") -> n/a | M23: =IF(G$8+K$6+K$8=0,0,ROUND((IF(H23="n/a",0,H23)+IF(J23="n/a",0,J23)+IF(L23="n/a",0,L23))/N$9,6)) -> 0 | O23: =LOOKUP(C23,Cities!A$3:A$343,Cities!AA$3:AA$343) -> 0
A24: 13 | C24: 1 | D24: =LOOKUP(C24,Cities!A$3:A$343,Cities!B$3:B$343) -> 0 | E24: 0 | F24: 0 | G24: =+E24+F24 -> 0 | H24: =IF(G$8>0,ROUND(G24/G$8,6),"n/a") -> n/a | I24: 0 | J24: =IF(K$6>0,ROUND(I24/K$6,6),"n/a") -> n/a | K24: 0 | L24: =IF(K$8>0,ROUND(K24/K$8,6),"n/a") -> n/a | M24: =IF(G$8+K$6+K$8=0,0,ROUND((IF(H24="n/a",0,H24)+IF(J24="n/a",0,J24)+IF(L24="n/a",0,L24))/N$9,6)) -> 0 | O24: =LOOKUP(C24,Cities!A$3:A$343,Cities!AA$3:AA$343) -> 0
... A56: 45 | C56: 1 | D56: =LOOKUP(C56,Cities!A$3:A$343,Cities!B$3:B$343) -> 0 | E56: 0 | F56: 0 | G56: =+E56+F56 -> 0 | H56: =IF(G$8>0,ROUND(G56/G$8,6),"n/a") -> n/a | I56: 0 | J56: =IF(K$6>0,ROUND(I56/K$6,6),"n/a") -> n/a | K56: 0 | L56: =IF(K$8>0,ROUND(K56/K$8,6),"n/a") -> n/a | M56: =IF(G$8+K$6+K$8=0,0,ROUND((IF(H56="n/a",0,H56)+IF(J56="n/a",0,J56)+IF(L56="n/a",0,L56))/N$9,6)) -> 0 | O56: =LOOKUP(C56,Cities!A$3:A$343,Cities!AA$3:AA$343) -> 0
M57: =SUM(M12:M56) -> 0
K58: Utilize NOL incurred prior to 1/1/17 first
A59: Attachment to Form 27 | D59: Schedule B (Expanded) | L59: =+L1 -> 2018
A60: Regional Income Tax Agency | L60: =+'Complete This Page'!J1 -> NPAC v2018.0 | P60: FALSE
A61: Name shown on return | K61: Identifying Number
B62: =+B4 -> 0 | K62: =+K4 -> 0 | P62: FALSE
D64: City # | E64: Taxable Income Before NOL | F64: Municipal NOL for TY beginning on or afer 1/1/17 | G64: Municipal NOL for TYs prior to 2017 | I64: Taxable Income after NOL calculation
B65: Select Municipalities | C65: Index | K65: Tax Rate | L65: Tax Due
A66: 1 | B66: =IF(C66=1,"",LOOKUP(C66,Cities!A$3:A$343,Cities!C$3:C$343)) | C66: =+C12 -> 1 | D66: =+D12 -> 0 | E66: =ROUND('Print Return'!$L$37*Overflow!M12,0) -> 0 | I66: =IF(Data!D$33=TRUE,'Overflows Worksheet'!K4,'Overflows Worksheet'!T4) -> 0 | K66: =LOOKUP(C12,Cities!A$3:A$343,Cities!D$3:D$343) -> 0 | L66: =IF(AND(I66>0,OR(I66*K66>10,$L$1<2016)),ROUND(I66*K66,0),0) -> 0 | N66: =LOOKUP($C12,Cities!$A$3:$A$356,Cities!$V$3:$V$356) -> 0 | O66: =IF(AND(ISNUMBER($L$1)=TRUE,ISNUMBER(O12)=TRUE,O12>=$L$1-5), CONCATENATE("Last 0% tax rate year ", O12),"") | Q66: =IF(P60=FALSE,F66,0) -> 0
A67: 2 | B67: =IF(C67=1,"",LOOKUP(C67,Cities!A$3:A$343,Cities!C$3:C$343)) | C67: =+C13 -> 1 | D67: =+D13 -> 0 | E67: =ROUND('Print Return'!$L$37*Overflow!M13,0) -> 0 | I67: =IF(Data!D$33=TRUE,'Overflows Worksheet'!K5,'Overflows Worksheet'!T5) -> 0 | K67: =LOOKUP(C13,Cities!A$3:A$343,Cities!D$3:D$343) -> 0 | L67: =IF(AND(I67>0,OR(I67*K67>10,$L$1<2016)),ROUND(I67*K67,0),0) -> 0 | N67: =LOOKUP($C13,Cities!$A$3:$A$356,Cities!$V$3:$V$356) -> 0 | O67: =IF(AND(ISNUMBER($L$1)=TRUE,ISNUMBER(O13)=TRUE,O13>=$L$1-5), CONCATENATE("Last 0% tax rate year ", O13),"") | Q67: =IF(P67=FALSE,F67,0) -> 0
A68: 3 | B68: =IF(C68=1,"",LOOKUP(C68,Cities!A$3:A$343,Cities!C$3:C$343)) | C68: =+C14 -> 1 | D68: =+D14 -> 0 | E68: =ROUND('Print Return'!$L$37*Overflow!M14,0) -> 0 | I68: =IF(Data!D$33=TRUE,'Overflows Worksheet'!K6,'Overflows Worksheet'!T6) -> 0 | K68: =LOOKUP(C14,Cities!A$3:A$343,Cities!D$3:D$343) -> 0 | L68: =IF(AND(I68>0,OR(I68*K68>10,$L$1<2016)),ROUND(I68*K68,0),0) -> 0 | N68: =LOOKUP($C14,Cities!$A$3:$A$356,Cities!$V$3:$V$356) -> 0 | O68: =IF(AND(ISNUMBER($L$1)=TRUE,ISNUMBER(O14)=TRUE,O14>=$L$1-5), CONCATENATE("Last 0% tax rate year ", O14),"") | Q68: =IF(P68=FALSE,F68,0) -> 0
A69: 4 | B69: =IF(C69=1,"",LOOKUP(C69,Cities!A$3:A$343,Cities!C$3:C$343)) | C69: =+C15 -> 1 | D69: =+D15 -> 0 | E69: =ROUND('Print Return'!$L$37*Overflow!M15,0) -> 0 | I69: =IF(Data!D$33=TRUE,'Overflows Worksheet'!K7,'Overflows Worksheet'!T7) -> 0 | K69: =LOOKUP(C15,Cities!A$3:A$343,Cities!D$3:D$343) -> 0 | L69: =IF(AND(I69>0,OR(I69*K69>10,$L$1<2016)),ROUND(I69*K69,0),0) -> 0 | N69: =LOOKUP($C15,Cities!$A$3:$A$356,Cities!$V$3:$V$356) -> 0 | O69: =IF(AND(ISNUMBER($L$1)=TRUE,ISNUMBER(O15)=TRUE,O15>=$L$1-5), CONCATENATE("Last 0% tax rate year ", O15),"") | Q69: =IF(P69=FALSE,F69,0) -> 0
A70: 5 | B70: =IF(C70=1,"",LOOKUP(C70,Cities!A$3:A$343,Cities!C$3:C$343)) | C70: =+C16 -> 1 | D70: =+D16 -> 0 | E70: =ROUND('Print Return'!$L$37*Overflow!M16,0) -> 0 | I70: =IF(Data!D$33=TRUE,'Overflows Worksheet'!K8,'Overflows Worksheet'!T8) -> 0 | K70: =LOOKUP(C16,Cities!A$3:A$343,Cities!D$3:D$343) -> 0 | L70: =IF(AND(I70>0,OR(I70*K70>10,$L$1<2016)),ROUND(I70*K70,0),0) -> 0 | N70: =LOOKUP($C16,Cities!$A$3:$A$356,Cities!$V$3:$V$356) -> 0 | O70: =IF(AND(ISNUMBER($L$1)=TRUE,ISNUMBER(O16)=TRUE,O16>=$L$1-5), CONCATENATE("Last 0% tax rate year ", O16),"") | Q70: =IF(P70=FALSE,F70,0) -> 0
A71: 6 | B71: =IF(C71=1,"",LOOKUP(C71,Cities!A$3:A$343,Cities!C$3:C$343)) | C71: =+C17 -> 1 | D71: =+D17 -> 0 | E71: =ROUND('Print Return'!$L$37*Overflow!M17,0) -> 0 | I71: =IF(Data!D$33=TRUE,'Overflows Worksheet'!K9,'Overflows Worksheet'!T9) -> 0 | K71: =LOOKUP(C17,Cities!A$3:A$343,Cities!D$3:D$343) -> 0 | L71: =IF(AND(I71>0,OR(I71*K71>10,$L$1<2016)),ROUND(I71*K71,0),0) -> 0 | N71: =LOOKUP($C17,Cities!$A$3:$A$356,Cities!$V$3:$V$356) -> 0 | O71: =IF(AND(ISNUMBER($L$1)=TRUE,ISNUMBER(O17)=TRUE,O17>=$L$1-5), CONCATENATE("Last 0% tax rate year ", O17),"") | Q71: =IF(P71=FALSE,F71,0) -> 0
A72: 7 | B72: =IF(C72=1,"",LOOKUP(C72,Cities!A$3:A$343,Cities!C$3:C$343)) | C72: =+C18 -> 1 | D72: =+D18 -> 0 | E72: =ROUND('Print Return'!$L$37*Overflow!M18,0) -> 0 | I72: =IF(Data!D$33=TRUE,'Overflows Worksheet'!K10,'Overflows Worksheet'!T10) -> 0 | K72: =LOOKUP(C18,Cities!A$3:A$343,Cities!D$3:D$343) -> 0 | L72: =IF(AND(I72>0,OR(I72*K72>10,$L$1<2016)),ROUND(I72*K72,0),0) -> 0 | N72: =LOOKUP($C18,Cities!$A$3:$A$356,Cities!$V$3:$V$356) -> 0 | O72: =IF(AND(ISNUMBER($L$1)=TRUE,ISNUMBER(O18)=TRUE,O18>=$L$1-5), CONCATENATE("Last 0% tax rate year ", O18),"") | Q72: =IF(P72=FALSE,F72,0) -> 0
A73: 8 | B73: =IF(C73=1,"",LOOKUP(C73,Cities!A$3:A$343,Cities!C$3:C$343)) | C73: =+C19 -> 1 | D73: =+D19 -> 0 | E73: =ROUND('Print Return'!$L$37*Overflow!M19,0) -> 0 | I73: =IF(Data!D$33=TRUE,'Overflows Worksheet'!K11,'Overflows Worksheet'!T11) -> 0 | K73: =LOOKUP(C19,Cities!A$3:A$343,Cities!D$3:D$343) -> 0 | L73: =IF(AND(I73>0,OR(I73*K73>10,$L$1<2016)),ROUND(I73*K73,0),0) -> 0 | N73: =LOOKUP($C19,Cities!$A$3:$A$356,Cities!$V$3:$V$356) -> 0 | O73: =IF(AND(ISNUMBER($L$1)=TRUE,ISNUMBER(O19)=TRUE,O19>=$L$1-5), CONCATENATE("Last 0% tax rate year ", O19),"") | Q73: =IF(P73=FALSE,F73,0) -> 0
A74: 9 | B74: =IF(C74=1,"",LOOKUP(C74,Cities!A$3:A$343,Cities!C$3:C$343)) | C74: =+C20 -> 1 | D74: =+D20 -> 0 | E74: =ROUND('Print Return'!$L$37*Overflow!M20,0) -> 0 | I74: =IF(Data!D$33=TRUE,'Overflows Worksheet'!K12,'Overflows Worksheet'!T12) -> 0 | K74: =LOOKUP(C20,Cities!A$3:A$343,Cities!D$3:D$343) -> 0 | L74: =IF(AND(I74>0,OR(I74*K74>10,$L$1<2016)),ROUND(I74*K74,0),0) -> 0 | N74: =LOOKUP($C20,Cities!$A$3:$A$356,Cities!$V$3:$V$356) -> 0 | O74: =IF(AND(ISNUMBER($L$1)=TRUE,ISNUMBER(O20)=TRUE,O20>=$L$1-5), CONCATENATE("Last 0% tax rate year ", O20),"") | Q74: =IF(P74=FALSE,F74,0) -> 0
A75: 10 | B75: =IF(C75=1,"",LOOKUP(C75,Cities!A$3:A$343,Cities!C$3:C$343)) | C75: =+C21 -> 1 | D75: =+D21 -> 0 | E75: =ROUND('Print Return'!$L$37*Overflow!M21,0) -> 0 | I75: =IF(Data!D$33=TRUE,'Overflows Worksheet'!K13,'Overflows Worksheet'!T13) -> 0 | K75: =LOOKUP(C21,Cities!A$3:A$343,Cities!D$3:D$343) -> 0 | L75: =IF(AND(I75>0,OR(I75*K75>10,$L$1<2016)),ROUND(I75*K75,0),0) -> 0 | N75: =LOOKUP($C21,Cities!$A$3:$A$356,Cities!$V$3:$V$356) -> 0 | O75: =IF(AND(ISNUMBER($L$1)=TRUE,ISNUMBER(O21)=TRUE,O21>=$L$1-5), CONCATENATE("Last 0% tax rate year ", O21),"") | Q75: =IF(P75=FALSE,F75,0) -> 0
A76: 11 | B76: =IF(C76=1,"",LOOKUP(C76,Cities!A$3:A$343,Cities!C$3:C$343)) | C76: =+C22 -> 1 | D76: =+D22 -> 0 | E76: =ROUND('Print Return'!$L$37*Overflow!M22,0) -> 0 | I76: =IF(Data!D$33=TRUE,'Overflows Worksheet'!K14,'Overflows Worksheet'!T14) -> 0 | K76: =LOOKUP(C22,Cities!A$3:A$343,Cities!D$3:D$343) -> 0 | L76: =IF(AND(I76>0,OR(I76*K76>10,$L$1<2016)),ROUND(I76*K76,0),0) -> 0 | N76: =LOOKUP($C22,Cities!$A$3:$A$356,Cities!$V$3:$V$356) -> 0 | O76: =IF(AND(ISNUMBER($L$1)=TRUE,ISNUMBER(O22)=TRUE,O22>=$L$1-5), CONCATENATE("Last 0% tax rate year ", O22),"") | Q76: =IF(P76=FALSE,F76,0) -> 0
A77: 12 | B77: =IF(C77=1,"",LOOKUP(C77,Cities!A$3:A$343,Cities!C$3:C$343)) | C77: =+C23 -> 1 | D77: =+D23 -> 0 | E77: =ROUND('Print Return'!$L$37*Overflow!M23,0) -> 0 | I77: =IF(Data!D$33=TRUE,'Overflows Worksheet'!K15,'Overflows Worksheet'!T15) -> 0 | K77: =LOOKUP(C23,Cities!A$3:A$343,Cities!D$3:D$343) -> 0 | L77: =IF(AND(I77>0,OR(I77*K77>10,$L$1<2016)),ROUND(I77*K77,0),0) -> 0 | N77: =LOOKUP($C23,Cities!$A$3:$A$356,Cities!$V$3:$V$356) -> 0 | O77: =IF(AND(ISNUMBER($L$1)=TRUE,ISNUMBER(O23)=TRUE,O23>=$L$1-5), CONCATENATE("Last 0% tax rate year ", O23),"") | Q77: =IF(P77=FALSE,F77,0) -> 0
A78: 13 | B78: =IF(C78=1,"",LOOKUP(C78,Cities!A$3:A$343,Cities!C$3:C$343)) | C78: =+C24 -> 1 | D78: =+D24 -> 0 | E78: =ROUND('Print Return'!$L$37*Overflow!M24,0) -> 0 | I78: =IF(Data!D$33=TRUE,'Overflows Worksheet'!K16,'Overflows Worksheet'!T16) -> 0 | K78: =LOOKUP(C24,Cities!A$3:A$343,Cities!D$3:D$343) -> 0 | L78: =IF(AND(I78>0,OR(I78*K78>10,$L$1<2016)),ROUND(I78*K78,0),0) -> 0 | N78: =LOOKUP($C24,Cities!$A$3:$A$356,Cities!$V$3:$V$356) -> 0 | O78: =IF(AND(ISNUMBER($L$1)=TRUE,ISNUMBER(O24)=TRUE,O24>=$L$1-5), CONCATENATE("Last 0% tax rate year ", O24),"") | Q78: =IF(P78=FALSE,F78,0) -> 0
... A110: 45 | B110: =IF(C110=1,"",LOOKUP(C110,Cities!A$3:A$343,Cities!C$3:C$343)) | C110: =+C56 -> 1 | D110: =+D56 -> 0 | E110: =ROUND('Print Return'!$L$37*Overflow!M56,0) -> 0 | I110: =IF(Data!D$33=TRUE,'Overflows Worksheet'!K48,'Overflows Worksheet'!T48) -> 0 | K110: =LOOKUP(C56,Cities!A$3:A$343,Cities!D$3:D$343) -> 0 | L110: =IF(AND(I110>0,OR(I110*K110>10,$L$1<2016)),ROUND(I110*K110,0),0) -> 0 | N110: =LOOKUP($C56,Cities!$A$3:$A$356,Cities!$V$3:$V$356) -> 0 | O110: =IF(AND(ISNUMBER($L$1)=TRUE,ISNUMBER(O56)=TRUE,O56>=$L$1-5), CONCATENATE("Last 0% tax rate year ", O56),"") | Q110: =IF(P110=FALSE,F110,0) -> 0
B111: Totals (Max for Col F) | E111: =SUM(E66:E110) -> 0 | F111: =MAX(F66:F110) -> 0 | G111: =SUM(G66:G110) -> 0 | I111: =SUM(I66:I110) -> 0 | L111: =SUM(L66:L110) -> 0 | Q111: =SUM(Q66:Q110) -> 0
E112: Max NOL for TYs starting on 1/1/17 or later from Overflows 1 to 8 | F112: =+MAX(F111,'Overflow (2)'!F111,'Overflow (3)'!F111,'Overflow (4)'!F111,'Overflow (5)'!F111,'Overflow (6)'!F111,'Overflow (7)'!F111,'Overflow (8)'!F111) -> 0
E113: Sum of Col J on Overflows Worksheet (value goes to Print Return 3B(iii)) | F113: ='Overflows Worksheet'!I400 -> 0 | G113: NOTE: The amount displayed to the left is entered on Print Return box 3B(iii) if the box to utilize a NOL prior to 1/1/17 first is checked.

Sheet Differences from original
A1: Muni | B1: Income | C1: Rate Used | D1: Tax shown | E1: Effective Rate for 2018 | F1: Current Tax | G1: Difference | H1: Notes
A2: Addyston | D2: 9 | F2: 0 | G2: =F2-D2 -> -9 | H2: Less than $10
A3: Bellevue | B3: 23672 | C3: 0.015 | D3: =B3*C3 -> 355.08 | E3: 0.0175 | F3: =B3*E3 -> 414.26 | G3: =F3-D3 -> 59.18 | H3: Rate Change
A4: Boston Heights | D4: 4 | F4: 0 | G4: =F4-D4 -> -4 | H4: Less than $10
A5: Brooklyn Hts | B5: 26345 | C5: 0.02 | D5: =B5*C5 -> 526.9 | E5: 0.0225 | F5: =B5*E5 -> 592.7625 | G5: =F5-D5 -> 65.8625 | H5: Rate Change
A6: Cairo | D6: 1 | F6: 0 | G6: =F6-D6 -> -1 | H6: Less than $10
A7: Camden | B7: 7445 | C7: 0.025 | D7: =B7*C7 -> 186.125 | E7: 0.01 | F7: =B7*E7 -> 74.45 | G7: =F7-D7 -> -111.675 | H7: Tp used incorrect rate on original return. This should have been corrected with review as we noticed this error and an auditor was directed to correct this.
A8: Cardington | B8: 8209 | C8: 0.0075 | D8: =B8*C8 -> 61.5675 | E8: 0.01 | F8: =B8*E8 -> 82.09 | G8: =F8-D8 -> 20.5225 | H8: Tp used incorrect rate on original return. This should have been corrected with review as we noticed this error and an auditor was directed to correct this.
A9: Catawba | D9: 2 | F9: 0 | G9: =F9-D9 -> -2 | H9: Less than $10
A10: Cecil | B10: 764 | C10: 0.0125 | D10: =B10*C10 -> 9.55 | E10: 0.01 | F10: 0 | G10: =F10-D10 -> -9.55 | H10: New- Tp used incorrect rate on original return. This should have been corrected with review as we noticed this error and an auditor was directed to correct this. & This s/b zero under new HB rule for less than $10.
A11: Cedarville | B11: 8018 | C11: 0.01 | D11: =B11*C11 -> 80.18 | E11: 0.0125 | F11: =B11*E11 -> 100.225 | G11: =F11-D11 -> 20.045 | H11: Tp used incorrect rate on original return. This should have been corrected with review as we noticed this error and an auditor was directed to correct this.
A12: Centerburg | B12: 5918 | C12: 0.015 | D12: =B12*C12 -> 88.77 | E12: 0.01 | F12: =B12*E12 -> 59.18 | G12: =F12-D12 -> -29.59 | H12: Tp used incorrect rate on original return. This should have been corrected with review as we noticed this error and an auditor was directed to correct this.
D13: =B13*C13 -> 0 | F13: =B13*E13 -> 0 | G13: =F13-D13 -> 0
D14: =B14*C14 -> 0 | F14: =B14*E14 -> 0 | G14: =F14-D14 -> 0
D15: =B15*C15 -> 0 | F15: =B15*E15 -> 0 | G15: =F15-D15 -> 0
D16: =B16*C16 -> 0 | F16: =B16*E16 -> 0 | G16: =F16-D16 -> 0
D17: =B17*C17 -> 0 | F17: =B17*E17 -> 0 | G17: =F17-D17 -> 0
D18: =B18*C18 -> 0 | F18: =B18*E18 -> 0 | G18: =F18-D18 -> 0
D19: =B19*C19 -> 0 | F19: =B19*E19 -> 0 | G19: =F19-D19 -> 0
D20: =B20*C20 -> 0 | F20: =B20*E20 -> 0 | G20: =F20-D20 -> 0
D21: =B21*C21 -> 0 | F21: =B21*E21 -> 0 | G21: =F21-D21 -> 0
D22: =B22*C22 -> 0 | F22: =B22*E22 -> 0 | G22: =F22-D22 -> 0
D23: =B23*C23 -> 0 | F23: =B23*E23 -> 0 | G23: =F23-D23 -> 0
D24: =B24*C24 -> 0 | F24: =B24*E24 -> 0 | G24: =F24-D24 -> 0
... D26: =B26*C26 -> 0 | F26: =B26*E26 -> 0 | G26: =F26-D26 -> 0

Sheet Overflow (2)
A1: Attachment to Form 27 | D1: Schedule Y (Expanded) | L1: =IF('Complete This Page'!G11="",YEAR('Complete This Page'!H11),'Complete This Page'!G11) -> 2018
A2: Regional Income Tax Agency | L2: =+'Complete This Page'!J1 -> NPAC v2018.0
A3: Name shown on return | K3: Identifying Number
B4: ='Complete This Page'!B3 -> 0 | K4: ='Complete This Page'!G3 -> 0
B6: Caution: This form does not adjust for tax rate changes that may have taken place during the tax year. | E6: Original Cost of All Property | G6: =IF(Overflow!G6="","",Overflow!G6) -> 0 | I6: Total Wages | K6: =IF(Overflow!K6="","",Overflow!K6) -> 0 | N6: =IF(G8>0,1,0) -> 0
E7: All Rents x8 | G7: =IF(Overflow!G7="","",Overflow!G7) -> 0 | N7: =IF(K6>0,1,0) -> 0
E8: Total Property Everywhere | G8: =SUM(G6:G7) -> 0 | I8: Total Receipts | K8: =IF(Overflow!K8="","",Overflow!K8) -> 0 | N8: =IF(K8>0,1,0) -> 0
N9: =SUM(N6:N8) -> 0
D10: City # | E10: Local Property Figures | I10: Local Wage Figures | K10: Local Rcpts Figures | M10: Avg
B11: Select Municipalities | C11: Index | E11: Org Cost | F11: Rents x8 | G11: Combined | H11: % | I11: Wages | J11: % | K11: Receipts | L11: %
A12: 46 | C12: 1 | D12: =LOOKUP(C12,Cities!A$3:A$343,Cities!B$3:B$343) -> 0 | E12: 0 | F12: 0 | G12: =+E12+F12 -> 0 | H12: =IF(G$8>0,ROUND(G12/G$8,6),"n/a") -> n/a | I12: 0 | J12: =IF(Overflow!K$6>0,ROUND(I12/Overflow!K$6,6),"n/a") -> n/a | K12: 0 | L12: =IF(Overflow!K$8>0,ROUND(K12/Overflow!K$8,6),"n/a") -> n/a | M12: =IF(Overflow!G$8+Overflow!K$6+Overflow!K$8=0,0,ROUND((IF(H12="n/a",0,H12)+IF(J12="n/a",0,J12)+IF(L12="n/a",0,L12))/N$9,6)) -> 0 | O12: =LOOKUP(C12,Cities!A$3:A$343,Cities!AA$3:AA$343) -> 0
A13: 47 | C13: 1 | D13: =LOOKUP(C13,Cities!A$3:A$343,Cities!B$3:B$343) -> 0 | E13: 0 | F13: 0 | G13: =+E13+F13 -> 0 | H13: =IF(G$8>0,ROUND(G13/G$8,6),"n/a") -> n/a | I13: 0 | J13: =IF(Overflow!K$6>0,ROUND(I13/Overflow!K$6,6),"n/a") -> n/a | K13: 0 | L13: =IF(Overflow!K$8>0,ROUND(K13/Overflow!K$8,6),"n/a") -> n/a | M13: =IF(Overflow!G$8+Overflow!K$6+Overflow!K$8=0,0,ROUND((IF(H13="n/a",0,H13)+IF(J13="n/a",0,J13)+IF(L13="n/a",0,L13))/N$9,6)) -> 0 | O13: =LOOKUP(C13,Cities!A$3:A$343,Cities!AA$3:AA$343) -> 0
A14: 48 | C14: 1 | D14: =LOOKUP(C14,Cities!A$3:A$343,Cities!B$3:B$343) -> 0 | E14: 0 | F14: 0 | G14: =+E14+F14 -> 0 | H14: =IF(G$8>0,ROUND(G14/G$8,6),"n/a") -> n/a | I14: 0 | J14: =IF(Overflow!K$6>0,ROUND(I14/Overflow!K$6,6),"n/a") -> n/a | K14: 0 | L14: =IF(Overflow!K$8>0,ROUND(K14/Overflow!K$8,6),"n/a") -> n/a | M14: =IF(Overflow!G$8+Overflow!K$6+Overflow!K$8=0,0,ROUND((IF(H14="n/a",0,H14)+IF(J14="n/a",0,J14)+IF(L14="n/a",0,L14))/N$9,6)) -> 0 | O14: =LOOKUP(C14,Cities!A$3:A$343,Cities!AA$3:AA$343) -> 0
A15: 49 | C15: 1 | D15: =LOOKUP(C15,Cities!A$3:A$343,Cities!B$3:B$343) -> 0 | E15: 0 | F15: 0 | G15: =+E15+F15 -> 0 | H15: =IF(G$8>0,ROUND(G15/G$8,6),"n/a") -> n/a | I15: 0 | J15: =IF(Overflow!K$6>0,ROUND(I15/Overflow!K$6,6),"n/a") -> n/a | K15: 0 | L15: =IF(Overflow!K$8>0,ROUND(K15/Overflow!K$8,6),"n/a") -> n/a | M15: =IF(Overflow!G$8+Overflow!K$6+Overflow!K$8=0,0,ROUND((IF(H15="n/a",0,H15)+IF(J15="n/a",0,J15)+IF(L15="n/a",0,L15))/N$9,6)) -> 0 | O15: =LOOKUP(C15,Cities!A$3:A$343,Cities!AA$3:AA$343) -> 0
A16: 50 | C16: 1 | D16: =LOOKUP(C16,Cities!A$3:A$343,Cities!B$3:B$343) -> 0 | E16: 0 | F16: 0 | G16: =+E16+F16 -> 0 | H16: =IF(G$8>0,ROUND(G16/G$8,6),"n/a") -> n/a | I16: 0 | J16: =IF(Overflow!K$6>0,ROUND(I16/Overflow!K$6,6),"n/a") -> n/a | K16: 0 | L16: =IF(Overflow!K$8>0,ROUND(K16/Overflow!K$8,6),"n/a") -> n/a | M16: =IF(Overflow!G$8+Overflow!K$6+Overflow!K$8=0,0,ROUND((IF(H16="n/a",0,H16)+IF(J16="n/a",0,J16)+IF(L16="n/a",0,L16))/N$9,6)) -> 0 | O16: =LOOKUP(C16,Cities!A$3:A$343,Cities!AA$3:AA$343) -> 0
A17: 51 | C17: 1 | D17: =LOOKUP(C17,Cities!A$3:A$343,Cities!B$3:B$343) -> 0 | E17: 0 | F17: 0 | G17: =+E17+F17 -> 0 | H17: =IF(G$8>0,ROUND(G17/G$8,6),"n/a") -> n/a | I17: 0 | J17: =IF(Overflow!K$6>0,ROUND(I17/Overflow!K$6,6),"n/a") -> n/a | K17: 0 | L17: =IF(Overflow!K$8>0,ROUND(K17/Overflow!K$8,6),"n/a") -> n/a | M17: =IF(Overflow!G$8+Overflow!K$6+Overflow!K$8=0,0,ROUND((IF(H17="n/a",0,H17)+IF(J17="n/a",0,J17)+IF(L17="n/a",0,L17))/N$9,6)) -> 0 | O17: =LOOKUP(C17,Cities!A$3:A$343,Cities!AA$3:AA$343) -> 0
A18: 52 | C18: 1 | D18: =LOOKUP(C18,Cities!A$3:A$343,Cities!B$3:B$343) -> 0 | E18: 0 | F18: 0 | G18: =+E18+F18 -> 0 | H18: =IF(G$8>0,ROUND(G18/G$8,6),"n/a") -> n/a | I18: 0 | J18: =IF(Overflow!K$6>0,ROUND(I18/Overflow!K$6,6),"n/a") -> n/a | K18: 0 | L18: =IF(Overflow!K$8>0,ROUND(K18/Overflow!K$8,6),"n/a") -> n/a | M18: =IF(Overflow!G$8+Overflow!K$6+Overflow!K$8=0,0,ROUND((IF(H18="n/a",0,H18)+IF(J18="n/a",0,J18)+IF(L18="n/a",0,L18))/N$9,6)) -> 0 | O18: =LOOKUP(C18,Cities!A$3:A$343,Cities!AA$3:AA$343) -> 0
A19: 53 | C19: 1 | D19: =LOOKUP(C19,Cities!A$3:A$343,Cities!B$3:B$343) -> 0 | E19: 0 | F19: 0 | G19: =+E19+F19 -> 0 | H19: =IF(G$8>0,ROUND(G19/G$8,6),"n/a") -> n/a | I19: 0 | J19: =IF(Overflow!K$6>0,ROUND(I19/Overflow!K$6,6),"n/a") -> n/a | K19: 0 | L19: =IF(Overflow!K$8>0,ROUND(K19/Overflow!K$8,6),"n/a") -> n/a | M19: =IF(Overflow!G$8+Overflow!K$6+Overflow!K$8=0,0,ROUND((IF(H19="n/a",0,H19)+IF(J19="n/a",0,J19)+IF(L19="n/a",0,L19))/N$9,6)) -> 0 | O19: =LOOKUP(C19,Cities!A$3:A$343,Cities!AA$3:AA$343) -> 0
A20: 54 | C20: 1 | D20: =LOOKUP(C20,Cities!A$3:A$343,Cities!B$3:B$343) -> 0 | E20: 0 | F20: 0 | G20: =+E20+F20 -> 0 | H20: =IF(G$8>0,ROUND(G20/G$8,6),"n/a") -> n/a | I20: 0 | J20: =IF(Overflow!K$6>0,ROUND(I20/Overflow!K$6,6),"n/a") -> n/a | K20: 0 | L20: =IF(Overflow!K$8>0,ROUND(K20/Overflow!K$8,6),"n/a") -> n/a | M20: =IF(Overflow!G$8+Overflow!K$6+Overflow!K$8=0,0,ROUND((IF(H20="n/a",0,H20)+IF(J20="n/a",0,J20)+IF(L20="n/a",0,L20))/N$9,6)) -> 0 | O20: =LOOKUP(C20,Cities!A$3:A$343,Cities!AA$3:AA$343) -> 0
A21: 55 | C21: 1 | D21: =LOOKUP(C21,Cities!A$3:A$343,Cities!B$3:B$343) -> 0 | E21: 0 | F21: 0 | G21: =+E21+F21 -> 0 | H21: =IF(G$8>0,ROUND(G21/G$8,6),"n/a") -> n/a | I21: 0 | J21: =IF(Overflow!K$6>0,ROUND(I21/Overflow!K$6,6),"n/a") -> n/a | K21: 0 | L21: =IF(Overflow!K$8>0,ROUND(K21/Overflow!K$8,6),"n/a") -> n/a | M21: =IF(Overflow!G$8+Overflow!K$6+Overflow!K$8=0,0,ROUND((IF(H21="n/a",0,H21)+IF(J21="n/a",0,J21)+IF(L21="n/a",0,L21))/N$9,6)) -> 0 | O21: =LOOKUP(C21,Cities!A$3:A$343,Cities!AA$3:AA$343) -> 0
A22: 56 | C22: 1 | D22: =LOOKUP(C22,Cities!A$3:A$343,Cities!B$3:B$343) -> 0 | E22: 0 | F22: 0 | G22: =+E22+F22 -> 0 | H22: =IF(G$8>0,ROUND(G22/G$8,6),"n/a") -> n/a | I22: 0 | J22: =IF(Overflow!K$6>0,ROUND(I22/Overflow!K$6,6),"n/a") -> n/a | K22: 0 | L22: =IF(Overflow!K$8>0,ROUND(K22/Overflow!K$8,6),"n/a") -> n/a | M22: =IF(Overflow!G$8+Overflow!K$6+Overflow!K$8=0,0,ROUND((IF(H22="n/a",0,H22)+IF(J22="n/a",0,J22)+IF(L22="n/a",0,L22))/N$9,6)) -> 0 | O22: =LOOKUP(C22,Cities!A$3:A$343,Cities!AA$3:AA$343) -> 0
A23: 57 | C23: 1 | D23: =LOOKUP(C23,Cities!A$3:A$343,Cities!B$3:B$343) -> 0 | E23: 0 | F23: 0 | G23: =+E23+F23 -> 0 | H23: =IF(G$8>0,ROUND(G23/G$8,6),"n/a") -> n/a | I23: 0 | J23: =IF(Overflow!K$6>0,ROUND(I23/Overflow!K$6,6),"n/a") -> n/a | K23: 0 | L23: =IF(Overflow!K$8>0,ROUND(K23/Overflow!K$8,6),"n/a") -> n/a | M23: =IF(Overflow!G$8+Overflow!K$6+Overflow!K$8=0,0,ROUND((IF(H23="n/a",0,H23)+IF(J23="n/a",0,J23)+IF(L23="n/a",0,L23))/N$9,6)) -> 0 | O23: =LOOKUP(C23,Cities!A$3:A$343,Cities!AA$3:AA$343) -> 0
... A56: 90 | C56: 1 | D56: =LOOKUP(C56,Cities!A$3:A$343,Cities!B$3:B$343) -> 0 | E56: 0 | F56: 0 | G56: =+E56+F56 -> 0 | H56: =IF(G$8>0,ROUND(G56/G$8,6),"n/a") -> n/a | I56: 0 | J56: =IF(Overflow!K$6>0,ROUND(I56/Overflow!K$6,6),"n/a") -> n/a | K56: 0 | L56: =IF(Overflow!K$8>0,ROUND(K56/Overflow!K$8,6),"n/a") -> n/a | M56: =IF(Overflow!G$8+Overflow!K$6+Overflow!K$8=0,0,ROUND((IF(H56="n/a",0,H56)+IF(J56="n/a",0,J56)+IF(L56="n/a",0,L56))/N$9,6)) -> 0 | O56: =LOOKUP(C56,Cities!A$3:A$343,Cities!AA$3:AA$343) -> 0
M57: =SUM(M12:M56) -> 0
K58: Utilize NOL incurred prior to 1/1/17 first
A59: Attachment to Form 27 | D59: Schedule B (Expanded) | L59: =+L1 -> 2018
A60: Regional Income Tax Agency | L60: =+'Complete This Page'!J1 -> NPAC v2018.0
A61: Name shown on return | K61: Identifying Number
B62: =+B4 -> 0 | K62: =+K4 -> 0
D64: City # | E64: Taxable Income Before NOL | F64: Municipal NOL for TY beginning on or afer 1/1/17 | G64: Municipal NOL for TYs prior to 2017 | I64: Taxable Income after NOL
B65: Select Municipalities | C65: Index | K65: Tax Rate | L65: Tax Due
A66: 46 | B66: =IF(C66=1,"",LOOKUP(C66,Cities!A$3:A$343,Cities!C$3:C$343)) | C66: =+C12 -> 1 | D66: =+D12 -> 0 | E66: =ROUND('Print Return'!$L$37*'Overflow (2)'!M12,0) -> 0 | I66: =IF(Data!D$33=TRUE,'Overflows Worksheet'!K54,'Overflows Worksheet'!T54) -> 0 | K66: =LOOKUP(C12,Cities!A$3:A$343,Cities!D$3:D$343) -> 0 | L66: =IF(AND(I66>0, OR(I66*K66>10,$L$1<2016)),ROUND(I66*K66,0),0) -> 0 | N66: =LOOKUP($C12,Cities!$A$3:$A$356,Cities!$V$3:$V$356) -> 0 | O66: =IF(AND(ISNUMBER($L$1)=TRUE,ISNUMBER(O12)=TRUE,O12>=$L$1-5), CONCATENATE("Last 0% tax rate year ", O12),"") | Q66: =IF(P66=FALSE,F66,0) -> 0
A67: 47 | B67: =IF(C67=1,"",LOOKUP(C67,Cities!A$3:A$343,Cities!C$3:C$343)) | C67: =+C13 -> 1 | D67: =+D13 -> 0 | E67: =ROUND('Print Return'!$L$37*'Overflow (2)'!M13,0) -> 0 | I67: =IF(Data!D$33=TRUE,'Overflows Worksheet'!K55,'Overflows Worksheet'!T55) -> 0 | K67: =LOOKUP(C13,Cities!A$3:A$343,Cities!D$3:D$343) -> 0 | L67: =IF(AND(I67>0, OR(I67*K67>10,$L$1<2016)),ROUND(I67*K67,0),0) -> 0 | N67: =LOOKUP($C13,Cities!$A$3:$A$356,Cities!$V$3:$V$356) -> 0 | O67: =IF(AND(ISNUMBER($L$1)=TRUE,ISNUMBER(O13)=TRUE,O13>=$L$1-5), CONCATENATE("Last 0% tax rate year ", O13),"") | Q67: =IF(P67=FALSE,F67,0) -> 0
A68: 48 | B68: =IF(C68=1,"",LOOKUP(C68,Cities!A$3:A$343,Cities!C$3:C$343)) | C68: =+C14 -> 1 | D68: =+D14 -> 0 | E68: =ROUND('Print Return'!$L$37*'Overflow (2)'!M14,0) -> 0 | I68: =IF(Data!D$33=TRUE,'Overflows Worksheet'!K56,'Overflows Worksheet'!T56) -> 0 | K68: =LOOKUP(C14,Cities!A$3:A$343,Cities!D$3:D$343) -> 0 | L68: =IF(AND(I68>0, OR(I68*K68>10,$L$1<2016)),ROUND(I68*K68,0),0) -> 0 | N68: =LOOKUP($C14,Cities!$A$3:$A$356,Cities!$V$3:$V$356) -> 0 | O68: =IF(AND(ISNUMBER($L$1)=TRUE,ISNUMBER(O14)=TRUE,O14>=$L$1-5), CONCATENATE("Last 0% tax rate year ", O14),"") | Q68: =IF(P68=FALSE,F68,0) -> 0
A69: 49 | B69: =IF(C69=1,"",LOOKUP(C69,Cities!A$3:A$343,Cities!C$3:C$343)) | C69: =+C15 -> 1 | D69: =+D15 -> 0 | E69: =ROUND('Print Return'!$L$37*'Overflow (2)'!M15,0) -> 0 | I69: =IF(Data!D$33=TRUE,'Overflows Worksheet'!K57,'Overflows Worksheet'!T57) -> 0 | K69: =LOOKUP(C15,Cities!A$3:A$343,Cities!D$3:D$343) -> 0 | L69: =IF(AND(I69>0, OR(I69*K69>10,$L$1<2016)),ROUND(I69*K69,0),0) -> 0 | N69: =LOOKUP($C15,Cities!$A$3:$A$356,Cities!$V$3:$V$356) -> 0 | O69: =IF(AND(ISNUMBER($L$1)=TRUE,ISNUMBER(O15)=TRUE,O15>=$L$1-5), CONCATENATE("Last 0% tax rate year ", O15),"") | Q69: =IF(P69=FALSE,F69,0) -> 0
A70: 50 | B70: =IF(C70=1,"",LOOKUP(C70,Cities!A$3:A$343,Cities!C$3:C$343)) | C70: =+C16 -> 1 | D70: =+D16 -> 0 | E70: =ROUND('Print Return'!$L$37*'Overflow (2)'!M16,0) -> 0 | I70: =IF(Data!D$33=TRUE,'Overflows Worksheet'!K58,'Overflows Worksheet'!T58) -> 0 | K70: =LOOKUP(C16,Cities!A$3:A$343,Cities!D$3:D$343) -> 0 | L70: =IF(AND(I70>0, OR(I70*K70>10,$L$1<2016)),ROUND(I70*K70,0),0) -> 0 | N70: =LOOKUP($C16,Cities!$A$3:$A$356,Cities!$V$3:$V$356) -> 0 | O70: =IF(AND(ISNUMBER($L$1)=TRUE,ISNUMBER(O16)=TRUE,O16>=$L$1-5), CONCATENATE("Last 0% tax rate year ", O16),"") | Q70: =IF(P70=FALSE,F70,0) -> 0
A71: 51 | B71: =IF(C71=1,"",LOOKUP(C71,Cities!A$3:A$343,Cities!C$3:C$343)) | C71: =+C17 -> 1 | D71: =+D17 -> 0 | E71: =ROUND('Print Return'!$L$37*'Overflow (2)'!M17,0) -> 0 | I71: =IF(Data!D$33=TRUE,'Overflows Worksheet'!K59,'Overflows Worksheet'!T59) -> 0 | K71: =LOOKUP(C17,Cities!A$3:A$343,Cities!D$3:D$343) -> 0 | L71: =IF(AND(I71>0, OR(I71*K71>10,$L$1<2016)),ROUND(I71*K71,0),0) -> 0 | N71: =LOOKUP($C17,Cities!$A$3:$A$356,Cities!$V$3:$V$356) -> 0 | O71: =IF(AND(ISNUMBER($L$1)=TRUE,ISNUMBER(O17)=TRUE,O17>=$L$1-5), CONCATENATE("Last 0% tax rate year ", O17),"") | Q71: =IF(P71=FALSE,F71,0) -> 0
A72: 52 | B72: =IF(C72=1,"",LOOKUP(C72,Cities!A$3:A$343,Cities!C$3:C$343)) | C72: =+C18 -> 1 | D72: =+D18 -> 0 | E72: =ROUND('Print Return'!$L$37*'Overflow (2)'!M18,0) -> 0 | I72: =IF(Data!D$33=TRUE,'Overflows Worksheet'!K60,'Overflows Worksheet'!T60) -> 0 | K72: =LOOKUP(C18,Cities!A$3:A$343,Cities!D$3:D$343) -> 0 | L72: =IF(AND(I72>0, OR(I72*K72>10,$L$1<2016)),ROUND(I72*K72,0),0) -> 0 | N72: =LOOKUP($C18,Cities!$A$3:$A$356,Cities!$V$3:$V$356) -> 0 | O72: =IF(AND(ISNUMBER($L$1)=TRUE,ISNUMBER(O18)=TRUE,O18>=$L$1-5), CONCATENATE("Last 0% tax rate year ", O18),"") | Q72: =IF(P72=FALSE,F72,0) -> 0
A73: 53 | B73: =IF(C73=1,"",LOOKUP(C73,Cities!A$3:A$343,Cities!C$3:C$343)) | C73: =+C19 -> 1 | D73: =+D19 -> 0 | E73: =ROUND('Print Return'!$L$37*'Overflow (2)'!M19,0) -> 0 | I73: =IF(Data!D$33=TRUE,'Overflows Worksheet'!K61,'Overflows Worksheet'!T61) -> 0 | K73: =LOOKUP(C19,Cities!A$3:A$343,Cities!D$3:D$343) -> 0 | L73: =IF(AND(I73>0, OR(I73*K73>10,$L$1<2016)),ROUND(I73*K73,0),0) -> 0 | N73: =LOOKUP($C19,Cities!$A$3:$A$356,Cities!$V$3:$V$356) -> 0 | O73: =IF(AND(ISNUMBER($L$1)=TRUE,ISNUMBER(O19)=TRUE,O19>=$L$1-5), CONCATENATE("Last 0% tax rate year ", O19),"") | Q73: =IF(P73=FALSE,F73,0) -> 0
A74: 54 | B74: =IF(C74=1,"",LOOKUP(C74,Cities!A$3:A$343,Cities!C$3:C$343)) | C74: =+C20 -> 1 | D74: =+D20 -> 0 | E74: =ROUND('Print Return'!$L$37*'Overflow (2)'!M20,0) -> 0 | I74: =IF(Data!D$33=TRUE,'Overflows Worksheet'!K62,'Overflows Worksheet'!T62) -> 0 | K74: =LOOKUP(C20,Cities!A$3:A$343,Cities!D$3:D$343) -> 0 | L74: =IF(AND(I74>0, OR(I74*K74>10,$L$1<2016)),ROUND(I74*K74,0),0) -> 0 | N74: =LOOKUP($C20,Cities!$A$3:$A$356,Cities!$V$3:$V$356) -> 0 | O74: =IF(AND(ISNUMBER($L$1)=TRUE,ISNUMBER(O20)=TRUE,O20>=$L$1-5), CONCATENATE("Last 0% tax rate year ", O20),"") | Q74: =IF(P74=FALSE,F74,0) -> 0
A75: 55 | B75: =IF(C75=1,"",LOOKUP(C75,Cities!A$3:A$343,Cities!C$3:C$343)) | C75: =+C21 -> 1 | D75: =+D21 -> 0 | E75: =ROUND('Print Return'!$L$37*'Overflow (2)'!M21,0) -> 0 | I75: =IF(Data!D$33=TRUE,'Overflows Worksheet'!K63,'Overflows Worksheet'!T63) -> 0 | K75: =LOOKUP(C21,Cities!A$3:A$343,Cities!D$3:D$343) -> 0 | L75: =IF(AND(I75>0, OR(I75*K75>10,$L$1<2016)),ROUND(I75*K75,0),0) -> 0 | N75: =LOOKUP($C21,Cities!$A$3:$A$356,Cities!$V$3:$V$356) -> 0 | O75: =IF(AND(ISNUMBER($L$1)=TRUE,ISNUMBER(O21)=TRUE,O21>=$L$1-5), CONCATENATE("Last 0% tax rate year ", O21),"") | Q75: =IF(P75=FALSE,F75,0) -> 0
A76: 56 | B76: =IF(C76=1,"",LOOKUP(C76,Cities!A$3:A$343,Cities!C$3:C$343)) | C76: =+C22 -> 1 | D76: =+D22 -> 0 | E76: =ROUND('Print Return'!$L$37*'Overflow (2)'!M22,0) -> 0 | I76: =IF(Data!D$33=TRUE,'Overflows Worksheet'!K64,'Overflows Worksheet'!T64) -> 0 | K76: =LOOKUP(C22,Cities!A$3:A$343,Cities!D$3:D$343) -> 0 | L76: =IF(AND(I76>0, OR(I76*K76>10,$L$1<2016)),ROUND(I76*K76,0),0) -> 0 | N76: =LOOKUP($C22,Cities!$A$3:$A$356,Cities!$V$3:$V$356) -> 0 | O76: =IF(AND(ISNUMBER($L$1)=TRUE,ISNUMBER(O22)=TRUE,O22>=$L$1-5), CONCATENATE("Last 0% tax rate year ", O22),"") | Q76: =IF(P76=FALSE,F76,0) -> 0
A77: 57 | B77: =IF(C77=1,"",LOOKUP(C77,Cities!A$3:A$343,Cities!C$3:C$343)) | C77: =+C23 -> 1 | D77: =+D23 -> 0 | E77: =ROUND('Print Return'!$L$37*'Overflow (2)'!M23,0) -> 0 | I77: =IF(Data!D$33=TRUE,'Overflows Worksheet'!K65,'Overflows Worksheet'!T65) -> 0 | K77: =LOOKUP(C23,Cities!A$3:A$343,Cities!D$3:D$343) -> 0 | L77: =IF(AND(I77>0, OR(I77*K77>10,$L$1<2016)),ROUND(I77*K77,0),0) -> 0 | N77: =LOOKUP($C23,Cities!$A$3:$A$356,Cities!$V$3:$V$356) -> 0 | O77: =IF(AND(ISNUMBER($L$1)=TRUE,ISNUMBER(O23)=TRUE,O23>=$L$1-5), CONCATENATE("Last 0% tax rate year ", O23),"") | Q77: =IF(P77=FALSE,F77,0) -> 0
... A110: 90 | B110: =IF(C110=1,"",LOOKUP(C110,Cities!A$3:A$343,Cities!C$3:C$343)) | C110: =+C56 -> 1 | D110: =+D56 -> 0 | E110: =ROUND('Print Return'!$L$37*'Overflow (2)'!M56,0) -> 0 | I110: =IF(Data!D$33=TRUE,'Overflows Worksheet'!K98,'Overflows Worksheet'!T98) -> 0 | K110: =LOOKUP(C56,Cities!A$3:A$343,Cities!D$3:D$343) -> 0 | L110: =IF(AND(I110>0, OR(I110*K110>10,$L$1<2016)),ROUND(I110*K110,0),0) -> 0 | N110: =LOOKUP($C56,Cities!$A$3:$A$356,Cities!$V$3:$V$356) -> 0 | O110: =IF(AND(ISNUMBER($L$1)=TRUE,ISNUMBER(O56)=TRUE,O56>=$L$1-5), CONCATENATE("Last 0% tax rate year ", O56),"") | Q110: =IF(P110=FALSE,F110,0) -> 0
B111: Totals (Max for Col F) | E111: =SUM(E66:E110) -> 0 | F111: =SUM(F66:F110) -> 0 | G111: =SUM(G66:G110) -> 0 | I111: =SUM(I66:I110) -> 0 | L111: =SUM(L66:L110) -> 0 | Q111: =SUM(Q66:Q110) -> 0

Sheet Overflow (3)
A1: Attachment to Form 27 | D1: Schedule Y (Expanded) | L1: =IF('Complete This Page'!G11="",YEAR('Complete This Page'!H11),'Complete This Page'!G11) -> 2018
A2: Regional Income Tax Agency | L2: =+'Complete This Page'!J1 -> NPAC v2018.0
A3: Name shown on return | K3: Identifying Number
B4: ='Complete This Page'!B3 -> 0 | K4: ='Complete This Page'!G3 -> 0
B6: Caution: This form does not adjust for tax rate changes that may have taken place during the tax year. | E6: Original Cost of All Property | G6: =IF(Overflow!G6="","",Overflow!G6) -> 0 | I6: Total Wages | K6: =IF(Overflow!K6="","",Overflow!K6) -> 0 | N6: =IF(G8>0,1,0) -> 0
E7: All Rents x8 | G7: =IF(Overflow!G7="","",Overflow!G7) -> 0 | N7: =IF(K6>0,1,0) -> 0
E8: Total Property Everywhere | G8: =SUM(G6:G7) -> 0 | I8: Total Receipts | K8: =IF(Overflow!K8="","",Overflow!K8) -> 0 | N8: =IF(K8>0,1,0) -> 0
N9: =SUM(N6:N8) -> 0
D10: City # | E10: Local Property Figures | I10: Local Wage Figures | K10: Local Rcpts Figures | M10: Avg
B11: Select Municipalities | C11: Index | E11: Org Cost | F11: Rents x8 | G11: Combined | H11: % | I11: Wages | J11: % | K11: Receipts | L11: %
A12: 91 | C12: 1 | D12: =LOOKUP(C12,Cities!A$3:A$343,Cities!B$3:B$343) -> 0 | E12: 0 | F12: 0 | G12: =+E12+F12 -> 0 | H12: =IF(G$8>0,ROUND(G12/G$8,6),"n/a") -> n/a | I12: 0 | J12: =IF(Overflow!K$6>0,ROUND(I12/Overflow!K$6,6),"n/a") -> n/a | K12: 0 | L12: =IF(Overflow!K$8>0,ROUND(K12/Overflow!K$8,6),"n/a") -> n/a | M12: =IF(Overflow!G$8+Overflow!K$6+Overflow!K$8=0,0,ROUND((IF(H12="n/a",0,H12)+IF(J12="n/a",0,J12)+IF(L12="n/a",0,L12))/N$9,6)) -> 0 | O12: =LOOKUP(C12,Cities!A$3:A$343,Cities!AA$3:AA$343) -> 0
A13: 92 | C13: 1 | D13: =LOOKUP(C13,Cities!A$3:A$343,Cities!B$3:B$343) -> 0 | E13: 0 | F13: 0 | G13: =+E13+F13 -> 0 | H13: =IF(G$8>0,ROUND(G13/G$8,6),"n/a") -> n/a | I13: 0 | J13: =IF(Overflow!K$6>0,ROUND(I13/Overflow!K$6,6),"n/a") -> n/a | K13: 0 | L13: =IF(Overflow!K$8>0,ROUND(K13/Overflow!K$8,6),"n/a") -> n/a | M13: =IF(Overflow!G$8+Overflow!K$6+Overflow!K$8=0,0,ROUND((IF(H13="n/a",0,H13)+IF(J13="n/a",0,J13)+IF(L13="n/a",0,L13))/N$9,6)) -> 0 | O13: =LOOKUP(C13,Cities!A$3:A$343,Cities!AA$3:AA$343) -> 0
A14: 93 | C14: 1 | D14: =LOOKUP(C14,Cities!A$3:A$343,Cities!B$3:B$343) -> 0 | E14: 0 | F14: 0 | G14: =+E14+F14 -> 0 | H14: =IF(G$8>0,ROUND(G14/G$8,6),"n/a") -> n/a | I14: 0 | J14: =IF(Overflow!K$6>0,ROUND(I14/Overflow!K$6,6),"n/a") -> n/a | K14: 0 | L14: =IF(Overflow!K$8>0,ROUND(K14/Overflow!K$8,6),"n/a") -> n/a | M14: =IF(Overflow!G$8+Overflow!K$6+Overflow!K$8=0,0,ROUND((IF(H14="n/a",0,H14)+IF(J14="n/a",0,J14)+IF(L14="n/a",0,L14))/N$9,6)) -> 0 | O14: =LOOKUP(C14,Cities!A$3:A$343,Cities!AA$3:AA$343) -> 0
A15: 94 | C15: 1 | D15: =LOOKUP(C15,Cities!A$3:A$343,Cities!B$3:B$343) -> 0 | E15: 0 | F15: 0 | G15: =+E15+F15 -> 0 | H15: =IF(G$8>0,ROUND(G15/G$8,6),"n/a") -> n/a | I15: 0 | J15: =IF(Overflow!K$6>0,ROUND(I15/Overflow!K$6,6),"n/a") -> n/a | K15: 0 | L15: =IF(Overflow!K$8>0,ROUND(K15/Overflow!K$8,6),"n/a") -> n/a | M15: =IF(Overflow!G$8+Overflow!K$6+Overflow!K$8=0,0,ROUND((IF(H15="n/a",0,H15)+IF(J15="n/a",0,J15)+IF(L15="n/a",0,L15))/N$9,6)) -> 0 | O15: =LOOKUP(C15,Cities!A$3:A$343,Cities!AA$3:AA$343) -> 0
A16: 95 | C16: 1 | D16: =LOOKUP(C16,Cities!A$3:A$343,Cities!B$3:B$343) -> 0 | E16: 0 | F16: 0 | G16: =+E16+F16 -> 0 | H16: =IF(G$8>0,ROUND(G16/G$8,6),"n/a") -> n/a | I16: 0 | J16: =IF(Overflow!K$6>0,ROUND(I16/Overflow!K$6,6),"n/a") -> n/a | K16: 0 | L16: =IF(Overflow!K$8>0,ROUND(K16/Overflow!K$8,6),"n/a") -> n/a | M16: =IF(Overflow!G$8+Overflow!K$6+Overflow!K$8=0,0,ROUND((IF(H16="n/a",0,H16)+IF(J16="n/a",0,J16)+IF(L16="n/a",0,L16))/N$9,6)) -> 0 | O16: =LOOKUP(C16,Cities!A$3:A$343,Cities!AA$3:AA$343) -> 0
A17: 96 | C17: 1 | D17: =LOOKUP(C17,Cities!A$3:A$343,Cities!B$3:B$343) -> 0 | E17: 0 | F17: 0 | G17: =+E17+F17 -> 0 | H17: =IF(G$8>0,ROUND(G17/G$8,6),"n/a") -> n/a | I17: 0 | J17: =IF(Overflow!K$6>0,ROUND(I17/Overflow!K$6,6),"n/a") -> n/a | K17: 0 | L17: =IF(Overflow!K$8>0,ROUND(K17/Overflow!K$8,6),"n/a") -> n/a | M17: =IF(Overflow!G$8+Overflow!K$6+Overflow!K$8=0,0,ROUND((IF(H17="n/a",0,H17)+IF(J17="n/a",0,J17)+IF(L17="n/a",0,L17))/N$9,6)) -> 0 | O17: =LOOKUP(C17,Cities!A$3:A$343,Cities!AA$3:AA$343) -> 0
A18: 97 | C18: 1 | D18: =LOOKUP(C18,Cities!A$3:A$343,Cities!B$3:B$343) -> 0 | E18: 0 | F18: 0 | G18: =+E18+F18 -> 0 | H18: =IF(G$8>0,ROUND(G18/G$8,6),"n/a") -> n/a | I18: 0 | J18: =IF(Overflow!K$6>0,ROUND(I18/Overflow!K$6,6),"n/a") -> n/a | K18: 0 | L18: =IF(Overflow!K$8>0,ROUND(K18/Overflow!K$8,6),"n/a") -> n/a | M18: =IF(Overflow!G$8+Overflow!K$6+Overflow!K$8=0,0,ROUND((IF(H18="n/a",0,H18)+IF(J18="n/a",0,J18)+IF(L18="n/a",0,L18))/N$9,6)) -> 0 | O18: =LOOKUP(C18,Cities!A$3:A$343,Cities!AA$3:AA$343) -> 0
A19: 98 | C19: 1 | D19: =LOOKUP(C19,Cities!A$3:A$343,Cities!B$3:B$343) -> 0 | E19: 0 | F19: 0 | G19: =+E19+F19 -> 0 | H19: =IF(G$8>0,ROUND(G19/G$8,6),"n/a") -> n/a | I19: 0 | J19: =IF(Overflow!K$6>0,ROUND(I19/Overflow!K$6,6),"n/a") -> n/a | K19: 0 | L19: =IF(Overflow!K$8>0,ROUND(K19/Overflow!K$8,6),"n/a") -> n/a | M19: =IF(Overflow!G$8+Overflow!K$6+Overflow!K$8=0,0,ROUND((IF(H19="n/a",0,H19)+IF(J19="n/a",0,J19)+IF(L19="n/a",0,L19))/N$9,6)) -> 0 | O19: =LOOKUP(C19,Cities!A$3:A$343,Cities!AA$3:AA$343) -> 0
A20: 99 | C20: 1 | D20: =LOOKUP(C20,Cities!A$3:A$343,Cities!B$3:B$343) -> 0 | E20: 0 | F20: 0 | G20: =+E20+F20 -> 0 | H20: =IF(G$8>0,ROUND(G20/G$8,6),"n/a") -> n/a | I20: 0 | J20: =IF(Overflow!K$6>0,ROUND(I20/Overflow!K$6,6),"n/a") -> n/a | K20: 0 | L20: =IF(Overflow!K$8>0,ROUND(K20/Overflow!K$8,6),"n/a") -> n/a | M20: =IF(Overflow!G$8+Overflow!K$6+Overflow!K$8=0,0,ROUND((IF(H20="n/a",0,H20)+IF(J20="n/a",0,J20)+IF(L20="n/a",0,L20))/N$9,6)) -> 0 | O20: =LOOKUP(C20,Cities!A$3:A$343,Cities!AA$3:AA$343) -> 0
A21: 100 | C21: 1 | D21: =LOOKUP(C21,Cities!A$3:A$343,Cities!B$3:B$343) -> 0 | E21: 0 | F21: 0 | G21: =+E21+F21 -> 0 | H21: =IF(G$8>0,ROUND(G21/G$8,6),"n/a") -> n/a | I21: 0 | J21: =IF(Overflow!K$6>0,ROUND(I21/Overflow!K$6,6),"n/a") -> n/a | K21: 0 | L21: =IF(Overflow!K$8>0,ROUND(K21/Overflow!K$8,6),"n/a") -> n/a | M21: =IF(Overflow!G$8+Overflow!K$6+Overflow!K$8=0,0,ROUND((IF(H21="n/a",0,H21)+IF(J21="n/a",0,J21)+IF(L21="n/a",0,L21))/N$9,6)) -> 0 | O21: =LOOKUP(C21,Cities!A$3:A$343,Cities!AA$3:AA$343) -> 0
A22: 101 | C22: 1 | D22: =LOOKUP(C22,Cities!A$3:A$343,Cities!B$3:B$343) -> 0 | E22: 0 | F22: 0 | G22: =+E22+F22 -> 0 | H22: =IF(G$8>0,ROUND(G22/G$8,6),"n/a") -> n/a | I22: 0 | J22: =IF(Overflow!K$6>0,ROUND(I22/Overflow!K$6,6),"n/a") -> n/a | K22: 0 | L22: =IF(Overflow!K$8>0,ROUND(K22/Overflow!K$8,6),"n/a") -> n/a | M22: =IF(Overflow!G$8+Overflow!K$6+Overflow!K$8=0,0,ROUND((IF(H22="n/a",0,H22)+IF(J22="n/a",0,J22)+IF(L22="n/a",0,L22))/N$9,6)) -> 0 | O22: =LOOKUP(C22,Cities!A$3:A$343,Cities!AA$3:AA$343) -> 0
A23: 102 | C23: 1 | D23: =LOOKUP(C23,Cities!A$3:A$343,Cities!B$3:B$343) -> 0 | E23: 0 | F23: 0 | G23: =+E23+F23 -> 0 | H23: =IF(G$8>0,ROUND(G23/G$8,6),"n/a") -> n/a | I23: 0 | J23: =IF(Overflow!K$6>0,ROUND(I23/Overflow!K$6,6),"n/a") -> n/a | K23: 0 | L23: =IF(Overflow!K$8>0,ROUND(K23/Overflow!K$8,6),"n/a") -> n/a | M23: =IF(Overflow!G$8+Overflow!K$6+Overflow!K$8=0,0,ROUND((IF(H23="n/a",0,H23)+IF(J23="n/a",0,J23)+IF(L23="n/a",0,L23))/N$9,6)) -> 0 | O23: =LOOKUP(C23,Cities!A$3:A$343,Cities!AA$3:AA$343) -> 0
... A56: 135 | C56: 1 | D56: =LOOKUP(C56,Cities!A$3:A$343,Cities!B$3:B$343) -> 0 | E56: 0 | F56: 0 | G56: =+E56+F56 -> 0 | H56: =IF(G$8>0,ROUND(G56/G$8,6),"n/a") -> n/a | I56: 0 | J56: =IF(Overflow!K$6>0,ROUND(I56/Overflow!K$6,6),"n/a") -> n/a | K56: 0 | L56: =IF(Overflow!K$8>0,ROUND(K56/Overflow!K$8,6),"n/a") -> n/a | M56: =IF(Overflow!G$8+Overflow!K$6+Overflow!K$8=0,0,ROUND((IF(H56="n/a",0,H56)+IF(J56="n/a",0,J56)+IF(L56="n/a",0,L56))/N$9,6)) -> 0 | O56: =LOOKUP(C56,Cities!A$3:A$343,Cities!AA$3:AA$343) -> 0
M57: =SUM(M12:M56) -> 0
K58: Utilize NOL incurred prior to 1/1/17 first
A59: Attachment to Form 27 | D59: Schedule B (Expanded) | L59: =+L1 -> 2018
A60: Regional Income Tax Agency | L60: =+'Complete This Page'!J1 -> NPAC v2018.0
A61: Name shown on return | K61: Identifying Number
B62: =+B4 -> 0 | K62: =+K4 -> 0
D64: City # | E64: Taxable Income Before NOL | F64: Municipal NOL for TY beginning on or afer 1/1/17 | G64: Municipal NOL for TYs prior to 2017 | I64: Taxable Income after NOL for TYs prior to 2017 (applied if Utilize box is checked)
B65: Select Municipalities | C65: Index | K65: Tax Rate | L65: Tax Due
A66: 91 | B66: =IF(C66=1,"",LOOKUP(C66,Cities!A$3:A$343,Cities!C$3:C$343)) | C66: =+C12 -> 1 | D66: =+D12 -> 0 | E66: =ROUND('Print Return'!$L$37*'Overflow (3)'!M12,0) -> 0 | I66: =IF(Data!D$33=TRUE,'Overflows Worksheet'!K104,'Overflows Worksheet'!T104) -> 0 | K66: =LOOKUP(C12,Cities!A$3:A$343,Cities!D$3:D$343) -> 0 | L66: =IF(AND(I66>0, OR(I66*K66>10,$L$1<2016)),ROUND(I66*K66,0),0) -> 0 | N66: =LOOKUP($C12,Cities!$A$3:$A$356,Cities!$V$3:$V$356) -> 0 | O66: =IF(AND(ISNUMBER($L$1)=TRUE,ISNUMBER(O12)=TRUE,O12>=$L$1-5), CONCATENATE("Last 0% tax rate year ", O12),"") | Q66: =IF(P66=FALSE,F66,0) -> 0
A67: 92 | B67: =IF(C67=1,"",LOOKUP(C67,Cities!A$3:A$343,Cities!C$3:C$343)) | C67: =+C13 -> 1 | D67: =+D13 -> 0 | E67: =ROUND('Print Return'!$L$37*'Overflow (3)'!M13,0) -> 0 | I67: =IF(Data!D$33=TRUE,'Overflows Worksheet'!K105,'Overflows Worksheet'!T105) -> 0 | K67: =LOOKUP(C13,Cities!A$3:A$343,Cities!D$3:D$343) -> 0 | L67: =IF(AND(I67>0, OR(I67*K67>10,$L$1<2016)),ROUND(I67*K67,0),0) -> 0 | N67: =LOOKUP($C13,Cities!$A$3:$A$356,Cities!$V$3:$V$356) -> 0 | O67: =IF(AND(ISNUMBER($L$1)=TRUE,ISNUMBER(O13)=TRUE,O13>=$L$1-5), CONCATENATE("Last 0% tax rate year ", O13),"") | Q67: =IF(P67=FALSE,F67,0) -> 0
A68: 93 | B68: =IF(C68=1,"",LOOKUP(C68,Cities!A$3:A$343,Cities!C$3:C$343)) | C68: =+C14 -> 1 | D68: =+D14 -> 0 | E68: =ROUND('Print Return'!$L$37*'Overflow (3)'!M14,0) -> 0 | I68: =IF(Data!D$33=TRUE,'Overflows Worksheet'!K106,'Overflows Worksheet'!T106) -> 0 | K68: =LOOKUP(C14,Cities!A$3:A$343,Cities!D$3:D$343) -> 0 | L68: =IF(AND(I68>0, OR(I68*K68>10,$L$1<2016)),ROUND(I68*K68,0),0) -> 0 | N68: =LOOKUP($C14,Cities!$A$3:$A$356,Cities!$V$3:$V$356) -> 0 | O68: =IF(AND(ISNUMBER($L$1)=TRUE,ISNUMBER(O14)=TRUE,O14>=$L$1-5), CONCATENATE("Last 0% tax rate year ", O14),"") | Q68: =IF(P68=FALSE,F68,0) -> 0
A69: 94 | B69: =IF(C69=1,"",LOOKUP(C69,Cities!A$3:A$343,Cities!C$3:C$343)) | C69: =+C15 -> 1 | D69: =+D15 -> 0 | E69: =ROUND('Print Return'!$L$37*'Overflow (3)'!M15,0) -> 0 | I69: =IF(Data!D$33=TRUE,'Overflows Worksheet'!K107,'Overflows Worksheet'!T107) -> 0 | K69: =LOOKUP(C15,Cities!A$3:A$343,Cities!D$3:D$343) -> 0 | L69: =IF(AND(I69>0, OR(I69*K69>10,$L$1<2016)),ROUND(I69*K69,0),0) -> 0 | N69: =LOOKUP($C15,Cities!$A$3:$A$356,Cities!$V$3:$V$356) -> 0 | O69: =IF(AND(ISNUMBER($L$1)=TRUE,ISNUMBER(O15)=TRUE,O15>=$L$1-5), CONCATENATE("Last 0% tax rate year ", O15),"") | Q69: =IF(P69=FALSE,F69,0) -> 0
A70: 95 | B70: =IF(C70=1,"",LOOKUP(C70,Cities!A$3:A$343,Cities!C$3:C$343)) | C70: =+C16 -> 1 | D70: =+D16 -> 0 | E70: =ROUND('Print Return'!$L$37*'Overflow (3)'!M16,0) -> 0 | I70: =IF(Data!D$33=TRUE,'Overflows Worksheet'!K108,'Overflows Worksheet'!T108) -> 0 | K70: =LOOKUP(C16,Cities!A$3:A$343,Cities!D$3:D$343) -> 0 | L70: =IF(AND(I70>0, OR(I70*K70>10,$L$1<2016)),ROUND(I70*K70,0),0) -> 0 | N70: =LOOKUP($C16,Cities!$A$3:$A$356,Cities!$V$3:$V$356) -> 0 | O70: =IF(AND(ISNUMBER($L$1)=TRUE,ISNUMBER(O16)=TRUE,O16>=$L$1-5), CONCATENATE("Last 0% tax rate year ", O16),"") | Q70: =IF(P70=FALSE,F70,0) -> 0
A71: 96 | B71: =IF(C71=1,"",LOOKUP(C71,Cities!A$3:A$343,Cities!C$3:C$343)) | C71: =+C17 -> 1 | D71: =+D17 -> 0 | E71: =ROUND('Print Return'!$L$37*'Overflow (3)'!M17,0) -> 0 | I71: =IF(Data!D$33=TRUE,'Overflows Worksheet'!K109,'Overflows Worksheet'!T109) -> 0 | K71: =LOOKUP(C17,Cities!A$3:A$343,Cities!D$3:D$343) -> 0 | L71: =IF(AND(I71>0, OR(I71*K71>10,$L$1<2016)),ROUND(I71*K71,0),0) -> 0 | N71: =LOOKUP($C17,Cities!$A$3:$A$356,Cities!$V$3:$V$356) -> 0 | O71: =IF(AND(ISNUMBER($L$1)=TRUE,ISNUMBER(O17)=TRUE,O17>=$L$1-5), CONCATENATE("Last 0% tax rate year ", O17),"") | Q71: =IF(P71=FALSE,F71,0) -> 0
A72: 97 | B72: =IF(C72=1,"",LOOKUP(C72,Cities!A$3:A$343,Cities!C$3:C$343)) | C72: =+C18 -> 1 | D72: =+D18 -> 0 | E72: =ROUND('Print Return'!$L$37*'Overflow (3)'!M18,0) -> 0 | I72: =IF(Data!D$33=TRUE,'Overflows Worksheet'!K110,'Overflows Worksheet'!T110) -> 0 | K72: =LOOKUP(C18,Cities!A$3:A$343,Cities!D$3:D$343) -> 0 | L72: =IF(AND(I72>0, OR(I72*K72>10,$L$1<2016)),ROUND(I72*K72,0),0) -> 0 | N72: =LOOKUP($C18,Cities!$A$3:$A$356,Cities!$V$3:$V$356) -> 0 | O72: =IF(AND(ISNUMBER($L$1)=TRUE,ISNUMBER(O18)=TRUE,O18>=$L$1-5), CONCATENATE("Last 0% tax rate year ", O18),"") | Q72: =IF(P72=FALSE,F72,0) -> 0
A73: 98 | B73: =IF(C73=1,"",LOOKUP(C73,Cities!A$3:A$343,Cities!C$3:C$343)) | C73: =+C19 -> 1 | D73: =+D19 -> 0 | E73: =ROUND('Print Return'!$L$37*'Overflow (3)'!M19,0) -> 0 | I73: =IF(Data!D$33=TRUE,'Overflows Worksheet'!K111,'Overflows Worksheet'!T111) -> 0 | K73: =LOOKUP(C19,Cities!A$3:A$343,Cities!D$3:D$343) -> 0 | L73: =IF(AND(I73>0, OR(I73*K73>10,$L$1<2016)),ROUND(I73*K73,0),0) -> 0 | N73: =LOOKUP($C19,Cities!$A$3:$A$356,Cities!$V$3:$V$356) -> 0 | O73: =IF(AND(ISNUMBER($L$1)=TRUE,ISNUMBER(O19)=TRUE,O19>=$L$1-5), CONCATENATE("Last 0% tax rate year ", O19),"") | Q73: =IF(P73=FALSE,F73,0) -> 0
A74: 99 | B74: =IF(C74=1,"",LOOKUP(C74,Cities!A$3:A$343,Cities!C$3:C$343)) | C74: =+C20 -> 1 | D74: =+D20 -> 0 | E74: =ROUND('Print Return'!$L$37*'Overflow (3)'!M20,0) -> 0 | I74: =IF(Data!D$33=TRUE,'Overflows Worksheet'!K112,'Overflows Worksheet'!T112) -> 0 | K74: =LOOKUP(C20,Cities!A$3:A$343,Cities!D$3:D$343) -> 0 | L74: =IF(AND(I74>0, OR(I74*K74>10,$L$1<2016)),ROUND(I74*K74,0),0) -> 0 | N74: =LOOKUP($C20,Cities!$A$3:$A$356,Cities!$V$3:$V$356) -> 0 | O74: =IF(AND(ISNUMBER($L$1)=TRUE,ISNUMBER(O20)=TRUE,O20>=$L$1-5), CONCATENATE("Last 0% tax rate year ", O20),"") | Q74: =IF(P74=FALSE,F74,0) -> 0
A75: 100 | B75: =IF(C75=1,"",LOOKUP(C75,Cities!A$3:A$343,Cities!C$3:C$343)) | C75: =+C21 -> 1 | D75: =+D21 -> 0 | E75: =ROUND('Print Return'!$L$37*'Overflow (3)'!M21,0) -> 0 | I75: =IF(Data!D$33=TRUE,'Overflows Worksheet'!K113,'Overflows Worksheet'!T113) -> 0 | K75: =LOOKUP(C21,Cities!A$3:A$343,Cities!D$3:D$343) -> 0 | L75: =IF(AND(I75>0, OR(I75*K75>10,$L$1<2016)),ROUND(I75*K75,0),0) -> 0 | N75: =LOOKUP($C21,Cities!$A$3:$A$356,Cities!$V$3:$V$356) -> 0 | O75: =IF(AND(ISNUMBER($L$1)=TRUE,ISNUMBER(O21)=TRUE,O21>=$L$1-5), CONCATENATE("Last 0% tax rate year ", O21),"") | Q75: =IF(P75=FALSE,F75,0) -> 0
A76: 101 | B76: =IF(C76=1,"",LOOKUP(C76,Cities!A$3:A$343,Cities!C$3:C$343)) | C76: =+C22 -> 1 | D76: =+D22 -> 0 | E76: =ROUND('Print Return'!$L$37*'Overflow (3)'!M22,0) -> 0 | I76: =IF(Data!D$33=TRUE,'Overflows Worksheet'!K114,'Overflows Worksheet'!T114) -> 0 | K76: =LOOKUP(C22,Cities!A$3:A$343,Cities!D$3:D$343) -> 0 | L76: =IF(AND(I76>0, OR(I76*K76>10,$L$1<2016)),ROUND(I76*K76,0),0) -> 0 | N76: =LOOKUP($C22,Cities!$A$3:$A$356,Cities!$V$3:$V$356) -> 0 | O76: =IF(AND(ISNUMBER($L$1)=TRUE,ISNUMBER(O22)=TRUE,O22>=$L$1-5), CONCATENATE("Last 0% tax rate year ", O22),"") | Q76: =IF(P76=FALSE,F76,0) -> 0
A77: 102 | B77: =IF(C77=1,"",LOOKUP(C77,Cities!A$3:A$343,Cities!C$3:C$343)) | C77: =+C23 -> 1 | D77: =+D23 -> 0 | E77: =ROUND('Print Return'!$L$37*'Overflow (3)'!M23,0) -> 0 | I77: =IF(Data!D$33=TRUE,'Overflows Worksheet'!K115,'Overflows Worksheet'!T115) -> 0 | K77: =LOOKUP(C23,Cities!A$3:A$343,Cities!D$3:D$343) -> 0 | L77: =IF(AND(I77>0, OR(I77*K77>10,$L$1<2016)),ROUND(I77*K77,0),0) -> 0 | N77: =LOOKUP($C23,Cities!$A$3:$A$356,Cities!$V$3:$V$356) -> 0 | O77: =IF(AND(ISNUMBER($L$1)=TRUE,ISNUMBER(O23)=TRUE,O23>=$L$1-5), CONCATENATE("Last 0% tax rate year ", O23),"") | Q77: =IF(P77=FALSE,F77,0) -> 0
... A110: 135 | B110: =IF(C110=1,"",LOOKUP(C110,Cities!A$3:A$343,Cities!C$3:C$343)) | C110: =+C56 -> 1 | D110: =+D56 -> 0 | E110: =ROUND('Print Return'!$L$37*'Overflow (3)'!M56,0) -> 0 | I110: =IF(Data!D$33=TRUE,'Overflows Worksheet'!K148,'Overflows Worksheet'!T148) -> 0 | K110: =LOOKUP(C56,Cities!A$3:A$343,Cities!D$3:D$343) -> 0 | L110: =IF(AND(I110>0, OR(I110*K110>10,$L$1<2016)),ROUND(I110*K110,0),0) -> 0 | N110: =LOOKUP($C56,Cities!$A$3:$A$356,Cities!$V$3:$V$356) -> 0 | O110: =IF(AND(ISNUMBER($L$1)=TRUE,ISNUMBER(O56)=TRUE,O56>=$L$1-5), CONCATENATE("Last 0% tax rate year ", O56),"") | Q110: =IF(P110=FALSE,F110,0) -> 0
B111: Totals (Max for Col F) | E111: =SUM(E66:E110) -> 0 | F111: =SUM(F66:F110) -> 0 | G111: =SUM(G66:G110) -> 0 | I111: =SUM(I66:I110) -> 0 | L111: =SUM(L66:L110) -> 0 | Q111: =SUM(Q66:Q110) -> 0

Sheet Overflow (4)
A1: Attachment to Form 27 | D1: Schedule Y (Expanded) | L1: =IF('Complete This Page'!G11="",YEAR('Complete This Page'!H11),'Complete This Page'!G11) -> 2018
A2: Regional Income Tax Agency | L2: =+'Complete This Page'!J1 -> NPAC v2018.0
A3: Name shown on return | K3: Identifying Number
B4: ='Complete This Page'!B3 -> 0 | K4: ='Complete This Page'!G3 -> 0
B6: Caution: This form does not adjust for tax rate changes that may have taken place during the tax year. | E6: Original Cost of All Property | G6: =IF(Overflow!G6="","",Overflow!G6) -> 0 | I6: Total Wages | K6: =IF(Overflow!K6="","",Overflow!K6) -> 0 | N6: =IF(G8>0,1,0) -> 0
E7: All Rents x8 | G7: =IF(Overflow!G7="","",Overflow!G7) -> 0 | N7: =IF(K6>0,1,0) -> 0
E8: Total Property Everywhere | G8: =SUM(G6:G7) -> 0 | I8: Total Receipts | K8: =IF(Overflow!K8="","",Overflow!K8) -> 0 | N8: =IF(K8>0,1,0) -> 0
N9: =SUM(N6:N8) -> 0
D10: City # | E10: Local Property Figures | I10: Local Wage Figures | K10: Local Rcpts Figures | M10: Avg
B11: Select Municipalities | C11: Index | E11: Org Cost | F11: Rents x8 | G11: Combined | H11: % | I11: Wages | J11: % | K11: Receipts | L11: %
A12: 136 | C12: 1 | D12: =LOOKUP(C12,Cities!A$3:A$343,Cities!B$3:B$343) -> 0 | E12: 0 | F12: 0 | G12: =+E12+F12 -> 0 | H12: =IF(G$8>0,ROUND(G12/G$8,6),"n/a") -> n/a | I12: 0 | J12: =IF(Overflow!K$6>0,ROUND(I12/Overflow!K$6,6),"n/a") -> n/a | K12: 0 | L12: =IF(Overflow!K$8>0,ROUND(K12/Overflow!K$8,6),"n/a") -> n/a | M12: =IF(Overflow!G$8+Overflow!K$6+Overflow!K$8=0,0,ROUND((IF(H12="n/a",0,H12)+IF(J12="n/a",0,J12)+IF(L12="n/a",0,L12))/N$9,6)) -> 0 | O12: =LOOKUP(C12,Cities!A$3:A$343,Cities!AA$3:AA$343) -> 0
